Workbook
Name Afectación_Económica: #REF!
Name Afectación_Económica: #REF!
Name Definicion_tratamiento: #REF!
Name Definicion_tratamiento: #REF!
Name Ejecución_administración_de_procesos: #REF!
Name Fiscal_A: #REF!
Name Fiscal_A: #REF!
Name Fiscal_B: #REF!
Name Fiscal_B: #REF!
Name Gestiòn: #REF!
Name Gestiòn: #REF!
Name Gestión_A: #REF!
Name Gestión_A: #REF!
Name Gestión_B: #REF!
Name Gestión_B: #REF!
Name IMPACTO_PROCESOS: #REF!
Name IMPACTO_PROCESOS: #REF!
Name IMPACTO_PROCESOS: #REF!
Name IMPACTO_PROCESOS: #REF!
Name IntegridadPública_Corrupción: #REF!
Name IntegridadPública_Corrupción: #REF!
Name IntegridadPública_LA_FT_FP: #REF!
Name IntegridadPública_LA_FT_FP: #REF!
Name opciones: #REF!
Name opciones: #REF!
Name opciones: #REF!
Name opciones: #REF!
Name opciones2: #REF!
Name opciones2: #REF!
Name opciones2: #REF!
Name opciones2: #REF!
Name Plan_accion: #REF!
Name Plan_accion: #REF!
Name Plan_acción: #REF!
Name Plan_acción: #REF!
Name Plan_de_acción: #REF!
Name Plan_de_acción: #REF!
Name Posibilidad__de_efecto_dañoso_sobre_el_interes_patrimonial: #REF!
Name Posibilidad__de_efecto_dañoso_sobre_el_interes_patrimonial: #REF!
Name Posibilidad_de_pérdida_Económica: #REF!
Name Posibilidad_de_pérdida_Económica: #REF!
Name Proceso: #REF!
Name Quince_Cero: #REF!
Name Quince_Cero: #REF!
Name Quince_Cero: #REF!
Name Quince_Cero: #REF!
Name Rango_Calificacion_Ejecucion: #REF!
Name Rango_Calificacion_Ejecucion: #REF!
Name Rango_Calificacion_Ejecucion: #REF!
Name Rango_Calificacion_Ejecucion: #REF!
Name Reducir_mitigar_Transferir_Evitar: #REF!
Name Reducir_mitigar_Transferir_Evitar: #REF!
Name Reputacional: #REF!
Name Reputacional: #REF!
Name Requiere_Plan_de_Acción: #REF!
Name Requiere_Plan_de_Acción: #REF!
Name Seg.Información: #REF!
Name Seg.Información: #REF!
Name TIPO: #REF!
Name TIPO: #REF!

Sheet 1. ESTABLECIMIENTO CONTEXTO 
B1: MAPA DE RIESGOS DE PROCESO | L1: CÓDIGO: F-GM-29
L2: VERSIÓN: 05
L3: FECHA: 30/03/2022
L4: PÁGINA: 1 de 3
A6: 4.2.1. ESTABLECIMIENTO DEL CONTEXTO
A9: PROCESO: | D9: Gestión del Talento Humano
A10: FECHA DE ELABORACIÓN O ACTUALIZACIÓN: | E10: Diciembre de 2021
A11: RESPONSABLE (s) DE ELABORACIÓN O ACTUALIZACIÓN | F11: Profesional Líder de Talento Humano
A14: Factor: Externo/Interno/Proceso | D14: Variable | G14: ¿Cómo me puede afectar?
G15: CARÁCTER: Positivo/negativo | I15: Breve análisis
A16: Factor Interno | C16: Factor Externo | D16: Asignación de Recursos | G16: NEGATIVO | H16: POSITIVO | I16: Porque limita la gestión del ciclo de talento humano cuando los recursos no son oportunos en el tiempo de entrega para poder cumplir con las actividades. Lo anterior debido a que se disminuyeron las transferencias de la alcaldia de medellín al instituto.
A17: Factor Interno | C17: Factor Interno | D17: Poca capacidad operativa para adaptar el cambio de normatividad al contexto interno | G17: NEGATIVO | H17: NEGATIVO | I17: Podría llevar al incumplimiento de la misma norma por falta de capacidad operativa para ejecutarla y por el desconocimiento de la misma
A18: Factor Externo | C18: Factor de proceso | D18: Articulación interinstitucional | G18: POSITIVO | I18: Permite el fortalecimiento de las relaciones insterinstitucionales lo que conlleva al aprovechamiento de recursos a traves de la fijación de convenios, alianzas, e integraciones. Permite tambien la artiulacion en temas relacionados con directrices normativas.
A19: Factor Externo | D19: Situaciones coyunturales (situaciones orden publico - situaciones de salud pública ) | G19: NEGATIVO | I19: Teniendo en cuenta la capacidad operativa del Instituto la cual se apoya mayormente en personal técnico que realiza labores de campo y trabajo con la comunidad, es altamente probable que se presenten afectaciones a la integridad de los servidores del instituto debido a cuestiones de salud y orden público, teniendo en cuenta el proyecto actual del traslado a la nueva sede, es relevante mencionar que la ubicación de dicha sede incrementa la exposición a las alteraciones de orden publico.
A20: Factor Externo | D20: Lineamiento estratégico nivel central | G20: POSITIVO | I20: Es una guia para planificar la gestión del ciclo de talento humano al interior del instituto, debido que permite la identificacion de puntos o competencias claves que deberian ser atendidas desde el plan estrategico de talento humano.
A21: Factor Interno | D21: Alta carga laboral | G21: NEGATIVO | I21: Debido a la configuracion actual de la estructura organizacional se identifican algunos cargos criticos con altas cargas laborales debido a la asignación de funciones que tienen, lo cual conlleva a la generación de reprocesos, restraso o inoportunidad y el no cumplimiento de metas.
A22: Factor Interno | D22: Trabajo en equipo Talento Humano | G22: POSITIVO | I22: El equipo de 5 personas que ejecutan las actividades del proceso actúan de forma proactiva y articulada, facilitando la consecución de objetivos.
A23: Factor Interno | D23: Ambiente de Trabajo | G23: NEGATIVO | I23: No se cuenta con las condiciones físicas, tecnológicas y de clima laboral que propicien un ambiente sano y armónico para la ejecución de actividades asignadas a los servidores publicos.
A24: Factor Interno | D24: Estilo de Liderazgo | G24: POSITIVO | I24: En términos generales se cuenta con un estilo de liderazgo en el instituto que respalda las estrategias enfocadas al talento humano.
A25: Factor Interno | D25: Capacitación | G25: POSITIVO | I25: Existe un plan institucional de capacitacion el cual esta alineado con la gestión estrategica del talento humano.
A26: Factor Interno | D26: Entrenamiento | G26: NEGATIVO | I26: Actualmente no se cuenta con planes de entrenamiento definidos para los puestos de trabajo, lo que conlleva a un restraso en el proceso de incorporación del funcionario al puesto de trabajo.
A27: Factor Interno | D27: Herramientas Tecnológicas (software y hardware) | G27: NEGATIVO | I27: La ausencia de las mismas no permite la generación de información de forma oportuna, verídica, segura y eficiente.
A28: Factor Externo | D28: Cambio de administración | G28: NEGATIVO | I28: Afecta la continuidad de los procesos propios de talento humano
A29: Factor Interno | D29: Cultura Organizacional | G29: NEGATIVO | I29: Debilidad en la consolidación de un identidad organizacional, debido a la alta rotación de personal de libre nombramiento y remoción y personal contratista que en su mayoría es el que soporta las actividades del instituto.
A30: Factor Interno | D30: Sistema de Bienestar | G30: POSITIVO | I30: En términos generales se cuenta con un plan y recursos para temas de bienestar de los funcionarios del instituto.
... A32: Factor Interno | D32: Trabajo colaborativo al interior de la subdirección | G32: POSITIVO | I32: Permite trabajo articulado, fluidez en el cumplimiento de obligaciones.

Sheet 2. MATRIZ DE RIESGOS
D1: MAPA DE RIESGOS DE PROCESO | AG1: CÓDIGO: F-GM-29
AG2: VERSIÓN: 05
AG3: FECHA: 30/03/2022
AG4: PÁGINA: 3 de 3
A6: PROCESO: | D6: Gestión del Talento Humano | F6: FECHA DE ELABORACIÓN O ACTUALIZACIÓN: | H6: Actualizada abril de 2026
F7: RESPONSABLE (s) DE ELABORACIÓN O ACTUALIZACIÓN | H7: Profesional Líder de Talento Humano
A8: OBJETIVO: | D8: Administrar el talento humano de planta, garantizando que el personal cuente con la idoneidad necesaria para cumplir con la estrategia Institucional.
A9: ALCANCE: | D9: Desde la selección del personal de planta hasta la desvinculación del mismo.
A11: 4.2. IDENTIFICACION DEL RIESGO | J11: 4.3. EVALUACIÓN DEL RIESGO | AI11: 4.4. TRATAMIENTO DEL RIESGO | AK11: SEGUIMIENTO TRIMESTRE 1 DE 2026 | AL11: RELACIÓN DE EVIDENCIAS IMPORTANTE:- RELACIONAR LOS ENLACES SOBRE MATERIALIZACION DE RIESGOS Y SOBRE APLICACIÓN DE CONTROLES -LAS EVIDENCIAS SOBRE APLICACIÓN DE CONTROLES SON LAS QUE SE ENCUENTRAN EN LA COLUMNA X - RELACIONARLAS UNA A UNA CON EL ENLACE CORRESPONDIENTE. | AM11: SEGUIMIENTO TRIMESTRE 2 DE 2026 | AN11: RELACIÓN DE EVIDENCIAS IMPORTANTE:- RELACIONAR LOS ENLACES SOBRE MATERIALIZACION DE RIESGOS Y SOBRE APLICACIÓN DE CONTROLES -LAS EVIDENCIAS SOBRE APLICACIÓN DE CONTROLES SON LAS QUE SE ENCUENTRAN EN LA COLUMNA X - RELACIONARLAS UNA A UNA CON EL ENLACE CORRESPONDIENTE. | AO11: SEGUIMIENTO TRIMESTRE 3 DE 2026 | AP11: RELACIÓN DE EVIDENCIAS IMPORTANTE:- RELACIONAR LOS ENLACES SOBRE MATERIALIZACION DE RIESGOS Y SOBRE APLICACIÓN DE CONTROLES -LAS EVIDENCIAS SOBRE APLICACIÓN DE CONTROLES SON LAS QUE SE ENCUENTRAN EN LA COLUMNA X - RELACIONARLAS UNA A UNA CON EL ENLACE CORRESPONDIENTE. | AQ11: SEGUIMIENTO TRIMESTRE 4 DE 2026 | AR11: RELACIÓN DE EVIDENCIAS IMPORTANTE:- RELACIONAR LOS ENLACES SOBRE MATERIALIZACION DE RIESGOS Y SOBRE APLICACIÓN DE CONTROLES -LAS EVIDENCIAS SOBRE APLICACIÓN DE CONTROLES SON LAS QUE SE ENCUENTRAN EN LA COLUMNA X - RELACIONARLAS UNA A UNA CON EL ENLACE CORRESPONDIENTE.
A12: Referencia | B12: Objetivo | C12: Temática / Linea de Acción | D12: 1. QUE? | E12: 2. COMO SE REFLEJA? | F12: 3. POR QUE? (Evento Potencial Principal) | G12: Descripción del Riesgo (1+2+3) | H12: Causa (Evento Potencial Intermedio) | I12: Clasificación del Riesgo | J12: EVALUACION DE RIESGO INHERENTE | O12: VALORACION DE CONTROLES | AD12: EVALUACION DEL RIESGO RESIDUAL | AI12: Tratamiento | AJ12: FORMULAR ACCIONES ESPECIFICAS
J13: Probabilidad Inherente | K13: % | L13: Impacto Inherente | M13: % | N13: Zona de Riesgo Inherente | O13: No. Control | P13: Descripción del Control (Medida Actual) | Q13: Afectación | R13: Atributos | Y13: Probabilidad Residual | Z13: Probabilidad Residual | AA13: % | AB13: Impacto Residual | AC13: % | AD13: Probabilidad Residual Final | AE13: % | AF13: Impacto Residual Final | AG13: % | AH13: Zona de Riesgo Final | AJ13: VER ACCION #
R14: Tipo | S14: Implementación | T14: Calificación | U14: Documentación | V14: Frecuencia | W14: Evidencia | X14: Nombre de la evidencia
A15: GH8 | B15: Lograr la vinculación de personal con relación a la planta requerida según estudio técnico de rediseño institucional vigente. (Se relaciona con evento potencial intermedio 5). Garantizar que el 100% de funcionarios vinculados cumplan con el perfil del cargo en cuanto a formación y experiencia. (Se relaciona con evento potencial intermedio 1). Lograr el cumplimiento del 90% de las actividades programadas en el Plan Institucional de Capacitación de la entidad en cada vigencia. (Se relaciona con evento potencial intermedio 3). Garantizar que el 100% del personal vinculado cuente con la eváluación de desempeño semestral y que la misma tenga una calificación igual o superior al 80%. Lograr un cumplimiento del 90% en las actividades programadas del Plan de Bienestar Laboral. Mantener un resultado de encuesta de clima laboral igual o superior al 80% cada 2 años. | C15: Desempeño del personal | D15: Posibilidad de afectación económica y reputacional del Instituto | E15: por mal desempeño institucional derivado del incumplimiento de objetivos y metas relacionados con el Plan de Desarrollo Municipal a cargo del Instituto y con la planeación estratégica | F15: debido a un deficiente desempeño del personal que desarrolla los procesos de la entidad. | G15: Posibilidad de afectación económica y reputacional del Instituto por mal desempeño institucional derivado del incumplimiento de objetivos y metas relacionados con el Plan de Desarrollo Municipal a cargo del Instituto y con la planeación estratégica institucional. Lo anterior, debido a un deficiente desempeño del personal que desarrolla los procesos de la entidad. | H15: 1. Nombramiento de personal de planta en provisionalidad sin la idoneidad y competencias requeridas | I15: Gestión | J15: Media | K15: =IF(J15="","",IF(J15="Muy Baja",0.2,IF(J15="Baja",0.4,IF(J15="Media",0.6,IF(J15="Alta",0.8,IF(J15="Muy Alta",1,)))))) -> 0.6 | L15: Mayor | M15: =IF(L15="","",IF(L15="Leve",0.2,IF(L15="Menor",0.4,IF(L15="Moderado",0.6,IF(L15="Mayor",0.8,IF(L15="Catastrófico",1,)))))) -> 0.8 | N15: =IF(OR(AND(J15="Muy Baja",L15="Leve"),AND(J15="Muy Baja",L15="Menor"),AND(J15="Baja",L15="Leve")),"Bajo",IF(OR(AND(J15="Muy Baja",L15="Moderado"),AND(J15="Baja",L15="Menor"),AND(J15="Baja",L15="Moderado"),AND(J15="Media",L15="Leve"),AND(J15="Media",L15="Menor"),AND(J15="Media",L15="Moderado"),AND(J15="Alta",L15="Leve"),AND(J15="Alta",L15="Menor")),"Moderado",IF(OR(AND(J15="Muy Baja",L15="Mayor"),AND(J15="Baja",L15="Mayor"),AND(J15="Media",L15="Mayor"),AND(J15="Alta",L15="Moderado"),AND(J15="Alta",L15="Mayor"),AND(J15="Muy Alta",L15="Leve"),AND(J15="Muy Alta",L15="Menor"),AND(J15="Muy Alta",L15="Moderado"),AND(J15="Muy Alta",L15="Mayor")),"Alto",IF(OR(AND(J15="Muy Baja",L15="Catastrófico"),AND(J15="Baja",L15="Catastrófico"),AND(J15="Media",L15="Catastrófico"),AND(J15="Alta",L15="Catastrófico"),AND(J15="Muy Alta",L15="Catastrófico")),"Extremo","")))) -> Alto | O15: 1 | P15: El profesional Líder de Talento Humano verifica los requisitos del perfil del cargo que permitan garantizar el cumplimiento de la idoneidad y competencia requerida para la incorporación de personal de planta en provisionalidad y libre nombramiento y remoción, para lo cual utiliza una lista de chequeo de cumplimiento de perfil. | Q15: =IF(OR(R15="Preventivo",R15="Detectivo"),"Probabilidad",IF(R15="Correctivo","Impacto","")) -> Probabilidad | R15: Preventivo | S15: Manual | T15: =IF(AND(R15="Preventivo",S15="Automático"),"50%",IF(AND(R15="Preventivo",S15="Manual"),"40%",IF(AND(R15="Detectivo",S15="Automático"),"40%",IF(AND(R15="Detectivo",S15="Manual"),"30%",IF(AND(R15="Correctivo",S15="Automático"),"35%",IF(AND(R15="Correctivo",S15="Manual"),"25%","")))))) -> 40% | U15: Documentado | V15: Aleatoria | W15: Con Registro | X15: Lista de chequeo de cumplimiento de perfil (Personal de planta en provisionalidad). F-GH-74 verificación de cumplimiento de requisitos | Y15: =IFERROR(IF(Q15="Probabilidad",(K15-(+K15*T15)),IF(Q15="Impacto",K15,"")),"") -> 0.36 | Z15: =IFERROR(IF(Y15="","",IF(Y15<=0.2,"Muy Baja",IF(Y15<=0.4,"Baja",IF(Y15<=0.6,"Media",IF(Y15<=0.8,"Alta","Muy Alta"))))),"") -> Baja | AA15: =+Y15 -> 0.36 | AB15: =IFERROR(IF(AC15="","",IF(AC15<=0.2,"Leve",IF(AC15<=0.4,"Menor",IF(AC15<=0.6,"Moderado",IF(AC15<=0.8,"Mayor","Catastrófico"))))),"") -> Mayor | AC15: =IFERROR(IF(Q15="Impacto",(M15-(+M15*T15)),IF(Q15="Probabilidad",M15,"")),"") -> 0.8 | AD15: =IFERROR(IF(AE15=0,"",IF(AND(AE15>0,AE15<=0.2),"Muy Baja",IF(AE15<=0.4,"Baja",IF(AE15<=0.6,"Media",IF(AE15<=0.8,"Alta","Muy Alta"))))),"") -> Baja | AE15: =MIN(Y15:Y18) -> 0.216 | AF15: =IFERROR(IF(AG15=0,"",IF(AND(AG15>0,AG15<=0.2),"Leve",IF(AG15<=0.4,"Menor",IF(AG15<=0.6,"Moderado",IF(AG15<=0.8,"Mayor","Catastrófico"))))),"") -> Moderado | AG15: =MIN(AC15:AC18) -> 0.6 | AH15: =IFERROR(IF(OR(AND(AD15="Muy Baja",AF15="Leve"),AND(AD15="Muy Baja",AF15="Menor"),AND(AD15="Baja",AF15="Leve")),"Bajo",IF(OR(AND(AD15="Muy Baja",AF15="Moderado"),AND(AD15="Baja",AF15="Menor"),AND(AD15="Baja",AF15="Moderado"),AND(AD15="Media",AF15="Leve"),AND(AD15="Media",AF15="Menor"),AND(AD15="Media",AF15="Moderado"),AND(AD15="Alta",AF15="Leve"),AND(AD15="Alta",AF15="Menor")),"Moderado",IF(OR(AND(AD15="Muy Baja",AF15="Mayor"),AND(AD15="Baja",AF15="Mayor"),AND(AD15="Media",AF15="Mayor"),AND(AD15="Alta",AF15="Moderado"),AND(AD15="Alta",AF15="Mayor"),AND(AD15="Muy Alta",AF15="Leve"),AND(AD15="Muy Alta",AF15="Menor"),AND(AD15="Muy Alta",AF15="Moderado"),AND(AD15="Muy Alta",AF15="Mayor")),"Alto",IF(OR(AND(AD15="Muy Baja",AF15="Catastrófico"),AND(AD15="Baja",AF15="Catastrófico"),AND(AD15="Media",AF15="Catastrófico"),AND(AD15="Alta",AF15="Catastrófico"),AND(AD15="Muy Alta",AF15="Catastrófico")),"Extremo","")))),"") -> Moderado | AI15: Reducir (mitigar) | AK15: El riesgo y sus causas continuan vigentes de acuerdo al contexto? (Ver Columnas F y H): El riesgo y las causas continúan vigentes de acuerdo al contexto interno y externo Se materializó el Riesgo? (Evento Potencial Principal. Columna F): Durante el primer trimestre el riesgo no se ha materializado, debido a que las Evaluaciones de Desempeño y de Acuerdos de Gestión Gerentes Públicos han sido satisfactorias. Se materializaron las causas? (Eventos Potenciales Intermedios. Columna H): Causa 1: Materializada. Durante el primer trimestre del año 2026, hubo las siguienets contrataciones: Catalina Vasquez Restrepo- Control Interno, Claudia Victoria Gomez Toro - Tesoreria, Oscar Andres Cardona Cadavid - Dirección Causa 3. No materializado. Para el cargo vinculado no se ha realizado el entrenamiento requerido de acuerdo al procedimiento establecido. Causa 4. No Materializada. Se está desarrollando en el marco de la política de Gestión del conocimiento y la innovación actividades orientadas a gestionar la fuga de conocimiento las cuales se encuentran establecidas en el plan táctico de la Subdirección Administrativa y Financiera. Fecha límite: diciembre de 2025. Causa 5. Materializado. El estudio técnico de planta de personal realizado en el 2020 con vigencia hasta el 2022 se encuentra vencido. No es posible gestionar un nuevo estudio toda vez que el Instituto se encuentra inmerso en el proceso de selección Antioquia 3 el cual limita la modificación de la estructura de la planta. Los Controles están bien diseñados, se aplican conforme al diseño y son efectivos? (Ver controles en la columna P / Concluir frente a cada control) Control 1. Esta diseñado adecuadamente.y se realizo de acuerdo a lo establecido en el formato F-GH-74 - VERIFICACION DE CUMPLIMIENTO DE REQUISITOS Control 3. El control se encuentra bien diseñado, una vez se realice la traducción del lenguaje claro al instructivo de entrenamiento se procederá a realizarlo. Control 4. En el plan de trabajo de política del conocimiento ya se incluyeron actividades relacionadas con la mitigacion de fuga de conocimiento explícito y tácito (ver plan de trabajo GESCO). Control 5. No es posible implementar un control por las razones expuestas en la causa 5. Control 7. El control está bien diseñado y no ha sido necesaria su aplicación toda vez que las evaluaciones de desempeño de personal vinculado y las evaluaciones de acuerdo de gestión de los gerentes públicos con corte a junio 30 de 2025 fueron satisfactorias. Acciones derivadas de materialización de eventos / fortalecimiento de controles: Ver acciones en los subtítulos anteriores. Que acciones propones o se están llevando a cabo para gestionar los riesgos y las causas que se materializaron? (Si no aplica colocar NA). Se realizará validación con el funcionario para identificar en cuales temas ha recibido entrenamiento. Que acciones propones o se están llevando a cabo para fortalecer los controles? En caso de que tengas acciones por ejecutar en la columna AJ también concluir frente a su estado): N/A | AL15: Lista de chequeo de cumplimiento de perfil (personal de Planta en provisionalidad) - Documentos SIFI Link a plan táctico de la Subdirección Administrativa y Financiero. Actividades mitigación fuga de conocimiento. https://isvimedgovco.sharepoint.com/:x:/s/1Admin_Y_Financiera/EbghkMMy2UJNhxVzUoYxFPABDIeaHYqSYjTzF4U8TjbdAw?e=MLv0Wv Evaluaciones de desempeño de personal vinculado y evaluación de acuerdos de gestión gerentes publicos corte junio 30 de 2025: https://isvimedgovco.sharepoint.com/sites/Admin_Y_Financiera-09.TalentoHumano/Documentos%20compartidos/Forms/AllItems.aspx?id=%2Fsites%2FAdmin%5FY%5FFinanciera%2D09%2ETalentoHumano%2FDocumentos%20compartidos%2F09%2ETalento%20Humano%2FEVALUACIONES%20DE%20DESEMPE%C3%91O&viewid=2dd00e51%2Dd816%2D465c%2Db07a%2Dac38ca92939f&p=true | AM15: Se materializó el Riesgo? (Ver evento potencial principal en Columna F. Relacionar detalles de la materialización - que, como, cuando, donde): Durante el segundo trimestre el riesgo no se ha materializado, debido a que en este periodo no se ha realizado Evaluaciones de Desempeño. Los Controles están bien diseñados, se aplican de acuerdo al diseño y son efectivos? (Ver controles en la columna P / Concluir frente a cada control) Control 1. Esta diseñado adecuadamente y se realizo de acuerdo a lo establecido en el formato F-GH-74 - VERIFICACION DE CUMPLIMIENTO DE REQUISITOS Control 3. El control se encuentra bien diseñado, una vez se realice la traducción del lenguaje claro al instructivo de entrenamiento se procederá a realizarlo. Control 4. En el plan de trabajo de política del conocimiento ya se incluyeron actividades relacionadas con la mitigacion de fuga de conocimiento explícito y tácito (ver plan de trabajo GESCO). Control 5. No es posible implementar un control por las razones expuestas en la causa 5. Control 7. El control está bien diseñado y no ha sido necesaria su aplicación toda vez que las evaluaciones de desempeño de personal vinculado y las evaluaciones de acuerdo de gestión de los gerentes públicos con corte a junio 30 de 2025 fueron satisfactorias. Que acciones propones o se están llevando a cabo para gestionar el riesgo que se materializó? (Si no aplica colocar N/A) N/A Que acciones propones o se están llevando a cabo para fortalecer los controles? (En el caso de que tener Acciones de mejora / Acciones correctivas en proceso, relacionar el avance. Si tienes acciones específicas a desarrollar en la columna AJ, también relacionar el avance) N/A | AN15: Lista de chequeo de cumplimiento de perfil (personal de Planta en provisionalidad) - Documentos SIFI Link a plan táctico de la Subdirección Administrativa y Financiero. Actividades mitigación fuga de conocimiento. https://isvimedgovco.sharepoint.com/:x:/s/1Admin_Y_Financiera/EbghkMMy2UJNhxVzUoYxFPABDIeaHYqSYjTzF4U8TjbdAw?e=MLv0Wv Evaluaciones de desempeño de personal vinculado y evaluación de acuerdos de gestión gerentes publicos corte junio 30 de 2025: https://isvimedgovco.sharepoint.com/sites/Admin_Y_Financiera-09.TalentoHumano/Documentos%20compartidos/Forms/AllItems.aspx?id=%2Fsites%2FAdmin%5FY%5FFinanciera%2D09%2ETalentoHumano%2FDocumentos%20compartidos%2F09%2ETalento%20Humano%2FEVALUACIONES%20DE%20DESEMPE%C3%91O&viewid=2dd00e51%2Dd816%2D465c%2Db07a%2Dac38ca92939f&p=true | AO15: Se materializó el Riesgo? (Ver evento potencial principal en Columna F. Relacionar detalles de la materialización - que, como, cuando, donde): Los Controles están bien diseñados, se aplican de acuerdo al diseño y son efectivos? (Ver controles en la columna P / Concluir frente a cada control) Que acciones propones o se están llevando a cabo para gestionar el riesgo que se materializó? (Si no aplica colocar N/A) Que acciones propones o se están llevando a cabo para fortalecer los controles? (En el caso de que tener Acciones de mejora / Acciones correctivas en proceso, relacionar el avance. Si tienes acciones específicas a desarrollar en la columna AJ, también relacionar el avance) | AQ15: Se materializó el Riesgo? (Ver evento potencial principal en Columna F. Relacionar detalles de la materialización - que, como, cuando, donde): Los Controles están bien diseñados, se aplican de acuerdo al diseño y son efectivos? (Ver controles en la columna P / Concluir frente a cada control) Que acciones propones o se están llevando a cabo para gestionar el riesgo que se materializó? (Si no aplica colocar N/A) Que acciones propones o se están llevando a cabo para fortalecer los controles? (En el caso de que tener Acciones de mejora / Acciones correctivas en proceso, relacionar el avance. Si tienes acciones específicas a desarrollar en la columna AJ, también relacionar el avance)
B16: Lograr la vinculación de personal con relación a la planta requerida según estudio técnico de rediseño institucional vigente. | H16: 3. No se proporciona el entrenamiento necesario al personal. | O16: 3 | P16: La Subdirección Administrativa y financiera definen el plan de entrenamiento por nivel jerárquico en observancia de lo establecido en el procedimiento P-GH-10. El profesional Líder de Talento Humano verifica que los funcionarios en entrenamiento, realicen todas las formaciones establecidas en el registro de Plan de entrenamiento. Este registro debe contar con la firma de los responsables de los entrenamientos, el jefe respectivo, el líder de programa o líder de proceso y la suya. Adicionalmente, El profesional de gestión de talento humano realiza proceso de inducción y reinducción al personal de la entidad de acuerdo al volumen de ingresos de personal, para lo cual se aplica lo establecido en el procedimiento de inducción y reinducción. El profesional de gestión de talento humano evalúa el contenido de la inducción y reinducción mediante taller evaluativo. | Q16: =IF(OR(R16="Preventivo",R16="Detectivo"),"Probabilidad",IF(R16="Correctivo","Impacto","")) -> Probabilidad | R16: Preventivo | S16: Manual | T16: =IF(AND(R16="Preventivo",S16="Automático"),"50%",IF(AND(R16="Preventivo",S16="Manual"),"40%",IF(AND(R16="Detectivo",S16="Automático"),"40%",IF(AND(R16="Detectivo",S16="Manual"),"30%",IF(AND(R16="Correctivo",S16="Automático"),"35%",IF(AND(R16="Correctivo",S16="Manual"),"25%","")))))) -> 40% | U16: Documentado | V16: Aleatoria | W16: Con Registro | X16: Formato Plan de Entrenamiento diligenciado Ayudas Audiovisuales para la Inducción y reinducción Institucional. Registros de Asistencia. Registros deTaller evaluativo de inducción y reinducción. | Y16: =IFERROR(IF(AND(Q15="Probabilidad",Q16="Probabilidad"),(AA15-(+AA15*T16)),IF(Q16="Probabilidad",(K15-(+K15*T16)),IF(Q16="Impacto",AA15,""))),"") -> 0.216 | Z16: =IFERROR(IF(Y16="","",IF(Y16<=0.2,"Muy Baja",IF(Y16<=0.4,"Baja",IF(Y16<=0.6,"Media",IF(Y16<=0.8,"Alta","Muy Alta"))))),"") -> Baja | AA16: =+Y16 -> 0.216 | AB16: =IFERROR(IF(AC16="","",IF(AC16<=0.2,"Leve",IF(AC16<=0.4,"Menor",IF(AC16<=0.6,"Moderado",IF(AC16<=0.8,"Mayor","Catastrófico"))))),"") -> Mayor | AC16: =IFERROR(IF(AND(Q15="Impacto",Q16="Impacto"),(AC15-(+AC15*T16)),IF(Q16="Impacto",($N$15-(+$N$15*T16)),IF(Q16="Probabilidad",AC15,""))),"") -> 0.8
H17: 5. No se cuenta con una estructura organizacional adecuada que soporte el desarrollo de los procesos. | O17: 5 | P17: No existe medida actual | Q17: =IF(OR(R17="Preventivo",R17="Detectivo"),"Probabilidad",IF(R17="Correctivo","Impacto","")) | R17: N/A | S17: N/A | T17: =IF(AND(R17="Preventivo",S17="Automático"),"50%",IF(AND(R17="Preventivo",S17="Manual"),"40%",IF(AND(R17="Detectivo",S17="Automático"),"40%",IF(AND(R17="Detectivo",S17="Manual"),"30%",IF(AND(R17="Correctivo",S17="Automático"),"35%",IF(AND(R17="Correctivo",S17="Manual"),"25%","")))))) | U17: N/A | V17: N/A | W17: N/A | X17: N/A | Y17: =IFERROR(IF(AND(Q16="Probabilidad",Q17="Probabilidad"),(AA16-(+AA16*T17)),IF(AND(Q16="Impacto",Q17="Probabilidad"),(AA15-(+AA15*T17)),IF(Q17="",AA16,""))),"") -> 0.216 | Z17: =IFERROR(IF(Y17="","",IF(Y17<=0.2,"Muy Baja",IF(Y17<=0.4,"Baja",IF(Y17<=0.6,"Media",IF(Y17<=0.8,"Alta","Muy Alta"))))),"") -> Baja | AA17: =+Y17 -> 0.216 | AB17: =IFERROR(IF(AC17="","",IF(AC17<=0.2,"Leve",IF(AC17<=0.4,"Menor",IF(AC17<=0.6,"Moderado",IF(AC17<=0.8,"Mayor","Catastrófico"))))),"") -> Mayor | AC17: =IFERROR(IF(AND(Q16="Impacto",Q17="Impacto"),(AC16-(+AC16*T17)),IF(AND(Q16="Probabilidad",Q17="Impacto"),(AC15-(+AC15*T17)),IF(Q17="",AC16,""))),"") -> 0.8
O18: 7 | P18: En caso de incumplimiento de los objetivos formulados y concertados en la Evaluación de Desempeño para la vigencia actual, se concerta un plan de mejoramiento entre evaluador y evaluado, que debe ser revisado en el seguimiento próximo y al cierre de la evaluación de desempeño para la vigencia. | Q18: =IF(OR(R18="Preventivo",R18="Detectivo"),"Probabilidad",IF(R18="Correctivo","Impacto","")) -> Impacto | R18: Correctivo | S18: Manual | T18: =IF(AND(R18="Preventivo",S18="Automático"),"50%",IF(AND(R18="Preventivo",S18="Manual"),"40%",IF(AND(R18="Detectivo",S18="Automático"),"40%",IF(AND(R18="Detectivo",S18="Manual"),"30%",IF(AND(R18="Correctivo",S18="Automático"),"35%",IF(AND(R18="Correctivo",S18="Manual"),"25%","")))))) -> 25% | U18: Sin Documentar | V18: Aleatoria | W18: Con Registro | X18: Evaluación de desempeño | Y18: =IFERROR(IF(AND(Q17="Probabilidad",Q18="Probabilidad"),(AA17-(+AA17*T18)),IF(AND(Q17="Impacto",Q18="Probabilidad"),(AA16-(+AA16*T18)),IF(Q18="Impacto",AA17,""))),"") -> 0.216 | Z18: =IFERROR(IF(Y18="","",IF(Y18<=0.2,"Muy Baja",IF(Y18<=0.4,"Baja",IF(Y18<=0.6,"Media",IF(Y18<=0.8,"Alta","Muy Alta"))))),"") -> Baja | AA18: =+Y18 -> 0.216 | AB18: =IFERROR(IF(AC18="","",IF(AC18<=0.2,"Leve",IF(AC18<=0.4,"Menor",IF(AC18<=0.6,"Moderado",IF(AC18<=0.8,"Mayor","Catastrófico"))))),"") -> Moderado | AC18: =IFERROR(IF(AND(Q17="Impacto",Q18="Impacto"),(AC17-(+AC17*T18)),IF(AND(Q17="",Q18="Impacto"),(AC16-(+AC16*T18)),IF(Q18="Probabilidad",AC17,""))),"") -> 0.6
A19: GH9 | B19: Lograr el 95% de cumplimiento de los estándares mínimos del Sistema de Seguridad y Salud en el Trabajo aplicables al Isvimed, en cada vigencia. | C19: Requerimientos normativos y/o de informes de Ley relacionados con el proceso de gestión humana y con el SG-SST. | D19: Posibilidad de afectación económica del Instituto | E19: por multas y sanciones aplicadas por los entes de control | F19: debido al incumplimiento de requerimientos normativos y/o de informes de Ley relacionados con el proceso de gestión humana y con el SG-SST. | G19: Posibilidad de afectación económica del Instituto por multas y sanciones aplicadas por los entes de control debido al incumplimiento de requerimientos normativos y/o de informes de Ley relacionados con el proceso de gestión humana y con el SG-SST. | H19: 1. Desconocimiento de la normatividad aplicable al proceso. 1.1. Inexistencia o desactualización del normograma (gestión humana, nomina y prestaciones sociales, SG-SST) | I19: Fiscal | J19: Alta | K19: =IF(J19="","",IF(J19="Muy Baja",0.2,IF(J19="Baja",0.4,IF(J19="Media",0.6,IF(J19="Alta",0.8,IF(J19="Muy Alta",1,)))))) -> 0.8 | L19: Menor | M19: =IF(L19="","",IF(L19="Leve",0.2,IF(L19="Menor",0.4,IF(L19="Moderado",0.6,IF(L19="Mayor",0.8,IF(L19="Catastrófico",1,)))))) -> 0.4 | N19: =IF(OR(AND(J19="Muy Baja",L19="Leve"),AND(J19="Muy Baja",L19="Menor"),AND(J19="Baja",L19="Leve")),"Bajo",IF(OR(AND(J19="Muy baja",L19="Moderado"),AND(J19="Baja",L19="Menor"),AND(J19="Baja",L19="Moderado"),AND(J19="Media",L19="Leve"),AND(J19="Media",L19="Menor"),AND(J19="Media",L19="Moderado"),AND(J19="Alta",L19="Leve"),AND(J19="Alta",L19="Menor")),"Moderado",IF(OR(AND(J19="Muy Baja",L19="Mayor"),AND(J19="Baja",L19="Mayor"),AND(J19="Media",L19="Mayor"),AND(J19="Alta",L19="Moderado"),AND(J19="Alta",L19="Mayor"),AND(J19="Muy Alta",L19="Leve"),AND(J19="Muy Alta",L19="Menor"),AND(J19="Muy Alta",L19="Moderado"),AND(J19="Muy Alta",L19="Mayor")),"Alto",IF(OR(AND(J19="Muy Baja",L19="Catastrófico"),AND(J19="Baja",L19="Catastrófico"),AND(J19="Media",L19="Catastrófico"),AND(J19="Alta",L19="Catastrófico"),AND(J19="Muy Alta",L19="Catastrófico")),"Extremo","")))) -> Moderado | O19: 1 | P19: El profesional de gestión del talento y el profesional del Sistema de Seguridad y Salud en el trabajo, una vez identifica cambios en la normatividad o nuevas normas, informa al area jurídica para que actualicen el normograma institucional. | Q19: =IF(OR(R19="Preventivo",R19="Detectivo"),"Probabilidad",IF(R19="Correctivo","Impacto","")) -> Probabilidad | R19: Preventivo | S19: Manual | T19: =IF(AND(R19="Preventivo",S19="Automático"),"50%",IF(AND(R19="Preventivo",S19="Manual"),"40%",IF(AND(R19="Detectivo",S19="Automático"),"40%",IF(AND(R19="Detectivo",S19="Manual"),"30%",IF(AND(R19="Correctivo",S19="Automático"),"35%",IF(AND(R19="Correctivo",S19="Manual"),"25%","")))))) -> 40% | U19: Sin Documentar | V19: Aleatoria | W19: Con Registro | X19: Control de cambios del normograma en temas relacionados con la Gestión del Talento Humano, Nómina y prestaciones sociales y el SG-SST | Y19: =IFERROR(IF(Q19="Probabilidad",(K19-(+K19*T19)),IF(Q19="Impacto",K19,"")),"") -> 0.48 | Z19: =IFERROR(IF(Y19="","",IF(Y19<=0.2,"Muy Baja",IF(Y19<=0.4,"Baja",IF(Y19<=0.6,"Media",IF(Y19<=0.8,"Alta","Muy Alta"))))),"") -> Media | AA19: =+Y19 -> 0.48 | AB19: =IFERROR(IF(AC19="","",IF(AC19<=0.2,"Leve",IF(AC19<=0.4,"Menor",IF(AC19<=0.6,"Moderado",IF(AC19<=0.8,"Mayor","Catastrófico"))))),"") -> Menor | AC19: =IFERROR(IF(Q19="Impacto",(M19-(+M19*T19)),IF(Q19="Probabilidad",M19,"")),"") -> 0.4 | AD19: =IFERROR(IF(AE19=0,"",IF(AND(AE19>0,AE19<=0.2),"Muy Baja",IF(AE19<=0.4,"Baja",IF(AE19<=0.6,"Media",IF(AE19<=0.8,"Alta","Muy Alta"))))),"") -> Muy Baja | AE19: =MIN(Y19:Y21) -> 0.1728 | AF19: =IFERROR(IF(AG19=0,"",IF(AND(AG19>0,AG19<=0.2),"Leve",IF(AG19<=0.4,"Menor",IF(AG19<=0.6,"Moderado",IF(AG19<=0.8,"Mayor","Catastrófico"))))),"") -> Menor | AG19: =MIN(AC19:AC21) -> 0.4 | AH19: =IFERROR(IF(OR(AND(AD19="Muy Baja",AF19="Leve"),AND(AD19="Muy Baja",AF19="Menor"),AND(AD19="Baja",AF19="Leve")),"Bajo",IF(OR(AND(AD19="Muy Baja",AF19="Moderado"),AND(AD19="Baja",AF19="Menor"),AND(AD19="Baja",AF19="Moderado"),AND(AD19="Media",AF19="Leve"),AND(AD19="Media",AF19="Menor"),AND(AD19="Media",AF19="Moderado"),AND(AD19="Alta",AF19="Leve"),AND(AD19="Alta",AF19="Menor")),"Moderado",IF(OR(AND(AD19="Muy Baja",AF19="Mayor"),AND(AD19="Baja",AF19="Mayor"),AND(AD19="Media",AF19="Mayor"),AND(AD19="Alta",AF19="Moderado"),AND(AD19="Alta",AF19="Mayor"),AND(AD19="Muy Alta",AF19="Leve"),AND(AD19="Muy Alta",AF19="Menor"),AND(AD19="Muy Alta",AF19="Moderado"),AND(AD19="Muy Alta",AF19="Mayor")),"Alto",IF(OR(AND(AD19="Muy Baja",AF19="Catastrófico"),AND(AD19="Baja",AF19="Catastrófico"),AND(AD19="Media",AF19="Catastrófico"),AND(AD19="Alta",AF19="Catastrófico"),AND(AD19="Muy Alta",AF19="Catastrófico")),"Extremo","")))),"") -> Bajo | AI19: Reducir (mitigar) | AK19: El riesgo y sus causas continuan vigentes de acuerdo al contexto? (Ver Columnas F y H): El riesgo y las causas continúan vigentes de acuerdo al contexto interno y externo Se materializó el Riesgo? (Evento Potencial Principal. Columna F): Este riesgo no se ha materializado en el primer trimestre del 2026, debido al cumplimiento oportuno de la normativa aplicable desde el proceso de Talento humano y desde SGSST.>>> Se materializaron las causas? (Eventos Potenciales Intermedios. Columna H): Causa 1: El normograma esta actualizado de acuerdo con la normativa vigente aplicable al proceso de Talento humano y al SGSST: Causa 2: No se ha materializado, por lo tanto no se han realizado a la fecha actualizaciones ni socializaciones de carácter normativo. Causa 3: No se ha materializado, por lo tanto, no se han realizado a la fecha actualizaciones ni socializaciones de carácter normativo. Los Controles están bien diseñados, se aplican conforme al diseño y son efectivos? (Ver controles en la columna P / Concluir frente a cada control) Control 1: Control está bien diseñado y este se actualiza cada vez que surge una norma nueva aplicable a los procesos. Una vez surja la actualización envía a subdirección Jurídica para que procedan. Control 2: Control está bien diseñado y este se actualiza cada vez que surge una norma nueva aplicable a los procesos. Una vez surja la utilización se enviará a la Subdirección Jurídica y se socializara en comités primarios y el equipo primario de talento humano. Control 3: No se ha materializado. Acciones derivadas de materialización de eventos / fortalecimiento de controles: ver acciones en Subtítulos anteriores. Que acciones propones o se están llevando a cabo para gestionar los riesgos y las causas que se materializaron? (Si no aplica colocar NA): N/A Que acciones propones o se están llevando a cabo para fortalecer los controles? En caso de que tengas acciones por ejecutar en la columna AJ también concluir frente a su estado): N/A | AL19: Control de cambio de normograma en temas relacionados con la gestión de Talento Humano, Nomina, Prestaciones Sociales y SG-SST Se adjunta link que conduce a la plataforma Sifi donde se encuentan todos las actalizaciones normativas http://sifi2.isvimed.gov.co:85/calidadprocesos?search=&searchn=NORMOGRAMA&x=0&y=0 | AM19: Se materializó el Riesgo? (Evento Potencial Principal. Columna F): Este riesgo no se ha materializado en el segundo trimestre del 2026, debido al cumplimiento oportuno de la normativa aplicable desde el proceso de Talento humano y desde SGSST.>>> Los Controles están bien diseñados, se aplican conforme al diseño y son efectivos? (Ver controles en la columna P / Concluir frente a cada control) Control 1: Control está bien diseñado y este se actualiza cada vez que surge una norma nueva aplicable a los procesos. Una vez surja la actualización envía a subdirección Jurídica para que procedan. Control 2: Control está bien diseñado y este se actualiza cada vez que surge una norma nueva aplicable a los procesos. Una vez surja la utilización se enviará a la Subdirección Jurídica y se socializara en comités primarios y el equipo primario de talento humano. Control 3: No se ha materializado. Acciones derivadas de materialización de eventos / fortalecimiento de controles: ver acciones en Subtítulos anteriores. Que acciones propones o se están llevando a cabo para gestionar los riesgos y las causas que se materializaron? (Si no aplica colocar NA): N/A Que acciones propones o se están llevando a cabo para fortalecer los controles? En caso de que tengas acciones por ejecutar en la columna AJ también concluir frente a su estado): N/A | AN19: Control de cambio de normograma en temas relacionados con la gestión de Talento Humano, Nomina, Prestaciones Sociales y SG-SST Se adjunta link que conduce a la plataforma Sifi donde se encuentan todos las actalizaciones normativas http://sifi2.isvimed.gov.co:85/calidadprocesos?search=&searchn=NORMOGRAMA&x=0&y=0 | AO19: Se materializó el Riesgo? (Ver evento potencial principal en Columna F. Relacionar detalles de la materialización - que, como, cuando, donde): Los Controles están bien diseñados, se aplican de acuerdo al diseño y son efectivos? (Ver controles en la columna P / Concluir frente a cada control) Que acciones propones o se están llevando a cabo para gestionar el riesgo que se materializó? (Si no aplica colocar N/A) Que acciones propones o se están llevando a cabo para fortalecer los controles? (En el caso de que tener Acciones de mejora / Acciones correctivas en proceso, relacionar el avance. Si tienes acciones específicas a desarrollar en la columna AJ, también relacionar el avance) | AQ19: Se materializó el Riesgo? (Ver evento potencial principal en Columna F. Relacionar detalles de la materialización - que, como, cuando, donde): Los Controles están bien diseñados, se aplican de acuerdo al diseño y son efectivos? (Ver controles en la columna P / Concluir frente a cada control) Que acciones propones o se están llevando a cabo para gestionar el riesgo que se materializó? (Si no aplica colocar N/A) Que acciones propones o se están llevando a cabo para fortalecer los controles? (En el caso de que tener Acciones de mejora / Acciones correctivas en proceso, relacionar el avance. Si tienes acciones específicas a desarrollar en la columna AJ, también relacionar el avance)
H20: 2. La normatividad se encuentra identificada pero no se aplica. 2.1. Los requisitos normativos no se han incluido en la documentación del SGC. | O20: 2 | P20: El profesional Líder de Talento Humano, socializa los cambios normativos e informa sobre su aplicación en comités primarios de la Subdirección Administrativa y Financiera, y el equipo primario del area de Gestión Humana La ARL verifca el cumplmiento de los requisitos de la resolución 0312 del 2015 (estandares mínimos del SGSST), a través de lista de chequeo establecida dentro de la misma norma. Frecuencia: Minimo una vez al año | Q20: =IF(OR(R20="Preventivo",R20="Detectivo"),"Probabilidad",IF(R20="Correctivo","Impacto","")) -> Probabilidad | R20: Preventivo | S20: Manual | T20: =IF(AND(R20="Preventivo",S20="Automático"),"50%",IF(AND(R20="Preventivo",S20="Manual"),"40%",IF(AND(R20="Detectivo",S20="Automático"),"40%",IF(AND(R20="Detectivo",S20="Manual"),"30%",IF(AND(R20="Correctivo",S20="Automático"),"35%",IF(AND(R20="Correctivo",S20="Manual"),"25%","")))))) -> 40% | U20: Sin Documentar | V20: Aleatoria | W20: Con Registro | X20: Actas de comité primario Subdirección Adminsitrativa y Financiera y Actas de eqiuipo primario Area Gestión Humana. Lista de Chequeo de Cumplimiento de Requisitos del SG-SST por parte de la ARL | Y20: =IFERROR(IF(AND(Q19="Probabilidad",Q20="Probabilidad"),(AA19-(+AA19*T20)),IF(Q20="Probabilidad",(K19-(+K19*T20)),IF(Q20="Impacto",AA19,""))),"") -> 0.288 | Z20: =IFERROR(IF(Y20="","",IF(Y20<=0.2,"Muy Baja",IF(Y20<=0.4,"Baja",IF(Y20<=0.6,"Media",IF(Y20<=0.8,"Alta","Muy Alta"))))),"") -> Baja | AA20: =+Y20 -> 0.288 | AB20: =IFERROR(IF(AC20="","",IF(AC20<=0.2,"Leve",IF(AC20<=0.4,"Menor",IF(AC20<=0.6,"Moderado",IF(AC20<=0.8,"Mayor","Catastrófico"))))),"") -> Menor | AC20: =IFERROR(IF(AND(Q19="Impacto",Q20="Impacto"),(AC19-(+AC19*T20)),IF(AND(Q19="Probabilidad",Q20="Impacto"),(AC18-(+AC18*T20)),IF(Q20="Probabilidad",AC19,""))),"") -> 0.4
H21: 3. No existe un control informes de ley y de fechas de presentación de los mismos. 3.1.. No existe un mecanismo de generación de alertas para presentación de informes. | O21: 3 | P21: El profesional Líder de Talento Humano identifica la normatividad aplicable a los proceso de gestión humana, nomina y prestaciones sociales y SG-SST y los ingresa en el COLA (Calendari o de Obligaciones Laborales y Administrativas). En los equipos primarios del área de gestión humana se realiza seguimiento al cumplimiento del COLA. | Q21: =IF(OR(R21="Preventivo",R21="Detectivo"),"Probabilidad",IF(R21="Correctivo","Impacto","")) -> Probabilidad | R21: Preventivo | S21: Manual | T21: =IF(AND(R21="Preventivo",S21="Automático"),"50%",IF(AND(R21="Preventivo",S21="Manual"),"40%",IF(AND(R21="Detectivo",S21="Automático"),"40%",IF(AND(R21="Detectivo",S21="Manual"),"30%",IF(AND(R21="Correctivo",S21="Automático"),"35%",IF(AND(R21="Correctivo",S21="Manual"),"25%","")))))) -> 40% | U21: Sin Documentar | V21: Aleatoria | W21: Con Registro | X21: Actas de equipo primario del área de Gestión Humana | Y21: =IFERROR(IF(AND(Q20="Probabilidad",Q21="Probabilidad"),(AA20-(+AA20*T21)),IF(AND(Q20="Impacto",Q21="Probabilidad"),(AA19-(+AA19*T21)),IF(Q21="Impacto",AA20,""))),"") -> 0.1728 | Z21: =IFERROR(IF(Y21="","",IF(Y21<=0.2,"Muy Baja",IF(Y21<=0.4,"Baja",IF(Y21<=0.6,"Media",IF(Y21<=0.8,"Alta","Muy Alta"))))),"") -> Muy Baja | AA21: =+Y21 -> 0.1728 | AB21: =IFERROR(IF(AC21="","",IF(AC21<=0.2,"Leve",IF(AC21<=0.4,"Menor",IF(AC21<=0.6,"Moderado",IF(AC21<=0.8,"Mayor","Catastrófico"))))),"") -> Menor | AC21: =IFERROR(IF(AND(Q20="Impacto",Q21="Impacto"),(AC20-(+AC20*T21)),IF(AND(Q20="Probabilidad",Q21="Impacto"),(AC19-(+AC19*T21)),IF(Q21="Probabilidad",AC20,""))),"") -> 0.4
A22: GH10 | B22: Garantizar que el 100% de los pagos de nomina, prestaciones sociales y seguridad social cumplan los términos pactados y la normatividad aplicable. | C22: Nomina y prestaciones sociales | D22: Posibilidad de afectación económica del Instituto | E22: por pérdida de recursos | F22: debido a que se pague nómina y prestaciones sociales por una mayor valor al establecido en la ley, o que se pague nómina y prestaciones sociales a personal no existente en la planta de cargos de la entidad. Lo anterior para beneficio particular o de un tercero. | G22: Posibilidad de afectación económica del Instituto por pérdida de recursos debido a que se pague nómina y prestaciones sociales por un mayor valor al establecido en la ley, o que se pague nómina y prestaciones sociales a personal no existente en la planta de cargos de la entidad. Lo anterior para beneficio particular o de un tercero. | H22: 1. Existencia de sistemas de información manuales. | I22: Integridad Pùblica - Corrupción | J22: Alta | K22: =IF(J22="","",IF(J22="Muy Baja",0.2,IF(J22="Baja",0.4,IF(J22="Media",0.6,IF(J22="Alta",0.8,IF(J22="Muy Alta",1,)))))) -> 0.8 | L22: Catastrófico | M22: =IF(L22="","",IF(L22="Leve",0.2,IF(L22="Menor",0.4,IF(L22="Moderado",0.6,IF(L22="Mayor",0.8,IF(L22="Catastrófico",1,)))))) -> 1 | N22: =IF(OR(AND(J22="Muy Baja",L22="Leve"),AND(J22="Muy Baja",L22="Menor"),AND(J22="Baja",L22="Leve")),"Bajo",IF(OR(AND(J22="Muy baja",L22="Moderado"),AND(J22="Baja",L22="Menor"),AND(J22="Baja",L22="Moderado"),AND(J22="Media",L22="Leve"),AND(J22="Media",L22="Menor"),AND(J22="Media",L22="Moderado"),AND(J22="Alta",L22="Leve"),AND(J22="Alta",L22="Menor")),"Moderado",IF(OR(AND(J22="Muy Baja",L22="Mayor"),AND(J22="Baja",L22="Mayor"),AND(J22="Media",L22="Mayor"),AND(J22="Alta",L22="Moderado"),AND(J22="Alta",L22="Mayor"),AND(J22="Muy Alta",L22="Leve"),AND(J22="Muy Alta",L22="Menor"),AND(J22="Muy Alta",L22="Moderado"),AND(J22="Muy Alta",L22="Mayor")),"Alto",IF(OR(AND(J22="Muy Baja",L22="Catastrófico"),AND(J22="Baja",L22="Catastrófico"),AND(J22="Media",L22="Catastrófico"),AND(J22="Alta",L22="Catastrófico"),AND(J22="Muy Alta",L22="Catastrófico")),"Extremo","")))) -> Extremo | O22: 1 | P22: El modulo de nómina - plataforma SICOP, se encuentra parametrizado para calcular nomina y seguridad social de manera automática. | Q22: =IF(OR(R22="Preventivo",R22="Detectivo"),"Probabilidad",IF(R22="Correctivo","Impacto","")) -> Probabilidad | R22: Preventivo | S22: Automático | T22: =IF(AND(R22="Preventivo",S22="Automático"),"50%",IF(AND(R22="Preventivo",S22="Manual"),"40%",IF(AND(R22="Detectivo",S22="Automático"),"40%",IF(AND(R22="Detectivo",S22="Manual"),"30%",IF(AND(R22="Correctivo",S22="Automático"),"35%",IF(AND(R22="Correctivo",S22="Manual"),"25%","")))))) -> 50% | U22: Documentado | V22: Continua | W22: Con Registro | X22: Reportes de liquidación nomina y de prestaciones sociales. Planillas de seguridad social | Y22: =IFERROR(IF(Q22="Probabilidad",(K22-(+K22*T22)),IF(Q22="Impacto",K22,"")),"") -> 0.4 | Z22: =IFERROR(IF(Y22="","",IF(Y22<=0.2,"Muy Baja",IF(Y22<=0.4,"Baja",IF(Y22<=0.6,"Media",IF(Y22<=0.8,"Alta","Muy Alta"))))),"") -> Baja | AA22: =+Y22 -> 0.4 | AB22: =IFERROR(IF(AC22="","",IF(AC22<=0.2,"Leve",IF(AC22<=0.4,"Menor",IF(AC22<=0.6,"Moderado",IF(AC22<=0.8,"Mayor","Catastrófico"))))),"") -> Catastrófico | AC22: =IFERROR(IF(Q22="Impacto",(M22-(+M22*T22)),IF(Q22="Probabilidad",M22,"")),"") -> 1 | AD22: =IFERROR(IF(AE22=0,"",IF(AND(AE22>0,AE22<=0.2),"Muy Baja",IF(AE22<=0.4,"Baja",IF(AE22<=0.6,"Media",IF(AE22<=0.8,"Alta","Muy Alta"))))),"") -> Muy Baja | AE22: =MIN(Y22:Y26) -> 0.168 | AF22: =IFERROR(IF(AG22=0,"",IF(AND(AG22>0,AG22<=0.2),"Leve",IF(AG22<=0.4,"Menor",IF(AG22<=0.6,"Moderado",IF(AG22<=0.8,"Mayor","Catastrófico"))))),"") -> Moderado | AG22: =MIN(AC22:AC26) -> 0.5625 | AH22: =IFERROR(IF(OR(AND(AD22="Muy Baja",AF22="Leve"),AND(AD22="Muy Baja",AF22="Menor"),AND(AD22="Baja",AF22="Leve")),"Bajo",IF(OR(AND(AD22="Muy Baja",AF22="Moderado"),AND(AD22="Baja",AF22="Menor"),AND(AD22="Baja",AF22="Moderado"),AND(AD22="Media",AF22="Leve"),AND(AD22="Media",AF22="Menor"),AND(AD22="Media",AF22="Moderado"),AND(AD22="Alta",AF22="Leve"),AND(AD22="Alta",AF22="Menor")),"Moderado",IF(OR(AND(AD22="Muy Baja",AF22="Mayor"),AND(AD22="Baja",AF22="Mayor"),AND(AD22="Media",AF22="Mayor"),AND(AD22="Alta",AF22="Moderado"),AND(AD22="Alta",AF22="Mayor"),AND(AD22="Muy Alta",AF22="Leve"),AND(AD22="Muy Alta",AF22="Menor"),AND(AD22="Muy Alta",AF22="Moderado"),AND(AD22="Muy Alta",AF22="Mayor")),"Alto",IF(OR(AND(AD22="Muy Baja",AF22="Catastrófico"),AND(AD22="Baja",AF22="Catastrófico"),AND(AD22="Media",AF22="Catastrófico"),AND(AD22="Alta",AF22="Catastrófico"),AND(AD22="Muy Alta",AF22="Catastrófico")),"Extremo","")))),"") -> Moderado | AI22: Reducir (mitigar) | AK22: El riesgo y sus causas continuan vigentes de acuerdo al contexto? (Ver Columnas F y H): El riesgo y las causas continúan vigentes de acuerdo al contexto interno y externo Se materializó el Riesgo? (Evento Potencial Principal. Columna F): No materializado en el primer trimestre Se materializaron las causas? (Eventos Potenciales Intermedios. Columna H): No materializado en el primer trimestre Los Controles están bien diseñados, se aplican conforme al diseño y son efectivos? (Ver controles en la columna P / Concluir frente a cada control) Control 1: No fue necesario ya que no se materializo el riesgo en el primer trimestre Control 2: No fue necesario ya que no se materializo el riesgo en el primer trimestre Control 3: No fue efectivo debido a que no se detectó por ninguna de las partes. Control 4: No fue necesario ya que no se materializo el riesgo en el primer trimestre Control 5: Esta bien diseñado, no ha sido necesaria su aplicación ya que los empleados han reflejado comportamientos adecuados que no incluyen en malas prácticas de corrupción. Acciones derivadas de materialización de eventos / fortalecimiento de controles: ver acciones en Subtítulos anteriores. Que acciones propones o se están llevando a cabo para gestionar los riesgos y las causas que se materializaron? (Si no aplica colocar NA): N/A Que acciones propones o se están llevando a cabo para fortalecer los controles? En caso de que tengas acciones por ejecutar en la columna AJ también concluir frente a su estado): N/A | AL22: Liquidación de nomina y prestaciones sociales con VoBo (Archivo en Excel) Ruta de One drive, carpeta compartida de Admin y Financiera estan cargadas las nominas de los meses que se han pagado del año 2026: https://isvimedgovco.sharepoint.com/sites/Admin_Y_Financiera-09.TalentoHumano/Documentos%20compartidos/Forms/AllItems.aspx?id=%2Fsites%2FAdmin%5FY%5FFinanciera%2D09%2ETalentoHumano%2FDocumentos%20compartidos%2F09%2ETalento%20Humano%2FNOVEDADES%5FNOMINA%2F2026%2FNOMINA&viewid=2dd00e51%2Dd816%2D465c%2Db07a%2Dac38ca92939f&p=true | AM22: Se materializó el Riesgo? (Evento Potencial Principal. Columna F): No materializado en el segundo trimestre Los Controles están bien diseñados, se aplican conforme al diseño y son efectivos? (Ver controles en la columna P / Concluir frente a cada control) Control 1: El control está bien diseñado y se aplicó adecuadamente durante el segundo trimestre. . Control 2: El control está bien diseñado y se aplicó adecuadamente durante el segundo trimestre. . Control 3: El control está bien diseñado y se aplicó adecuadamente durante el segundo trimestre. . Control 4: No fue necesario aplicarlo ya que no se materializo el riesgo en el segundo trimestre Control 5: Esta bien diseñado, no ha sido necesaria su aplicación ya que los empleados han reflejado comportamientos adecuados que no incluyen en malas prácticas de corrupción. Acciones derivadas de materialización de eventos / fortalecimiento de controles: ver acciones en Subtítulos anteriores. Que acciones propones o se están llevando a cabo para gestionar los riesgos y las causas que se materializaron? (Si no aplica colocar NA): N/A Que acciones propones o se están llevando a cabo para fortalecer los controles? En caso de que tengas acciones por ejecutar en la columna AJ también concluir frente a su estado): N/A | AN22: Liquidación de nomina y prestaciones sociales con VoBo (Archivo en Excel) Ruta de One drive, carpeta compartida de Admin y Financiera estan cargadas las nominas de los meses que se han pagado del año 2026: https://isvimedgovco.sharepoint.com/sites/Admin_Y_Financiera-09.TalentoHumano/Documentos%20compartidos/Forms/AllItems.aspx?id=%2Fsites%2FAdmin%5FY%5FFinanciera%2D09%2ETalentoHumano%2FDocumentos%20compartidos%2F09%2ETalento%20Humano%2FNOVEDADES%5FNOMINA%2F2026%2FNOMINA&viewid=2dd00e51%2Dd816%2D465c%2Db07a%2Dac38ca92939f&p=true | AO22: Se materializó el Riesgo? (Ver evento potencial principal en Columna F. Relacionar detalles de la materialización - que, como, cuando, donde): Los Controles están bien diseñados, se aplican de acuerdo al diseño y son efectivos? (Ver controles en la columna P / Concluir frente a cada control) Que acciones propones o se están llevando a cabo para gestionar el riesgo que se materializó? (Si no aplica colocar N/A) Que acciones propones o se están llevando a cabo para fortalecer los controles? (En el caso de que tener Acciones de mejora / Acciones correctivas en proceso, relacionar el avance. Si tienes acciones específicas a desarrollar en la columna AJ, también relacionar el avance) | AQ22: Se materializó el Riesgo? (Ver evento potencial principal en Columna F. Relacionar detalles de la materialización - que, como, cuando, donde): Los Controles están bien diseñados, se aplican de acuerdo al diseño y son efectivos? (Ver controles en la columna P / Concluir frente a cada control) Que acciones propones o se están llevando a cabo para gestionar el riesgo que se materializó? (Si no aplica colocar N/A) Que acciones propones o se están llevando a cabo para fortalecer los controles? (En el caso de que tener Acciones de mejora / Acciones correctivas en proceso, relacionar el avance. Si tienes acciones específicas a desarrollar en la columna AJ, también relacionar el avance)
H23: 2. Ausencia de segregación de las funciones de registro, verificación y aprobación, con respecto a la información para el pago de nomina y prestaciones sociales, así como para la desvinculación del personal a nivel del sistema. | O23: 2 | P23: La segregación de funciones para las actividad de nómina y prestaciones sociales se realiza de la siguiente manera: El contratista de gestión de talento humano registra las novedades de nómina. La profesional universitaria de talento humano revisa la liquidación de la nómina. El subdirector administrativo y financiero aprueba la liquidación de la nómina. | Q23: =IF(OR(R23="Preventivo",R23="Detectivo"),"Probabilidad",IF(R23="Correctivo","Impacto","")) -> Probabilidad | R23: Preventivo | S23: Manual | T23: =IF(AND(R23="Preventivo",S23="Automático"),"50%",IF(AND(R23="Preventivo",S23="Manual"),"40%",IF(AND(R23="Detectivo",S23="Automático"),"40%",IF(AND(R23="Detectivo",S23="Manual"),"30%",IF(AND(R23="Correctivo",S23="Automático"),"35%",IF(AND(R23="Correctivo",S23="Manual"),"25%","")))))) -> 40% | U23: Sin Documentar | V23: Continua | W23: Con Registro | X23: Correos de revisión y aprobación de la nómina y prestaciones sociales | Y23: =IFERROR(IF(AND(Q22="Probabilidad",Q23="Probabilidad"),(AA22-(+AA22*T23)),IF(Q23="Probabilidad",(K22-(+K22*T23)),IF(Q23="Impacto",AA22,""))),"") -> 0.24 | Z23: =IFERROR(IF(Y23="","",IF(Y23<=0.2,"Muy Baja",IF(Y23<=0.4,"Baja",IF(Y23<=0.6,"Media",IF(Y23<=0.8,"Alta","Muy Alta"))))),"") -> Baja | AA23: =+Y23 -> 0.24 | AB23: =IFERROR(IF(AC23="","",IF(AC23<=0.2,"Leve",IF(AC23<=0.4,"Menor",IF(AC23<=0.6,"Moderado",IF(AC23<=0.8,"Mayor","Catastrófico"))))),"") -> Catastrófico | AC23: =IFERROR(IF(AND(Q22="Impacto",Q23="Impacto"),(AC22-(+AC22*T23)),IF(Q23="Impacto",(#REF!-(+#REF!*T23)),IF(Q23="Probabilidad",AC22,""))),"") -> 1
H24: 3. Posibilidad de modificar la información de las bases de datos cuando se ingresa la información para el pago de nómina y prestaciones sociales por parte de personal con perfil de registro y edición. | O24: 3 | P24: El profesional Líder de Talento Humano revisa la liquidación de nómina y prestaciones sociales realizada por el personal asignado a esta actividad, la cual es generada del software SICOF. En caso de identificar errores los notifica para realizar los ajustes pertinentes, de otro modo proporciona Visto Bueno, para que se proceda a realizar el pago correspondiente. | Q24: =IF(OR(R24="Preventivo",R24="Detectivo"),"Probabilidad",IF(R24="Correctivo","Impacto","")) -> Probabilidad | R24: Detectivo | S24: Manual | T24: =IF(AND(R24="Preventivo",S24="Automático"),"50%",IF(AND(R24="Preventivo",S24="Manual"),"40%",IF(AND(R24="Detectivo",S24="Automático"),"40%",IF(AND(R24="Detectivo",S24="Manual"),"30%",IF(AND(R24="Correctivo",S24="Automático"),"35%",IF(AND(R24="Correctivo",S24="Manual"),"25%","")))))) -> 30% | U24: Sin Documentar | V24: Continua | W24: Con Registro | X24: Liquidación de nómina y prestaciones sociales con VoBo (Archivo en excel) | Y24: =IFERROR(IF(AND(Q23="Probabilidad",Q24="Probabilidad"),(AA23-(+AA23*T24)),IF(AND(Q23="Impacto",Q24="Probabilidad"),(AA22-(+AA22*T24)),IF(Q24="Impacto",AA23,""))),"") -> 0.168 | Z24: =IFERROR(IF(Y24="","",IF(Y24<=0.2,"Muy Baja",IF(Y24<=0.4,"Baja",IF(Y24<=0.6,"Media",IF(Y24<=0.8,"Alta","Muy Alta"))))),"") -> Muy Baja | AA24: =+Y24 -> 0.168 | AB24: =IFERROR(IF(AC24="","",IF(AC24<=0.2,"Leve",IF(AC24<=0.4,"Menor",IF(AC24<=0.6,"Moderado",IF(AC24<=0.8,"Mayor","Catastrófico"))))),"") -> Catastrófico | AC24: =IFERROR(IF(AND(Q23="Impacto",Q24="Impacto"),(AC23-(+AC23*T24)),IF(AND(Q23="Probabilidad",Q24="Impacto"),(AC22-(+AC22*T24)),IF(Q24="Probabilidad",AC23,""))),"") -> 1
H25: No aplica | O25: 4 | P25: 1. En el caso que se pague un mayor valor de nomina y prestacione sociales a un funcionario activo se debe: - identiificar el mayor valor pagado. - Informar al funcionario de la novedad respecto al mayor valor pagado. - Solicitar el reintegro del mayor valo pagado. - Hacer firmar la autorización de descuento de nomina por mayor valor. pagado. - Descontar en proxima nomina el mayor valor pagado. 2. En el caso de que se pague nómina y prestaciones sociales a personal no existente en la planta de cargos de la entidad se remite el caso a la Subdirección Juridica para que adelanten las medidas pertinentes para el reintegro del dinero. | Q25: =IF(OR(R25="Preventivo",R25="Detectivo"),"Probabilidad",IF(R25="Correctivo","Impacto","")) -> Impacto | R25: Correctivo | S25: Manual | T25: =IF(AND(R25="Preventivo",S25="Automático"),"50%",IF(AND(R25="Preventivo",S25="Manual"),"40%",IF(AND(R25="Detectivo",S25="Automático"),"40%",IF(AND(R25="Detectivo",S25="Manual"),"30%",IF(AND(R25="Correctivo",S25="Automático"),"35%",IF(AND(R25="Correctivo",S25="Manual"),"25%","")))))) -> 25% | U25: Sin Documentar | V25: Aleatoria | W25: Con Registro | X25: 1. Autorización de descuento de nomina Soportes de nomina donde se observa el reintegro del dinero. 2. Registro de remisión del caso a la Sudirección Jurídica Expediente del proceso para el cobro coactivo. | Y25: =IFERROR(IF(AND(Q24="Probabilidad",Q25="Probabilidad"),(AA24-(+AA24*T25)),IF(AND(Q24="Impacto",Q25="Probabilidad"),(AA23-(+AA23*T25)),IF(Q25="Impacto",AA24,""))),"") -> 0.168 | Z25: =IFERROR(IF(Y25="","",IF(Y25<=0.2,"Muy Baja",IF(Y25<=0.4,"Baja",IF(Y25<=0.6,"Media",IF(Y25<=0.8,"Alta","Muy Alta"))))),"") -> Muy Baja | AA25: =+Y25 -> 0.168 | AB25: =IFERROR(IF(AC25="","",IF(AC25<=0.2,"Leve",IF(AC25<=0.4,"Menor",IF(AC25<=0.6,"Moderado",IF(AC25<=0.8,"Mayor","Catastrófico"))))),"") -> Mayor | AC25: =IFERROR(IF(AND(Q24="Impacto",Q25="Impacto"),(AC24-(+AC24*T25)),IF(AND(Q24="Probabilidad",Q25="Impacto"),(AC23-(+AC23*T25)),IF(Q25="Probabilidad",AC24,""))),"") -> 0.75
H26: No aplica | O26: 5 | P26: Ya sea que la materializacion del riesgo de corrupción haya sido identificada a nivel interno o traves de linea de denuncia, es puesta en conocimiento del oficial de transparencia para que coordine la respectiva investigación y remita el caso según corresponda a la autoridad competente. Documentado en: M-GE-04 - MANUAL PARA EL TRAMITE DE DENUNCIAS | Q26: =IF(OR(R26="Preventivo",R26="Detectivo"),"Probabilidad",IF(R26="Correctivo","Impacto","")) -> Impacto | R26: Correctivo | S26: Manual | T26: =IF(AND(R26="Preventivo",S26="Automático"),"50%",IF(AND(R26="Preventivo",S26="Manual"),"40%",IF(AND(R26="Detectivo",S26="Automático"),"40%",IF(AND(R26="Detectivo",S26="Manual"),"30%",IF(AND(R26="Correctivo",S26="Automático"),"35%",IF(AND(R26="Correctivo",S26="Manual"),"25%","")))))) -> 25% | U26: Documentado | V26: Aleatoria | W26: Con Registro | X26: Reporte de riesgos o hechos de corrupción Acta de estudio de la Denuncia Oficio remisorio a la autoridad competente | Y26: =IFERROR(IF(AND(Q25="Probabilidad",Q26="Probabilidad"),(AA25-(+AA25*T26)),IF(AND(Q25="Impacto",Q26="Probabilidad"),(AA24-(+AA24*T26)),IF(Q26="Impacto",AA25,""))),"") -> 0.168 | Z26: =IFERROR(IF(Y26="","",IF(Y26<=0.2,"Muy Baja",IF(Y26<=0.4,"Baja",IF(Y26<=0.6,"Media",IF(Y26<=0.8,"Alta","Muy Alta"))))),"") -> Muy Baja | AA26: =+Y26 -> 0.168 | AB26: =IFERROR(IF(AC26="","",IF(AC26<=0.2,"Leve",IF(AC26<=0.4,"Menor",IF(AC26<=0.6,"Moderado",IF(AC26<=0.8,"Mayor","Catastrófico"))))),"") -> Moderado | AC26: =IFERROR(IF(AND(Q25="Impacto",Q26="Impacto"),(AC25-(+AC25*T26)),IF(AND(Q25="Probabilidad",Q26="Impacto"),(AC24-(+AC24*T26)),IF(Q26="Probabilidad",AC25,""))),"") -> 0.5625 | AJ26: Establecer las acciones necesarias a nivel del sistema para evitar que se pueda modificar en el sistema la parametrización y los datos relacionados con la nomina y prestaciones sociales por parte de usuariosl no autorizados y/o no involucrados en el proceso. Establecer las acciones necesarias para que solamente el area de TIC asigne usuarios y perfiles de usuario de las personas que acceden al modulo de nomina y prestaciones sociales. En la actualidad es el Líder de Gestión Humana quien los asigna.
A27: GH11 | B27: Lograr que el 100% de las declaraciones de conflictos de intereses / recusaciones presentadas por los servidores del Instituto cumplan con las pautas establecidas en el Manual para la gestión de los conflictos de intereses de la entidad y la normatividad vigente aplicable. | C27: Declaración del conflicto de intereses | D27: Posibilidad de afectación económica o reputacional del Instituto | E27: por materialización de actos de corrupción o disciplinables por hallazgos fiscales, disciplinarios y penales por parte de los entes de control | F27: Debido a que los servidores públicos del Instituto no declaren sus posibles conflictos de intereses. | G27: Posibilidad de afectación económica o reputacional por materialización de actos de corrupción o disciplinables, asi como por hallazgos fiscales, displinarios por parte de los entes de control, debido a que los servidores públicos del Instituto no declaren sus posibles conflictos de intereses. | H27: 1. No se establecen mecanismos internos para el manejo, declaración y recusación de los conflictos de intereses por parte de los servidores públicos del Instituto, en cumplimiento de la normatividad aplicable. | I27: Gestión | J27: Media | K27: =IF(J27="","",IF(J27="Muy Baja",0.2,IF(J27="Baja",0.4,IF(J27="Media",0.6,IF(J27="Alta",0.8,IF(J27="Muy Alta",1,)))))) -> 0.6 | L27: Catastrófico | M27: =IF(L27="","",IF(L27="Leve",0.2,IF(L27="Menor",0.4,IF(L27="Moderado",0.6,IF(L27="Mayor",0.8,IF(L27="Catastrófico",1,)))))) -> 1 | N27: =IF(OR(AND(J27="Muy Baja",L27="Leve"),AND(J27="Muy Baja",L27="Menor"),AND(J27="Baja",L27="Leve")),"Bajo",IF(OR(AND(J27="Muy Baja",L27="Moderado"),AND(J27="Baja",L27="Menor"),AND(J27="Baja",L27="Moderado"),AND(J27="Media",L27="Leve"),AND(J27="Media",L27="Menor"),AND(J27="Media",L27="Moderado"),AND(J27="Alta",L27="Leve"),AND(J27="Alta",L27="Menor")),"Moderado",IF(OR(AND(J27="Muy Baja",L27="Mayor"),AND(J27="Baja",L27="Mayor"),AND(J27="Media",L27="Mayor"),AND(J27="Alta",L27="Moderado"),AND(J27="Alta",L27="Mayor"),AND(J27="Muy Alta",L27="Leve"),AND(J27="Muy Alta",L27="Menor"),AND(J27="Muy Alta",L27="Moderado"),AND(J27="Muy Alta",L27="Mayor")),"Alto",IF(OR(AND(J27="Muy Baja",L27="Catastrófico"),AND(J27="Baja",L27="Catastrófico"),AND(J27="Media",L27="Catastrófico"),AND(J27="Alta",L27="Catastrófico"),AND(J27="Muy Alta",L27="Catastrófico")),"Extremo","")))) -> Extremo | O27: 1 | P27: El Manual para la Gestión de los Conflictos de Intereses establece los lineamientos que deben ser tenidos en cuenta para determinar si un servidor publico se encuentra en situación de conflicto de intereses ya sea real, potencial o aparente, durante el cumplimiento de sus funciones como servidor público (situación sobreviniente), asi mismo establece los términos y formatos que deben ser utilizados para realizar la declaración o la recusación según aplique. El area de Talento Humano verifica que la declaración se haya realizado dentro de los tres (3) días siguientes al conocimiento de la situación de conflicto, y que la respuesta a la declaración de conflicto de intereses se haya realizado dentro del término de los 10 días hábiles y en caso de aceptarse, verifica que se haya gestionado el cambio de servidor público que deberá asumir las funciones de la situación que generó el conflicto de intereses. El Profesional líder de Talento Humano verifica que se ingresen las declaraciones de conflicto de intereses / recusaciones en la matriz de seguimiento anual. El Profesional líder de Talento Humano verifican, cuando sea aplicable, que las situaciones de conflictos de intereses sobrevinientes declaradas por parte de los sujetos obligados en la ley 2013 de 2019 (servidores publicos del nivel directivo) hayan sido publicadas en el aplicativo de integridad de la Función Pública dentro de los 2 meses siguientes al conocimiento de la situación. Documentado en: Manual para la Gestón de los Conflictos de Intereses, M-GH-07 | Q27: =IF(OR(R27="Preventivo",R27="Detectivo"),"Probabilidad",IF(R27="Correctivo","Impacto","")) -> Probabilidad | R27: Preventivo | S27: Manual | T27: =IF(AND(R27="Preventivo",S27="Automático"),"50%",IF(AND(R27="Preventivo",S27="Manual"),"40%",IF(AND(R27="Detectivo",S27="Automático"),"40%",IF(AND(R27="Detectivo",S27="Manual"),"30%",IF(AND(R27="Correctivo",S27="Automático"),"35%",IF(AND(R27="Correctivo",S27="Manual"),"25%","")))))) -> 40% | U27: Documentado | V27: Aleatoria | W27: Con Registro | X27: Formato de declaración de situaciones de conflicto de intereses para servidores públicos Formato de recusación Matriz de seguimiento anual a la gestión de los conflictos de intereses y recusaciones Reporte de las declaraciones de Ley 2013 de 2019 del aplicativo de integridad. | Y27: =IFERROR(IF(Q27="Probabilidad",(K27-(+K27*T27)),IF(Q27="Impacto",K27,"")),"") -> 0.36 | Z27: =IFERROR(IF(Y27="","",IF(Y27<=0.2,"Muy Baja",IF(Y27<=0.4,"Baja",IF(Y27<=0.6,"Media",IF(Y27<=0.8,"Alta","Muy Alta"))))),"") -> Baja | AA27: =+Y27 -> 0.36 | AB27: =IFERROR(IF(AC27="","",IF(AC27<=0.2,"Leve",IF(AC27<=0.4,"Menor",IF(AC27<=0.6,"Moderado",IF(AC27<=0.8,"Mayor","Catastrófico"))))),"") -> Catastrófico | AC27: =IFERROR(IF(Q27="Impacto",(M27-(+M27*T27)),IF(Q27="Probabilidad",M27,"")),"") -> 1 | AD27: =IFERROR(IF(AE27=0,"",IF(AND(AE27>0,AE27<=0.2),"Muy Baja",IF(AE27<=0.4,"Baja",IF(AE27<=0.6,"Media",IF(AE27<=0.8,"Alta","Muy Alta"))))),"") -> Muy Baja | AE27: =MIN(Y27:Y33) -> 0.0279936 | AF27: =IFERROR(IF(AG27=0,"",IF(AND(AG27>0,AG27<=0.2),"Leve",IF(AG27<=0.4,"Menor",IF(AG27<=0.6,"Moderado",IF(AG27<=0.8,"Mayor","Catastrófico"))))),"") -> Mayor | AG27: =MIN(AC27:AC33) -> 0.75 | AH27: =IFERROR(IF(OR(AND(AD27="Muy Baja",AF27="Leve"),AND(AD27="Muy Baja",AF27="Menor"),AND(AD27="Baja",AF27="Leve")),"Bajo",IF(OR(AND(AD27="Muy Baja",AF27="Moderado"),AND(AD27="Baja",AF27="Menor"),AND(AD27="Baja",AF27="Moderado"),AND(AD27="Media",AF27="Leve"),AND(AD27="Media",AF27="Menor"),AND(AD27="Media",AF27="Moderado"),AND(AD27="Alta",AF27="Leve"),AND(AD27="Alta",AF27="Menor")),"Moderado",IF(OR(AND(AD27="Muy Baja",AF27="Mayor"),AND(AD27="Baja",AF27="Mayor"),AND(AD27="Media",AF27="Mayor"),AND(AD27="Alta",AF27="Moderado"),AND(AD27="Alta",AF27="Mayor"),AND(AD27="Muy Alta",AF27="Leve"),AND(AD27="Muy Alta",AF27="Menor"),AND(AD27="Muy Alta",AF27="Moderado"),AND(AD27="Muy Alta",AF27="Mayor")),"Alto",IF(OR(AND(AD27="Muy Baja",AF27="Catastrófico"),AND(AD27="Baja",AF27="Catastrófico"),AND(AD27="Media",AF27="Catastrófico"),AND(AD27="Alta",AF27="Catastrófico"),AND(AD27="Muy Alta",AF27="Catastrófico")),"Extremo","")))),"") -> Alto | AI27: Reducir (mitigar) | AK27: El riesgo y sus causas continuan vigentes de acuerdo al contexto? (Ver Columnas F y H): El riesgo y las causas continúan vigentes de acuerdo al contexto interno y externo: Se materializó el Riesgo? (Evento Potencial Principal. Columna F): Debido a que los servidores públicos del Instituto no declaren sus posibles conflictos de intereses. No se ha materializado debido a que ningun funcionario durante el primer trimestre ha presentado una Declaración de Conflicto de Interés Potencial, Real o aparente. Se materializaron las causas? (Eventos Potenciales Intermedios. Columna H): Causa 1: No se ha materializado, a este riesgo se le aplica un control oportuno ya que se solicita a cada empleado la declaración de conflicto de intereses como requisito para su vinculación y su desvinculación. Esto aplica tanto para Contratistas como para vinculados. Causa 2: No se ha materializado, se ha asegurado el cumplimiento de la realización del curso de integridad a Contratistas y Vinculados, Seguimientos plan de trabajo, grupo de integridad Causa 3: No se ha materializado, en el primer trimestre se publica en la Página Web del Instituto el enlace para consultas en el aplicativo de Integridad. Causa 4: No Materializado, desde el área de TH la profesional Líder da seguimiento a las Declaraciones de Conflicto de Intereses de los gerentes públicos obligados a presentarla a corte del primer trimestre de 2026, la información se encuentra en la carpeta compartida de Th/ integridad. Causa 5: No se ha materializado, se hace control sobre la presentación de las Declaraciones de Conflicto de Intereses al Ingreso, permanencia y retiro de los vinculados; desde Contratación se hace el control para los contratistas al ingreso y retiro de la entidad. En las listas de chequeo de vinculación se solicitan. Ver SIFI. Causa 6: No se ha materializado, se hace seguimiento en cada proceso de vinculación. Los Controles están bien diseñados, se aplican conforme al diseño y son efectivos? (Ver controles en la columna P / Concluir frente a cada control) Control 1: Este control está bien diseñado ya que desde el proceso de recopilación de documentos se proporciona la declaración de conflicto de intereses para que cada aspirante la firme y adjunte como requisito. Control 2: Este control está bien diseñado, garantizando el curso de Integridad como requisito a la inducción. Control 3: Este control está bien diseñado debido a que todos los empleados del ISVIMED, ciudadanos y personal en general tiene acceso a su contenido y pueden realizar consultar en el aplicativo de integridad. Control 4: Este control está bien diseñado porque la revisión que realiza la profesional de Talento Humano se hace de manera oportuna e individual para cada proceso de vinculación. Control 5: Este control está bien diseñado y la descripción de este se puede referenciar al igual que en el control 1. Control 6: Este control está bien diseñado y la descripción de este se puede referenciar al igual que en el control 1. Acciones derivadas de materialización de eventos / fortalecimiento de controles: ver acciones en Subtítulos anteriores. Que acciones propones o se están llevando a cabo para gestionar los riesgos y las causas que se materializaron? (Si no aplica colocar NA) N/A Que acciones propones o se están llevando a cabo para fortalecer los controles? En caso de que tengas acciones por ejecutar en la columna AJ también concluir frente a su estado): N/A | AL27: Reporte de las declaraciones de Ley 2013 de 2019 del aplicativo de integridad Ruta de One drive, carpeta compartida de Admin y Financiera se encuentra INTEGRIDAD 2025: Actas de reuniones 2026, Declaración de ley 2013, Plan de Integridad 2026: https://isvimedgovco.sharepoint.com/sites/Admin_Y_Financiera-09.TalentoHumano/Documentos%20compartidos/Forms/AllItems.aspx?id=%2Fsites%2FAdmin%5FY%5FFinanciera%2D09%2ETalentoHumano%2FDocumentos%20compartidos%2F09%2ETalento%20Humano%2FINTEGRIDAD%2FINTEGRIDAD%202026&viewid=2dd00e51%2Dd816%2D465c%2Db07a%2Dac38ca92939f&p=true Conoce aplicativo la Integridad Pública : https://isvimed.gov.co/ | AM27: Se materializó el Riesgo? (Evento Potencial Principal. Columna F): Debido a que los servidores públicos del Instituto no declaren sus posibles conflictos de intereses. No se ha materializado debido a que ningun funcionario durante el segundo trimestre ha presentado una Declaración de Conflicto de Interés Potencial, Real o aparente. Los Controles están bien diseñados, se aplican conforme al diseño y son efectivos? (Ver controles en la columna P / Concluir frente a cada control) Control 1: Este control está bien diseñado ya que desde el proceso de recopilación de documentos se proporciona la declaración de conflicto de intereses para que cada aspirante la firme y adjunte como requisito. Control 2: Este control está bien diseñado, garantizando el curso de Integridad como requisito a la inducción. Control 3: Este control está bien diseñado debido a que todos los empleados del ISVIMED, ciudadanos y personal en general tiene acceso a su contenido y pueden realizar consultar en el aplicativo de integridad. Control 4: Este control está bien diseñado porque la revisión que realiza la profesional de Talento Humano se hace de manera oportuna e individual para cada proceso de vinculación. Control 5: Este control está bien diseñado y la descripción de este se puede referenciar al igual que en el control 1. Control 6: Este control está bien diseñado y la descripción de este se puede referenciar al igual que en el control 1. Acciones derivadas de materialización de eventos / fortalecimiento de controles: ver acciones en Subtítulos anteriores. Que acciones propones o se están llevando a cabo para gestionar los riesgos y las causas que se materializaron? (Si no aplica colocar NA) N/A | AN27: Reporte de las declaraciones de Ley 2013 de 2019 del aplicativo de integridad Ruta de One drive, carpeta compartida de Admin y Financiera se encuentra INTEGRIDAD 2025: Actas de reuniones 2026, Declaración de ley 2013, Plan de Integridad 2026: https://isvimedgovco.sharepoint.com/sites/Admin_Y_Financiera-09.TalentoHumano/Documentos%20compartidos/Forms/AllItems.aspx?id=%2Fsites%2FAdmin%5FY%5FFinanciera%2D09%2ETalentoHumano%2FDocumentos%20compartidos%2F09%2ETalento%20Humano%2FINTEGRIDAD%2FINTEGRIDAD%202026&viewid=2dd00e51%2Dd816%2D465c%2Db07a%2Dac38ca92939f&p=true Conoce aplicativo la Integridad Pública : https://isvimed.gov.co/ | AO27: Se materializó el Riesgo? (Ver evento potencial principal en Columna F. Relacionar detalles de la materialización - que, como, cuando, donde): Los Controles están bien diseñados, se aplican de acuerdo al diseño y son efectivos? (Ver controles en la columna P / Concluir frente a cada control) Que acciones propones o se están llevando a cabo para gestionar el riesgo que se materializó? (Si no aplica colocar N/A) Que acciones propones o se están llevando a cabo para fortalecer los controles? (En el caso de que tener Acciones de mejora / Acciones correctivas en proceso, relacionar el avance. Si tienes acciones específicas a desarrollar en la columna AJ, también relacionar el avance) | AQ27: Se materializó el Riesgo? (Ver evento potencial principal en Columna F. Relacionar detalles de la materialización - que, como, cuando, donde): Los Controles están bien diseñados, se aplican de acuerdo al diseño y son efectivos? (Ver controles en la columna P / Concluir frente a cada control) Que acciones propones o se están llevando a cabo para gestionar el riesgo que se materializó? (Si no aplica colocar N/A) Que acciones propones o se están llevando a cabo para fortalecer los controles? (En el caso de que tener Acciones de mejora / Acciones correctivas en proceso, relacionar el avance. Si tienes acciones específicas a desarrollar en la columna AJ, también relacionar el avance)
H28: 2. No se capacita al personal sobre la importancia de realizar la declaración de los conflictos de intereses y sobre los mecanismos disponibles para declarar o recusar. | O28: 2 | P28: El grupo de Integridad verifica el cumplimiento de las acciones de capacitación y formación establecidas en el Plan Intitucional de Capacitación - PIC relacionados con la Temática de Conflicto de Intereses, asi mismo verifica el cumplimiento de otras iniciativas de formación que surgen en el marco del Grupo de Integridad y que buscan sensibilizar a los servidores públicos sobre la importancia de la declararación del conflicto de intereses como medida preventiva de posibles hechos y actos de corrupción. Documentado en: Estrategia para la Gestión del Conflicto de Intereses de cada vigencia | Q28: =IF(OR(R28="Preventivo",R28="Detectivo"),"Probabilidad",IF(R28="Correctivo","Impacto","")) -> Probabilidad | R28: Preventivo | S28: Manual | T28: =IF(AND(R28="Preventivo",S28="Automático"),"50%",IF(AND(R28="Preventivo",S28="Manual"),"40%",IF(AND(R28="Detectivo",S28="Automático"),"40%",IF(AND(R28="Detectivo",S28="Manual"),"30%",IF(AND(R28="Correctivo",S28="Automático"),"35%",IF(AND(R28="Correctivo",S28="Manual"),"25%","")))))) -> 40% | U28: Documentado | V28: Aleatoria | W28: Con Registro | X28: Registros de Asistencia Memorias de capacitaciones Seguimiento Estrategia para la Gestión del Conflicto de Intereses de cada vigencia | Y28: =IFERROR(IF(AND(Q27="Probabilidad",Q28="Probabilidad"),(AA27-(+AA27*T28)),IF(Q28="Probabilidad",(K27-(+K27*T28)),IF(Q28="Impacto",AA27,""))),"") -> 0.216 | Z28: =IFERROR(IF(Y28="","",IF(Y28<=0.2,"Muy Baja",IF(Y28<=0.4,"Baja",IF(Y28<=0.6,"Media",IF(Y28<=0.8,"Alta","Muy Alta"))))),"") -> Baja | AA28: =+Y28 -> 0.216 | AB28: =IFERROR(IF(AC28="","",IF(AC28<=0.2,"Leve",IF(AC28<=0.4,"Menor",IF(AC28<=0.6,"Moderado",IF(AC28<=0.8,"Mayor","Catastrófico"))))),"") -> Catastrófico | AC28: =IFERROR(IF(AND(Q27="Impacto",Q28="Impacto"),(AC27-(+AC27*T28)),IF(Q28="Impacto",($N$15-(+$N$15*T28)),IF(Q28="Probabilidad",AC27,""))),"") -> 1
H29: 3. No existen mecanismos para realizar consultas legales por parte de servidores públicos relacionadas con la gestión de los conflictos de intereses. | O29: 3 | P29: El profesional lider de Talento Humano comunica a los interesados en resolver dudas acerca de la gestión del conflicto de intereses, sobre los canales de consulta establecidos en el Manual para la Gestón de los Conflictos de Intereses, M-GH-07. Asi mismo, y en en caso de ser requerido, direcciona consultas de tipo legal al profesional Lider de Contratración. Documentado en: Manual para la Gestón de los Conflictos de Intereses, M-GH-07 | Q29: =IF(OR(R29="Preventivo",R29="Detectivo"),"Probabilidad",IF(R29="Correctivo","Impacto","")) -> Probabilidad | R29: Preventivo | S29: Manual | T29: =IF(AND(R29="Preventivo",S29="Automático"),"50%",IF(AND(R29="Preventivo",S29="Manual"),"40%",IF(AND(R29="Detectivo",S29="Automático"),"40%",IF(AND(R29="Detectivo",S29="Manual"),"30%",IF(AND(R29="Correctivo",S29="Automático"),"35%",IF(AND(R29="Correctivo",S29="Manual"),"25%","")))))) -> 40% | U29: Documentado | V29: Aleatoria | W29: Sin Registro | X29: NA | Y29: =IFERROR(IF(AND(Q28="Probabilidad",Q29="Probabilidad"),(AA28-(+AA28*T29)),IF(AND(Q28="Impacto",Q29="Probabilidad"),(AA27-(+AA27*T29)),IF(Q29="Impacto",AA28,""))),"") -> 0.1296 | Z29: =IFERROR(IF(Y29="","",IF(Y29<=0.2,"Muy Baja",IF(Y29<=0.4,"Baja",IF(Y29<=0.6,"Media",IF(Y29<=0.8,"Alta","Muy Alta"))))),"") -> Muy Baja | AA29: =+Y29 -> 0.1296 | AB29: =IFERROR(IF(AC29="","",IF(AC29<=0.2,"Leve",IF(AC29<=0.4,"Menor",IF(AC29<=0.6,"Moderado",IF(AC29<=0.8,"Mayor","Catastrófico"))))),"") -> Catastrófico | AC29: =IFERROR(IF(AND(Q28="Impacto",Q29="Impacto"),(AC28-(+AC28*T29)),IF(AND(Q28="Probabilidad",Q29="Impacto"),(AC27-(+AC27*T29)),IF(Q29="Probabilidad",AC28,""))),"") -> 1
H30: 4. Se incumple el deber de publicar las situaciones de conflicto de intereses en el aplicativo de integridad de la Función Pública por parte de los sujetos obligados en la ley 2013 de 2019. | O30: 4 | P30: El profesionales líder de Talento Humano verifica que los sujetos obligados (servidores públicos del nivel directivo) cumplan con el deber de publicar la declaración de bienes y rentas, el registro de conflictos de interés y la declaración sobre el impuesto a la renta y complementarios en el aplicativo por la integridad de la Función Pública, en los términos establecidos en la ley 2013 de 2019. Para la cual se debe descargar el reporte de las declaraciones de Ley 2013 de 2019 correspondientes al Isvimed de manera anual. Si se identifican declaraciones de conflicto de intereses, esta deben relacionarse en la matriz de seguimiento anual para la gestión de los conflictos de intereses y recusaciones, garantizando su análsis para determinar si se acepta o no el impedimento por parte de la autoridad competente, y las medidas de control a implementar. Documentado en: Manual para la Gestón de los Conflictos de Intereses, M-GH-07 | Q30: =IF(OR(R30="Preventivo",R30="Detectivo"),"Probabilidad",IF(R30="Correctivo","Impacto","")) -> Probabilidad | R30: Preventivo | S30: Manual | T30: =IF(AND(R30="Preventivo",S30="Automático"),"50%",IF(AND(R30="Preventivo",S30="Manual"),"40%",IF(AND(R30="Detectivo",S30="Automático"),"40%",IF(AND(R30="Detectivo",S30="Manual"),"30%",IF(AND(R30="Correctivo",S30="Automático"),"35%",IF(AND(R30="Correctivo",S30="Manual"),"25%","")))))) -> 40% | U30: Documentado | V30: Aleatoria | W30: Con Registro | X30: Reporte de las declaraciones de Ley 2013 de 2019 del aplicativo de integridad. Matriz de seguimiento anual a la gestión de los conflictos de intereses y recusaciones | Y30: =IFERROR(IF(AND(Q29="Probabilidad",Q30="Probabilidad"),(AA29-(+AA29*T30)),IF(AND(Q29="Impacto",Q30="Probabilidad"),(AA28-(+AA28*T30)),IF(Q30="Impacto",AA29,""))),"") -> 0.07776 | Z30: =IFERROR(IF(Y30="","",IF(Y30<=0.2,"Muy Baja",IF(Y30<=0.4,"Baja",IF(Y30<=0.6,"Media",IF(Y30<=0.8,"Alta","Muy Alta"))))),"") -> Muy Baja | AA30: =+Y30 -> 0.07776 | AB30: =IFERROR(IF(AC30="","",IF(AC30<=0.2,"Leve",IF(AC30<=0.4,"Menor",IF(AC30<=0.6,"Moderado",IF(AC30<=0.8,"Mayor","Catastrófico"))))),"") -> Catastrófico | AC30: =IFERROR(IF(AND(Q29="Impacto",Q30="Impacto"),(AC29-(+AC29*T30)),IF(AND(Q29="Probabilidad",Q30="Impacto"),(AC28-(+AC28*T30)),IF(Q30="Probabilidad",AC29,""))),"") -> 1
H31: 5. No se establece la obligación de realizar la declaración de los conflictos de intereses como un aspecto de obligatorio cumplimiento en las resoluciones de nombramiento para personal vinculado. | O31: 5 | P31: La Declaración de Situaciones de Conflictos de Intereses es un documento requerido para dar inicio al trámite de vinculación de la entidad de un servidor Publico. Esta declaración debe ser realizada en el formato F-GH-82 de la entidad. El profesional lider de talento humano verifica que se haya aportado la declaración y coloca marca de verificación en el formato Lista de Chequeo de Vinculación, F-GH-03. | Q31: =IF(OR(R31="Preventivo",R31="Detectivo"),"Probabilidad",IF(R31="Correctivo","Impacto","")) -> Probabilidad | R31: Preventivo | S31: Manual | T31: =IF(AND(R31="Preventivo",S31="Automático"),"50%",IF(AND(R31="Preventivo",S31="Manual"),"40%",IF(AND(R31="Detectivo",S31="Automático"),"40%",IF(AND(R31="Detectivo",S31="Manual"),"30%",IF(AND(R31="Correctivo",S31="Automático"),"35%",IF(AND(R31="Correctivo",S31="Manual"),"25%","")))))) -> 40% | U31: Documentado | V31: Continua | W31: Con Registro | X31: Declaración de Conflicto de Intereses, servidor público Lista de Chequeo de Vinculación, F-GH-03 | Y31: =IFERROR(IF(AND(Q30="Probabilidad",Q31="Probabilidad"),(AA30-(+AA30*T31)),IF(AND(Q30="Impacto",Q31="Probabilidad"),(AA29-(+AA29*T31)),IF(Q31="Impacto",AA30,""))),"") -> 0.046656 | Z31: =IFERROR(IF(Y31="","",IF(Y31<=0.2,"Muy Baja",IF(Y31<=0.4,"Baja",IF(Y31<=0.6,"Media",IF(Y31<=0.8,"Alta","Muy Alta"))))),"") -> Muy Baja | AA31: =+Y31 -> 0.046656 | AB31: =IFERROR(IF(AC31="","",IF(AC31<=0.2,"Leve",IF(AC31<=0.4,"Menor",IF(AC31<=0.6,"Moderado",IF(AC31<=0.8,"Mayor","Catastrófico"))))),"") -> Catastrófico | AC31: =IFERROR(IF(AND(Q30="Impacto",Q31="Impacto"),(AC30-(+AC30*T31)),IF(AND(Q30="Probabilidad",Q31="Impacto"),(AC29-(+AC29*T31)),IF(Q31="Probabilidad",AC30,""))),"") -> 1
H32: 6. No se identifican areas con mayor riesgo de conflicto de intereses para establecer medidas preventivas y detectivas. | O32: 6 | P32: El profesional lider de Talento Humano relaciona los conflictos de intereses declarados de manera sobreviniente o aquellos declarados en el aplicativo de integridad de la Función Publica en la Matriz de seguimiento anual a la gestión de los conflictos de intereses y recusaciones y realiza el respectivo análisis con el fin de identificar zonas de riesgo e implementar acciones preventivas. | Q32: =IF(OR(R32="Preventivo",R32="Detectivo"),"Probabilidad",IF(R32="Correctivo","Impacto","")) -> Probabilidad | R32: Preventivo | S32: Manual | T32: =IF(AND(R32="Preventivo",S32="Automático"),"50%",IF(AND(R32="Preventivo",S32="Manual"),"40%",IF(AND(R32="Detectivo",S32="Automático"),"40%",IF(AND(R32="Detectivo",S32="Manual"),"30%",IF(AND(R32="Correctivo",S32="Automático"),"35%",IF(AND(R32="Correctivo",S32="Manual"),"25%","")))))) -> 40% | U32: Documentado | V32: Aleatoria | W32: Con Registro | X32: Matriz de seguimiento anual a la gestión de los conflictos de intereses y recusaciones. Análisis de conflictos de intereses de contratistas | Y32: =IFERROR(IF(AND(Q31="Probabilidad",Q32="Probabilidad"),(AA31-(+AA31*T32)),IF(AND(Q31="Impacto",Q32="Probabilidad"),(AA30-(+AA30*T32)),IF(Q32="Impacto",AA31,""))),"") -> 0.0279936 | Z32: =IFERROR(IF(Y32="","",IF(Y32<=0.2,"Muy Baja",IF(Y32<=0.4,"Baja",IF(Y32<=0.6,"Media",IF(Y32<=0.8,"Alta","Muy Alta"))))),"") -> Muy Baja | AA32: =+Y32 -> 0.0279936 | AB32: =IFERROR(IF(AC32="","",IF(AC32<=0.2,"Leve",IF(AC32<=0.4,"Menor",IF(AC32<=0.6,"Moderado",IF(AC32<=0.8,"Mayor","Catastrófico"))))),"") -> Catastrófico | AC32: =IFERROR(IF(AND(Q31="Impacto",Q32="Impacto"),(AC31-(+AC31*T32)),IF(AND(Q31="Probabilidad",Q32="Impacto"),(AC30-(+AC30*T32)),IF(Q32="Probabilidad",AC31,""))),"") -> 1
H33: No aplica | O33: 7 | P33: En caso de que el conflicto de intereses se materialice, cualquier persona puede realizar la respectiva denuncia ante las autoridades competentes, ya sea de manera directa o a través de los canales de denuncia del Instituto en el marco del RITA . Por otro lado, el profesional líder de Talento Humano remité el caso a la Subdirección Jurídica para la activación del respectivo proceso disciplinario para el servidor público que incumpla con la obligación de declarar los conflictos de intereses Documentado en: P-GE-10, PROCEDIMIENTO PARA EL TRAMITE DE DENUNCIAS. | Q33: =IF(OR(R33="Preventivo",R33="Detectivo"),"Probabilidad",IF(R33="Correctivo","Impacto","")) -> Impacto | R33: Correctivo | S33: Manual | T33: =IF(AND(R33="Preventivo",S33="Automático"),"50%",IF(AND(R33="Preventivo",S33="Manual"),"40%",IF(AND(R33="Detectivo",S33="Automático"),"40%",IF(AND(R33="Detectivo",S33="Manual"),"30%",IF(AND(R33="Correctivo",S33="Automático"),"35%",IF(AND(R33="Correctivo",S33="Manual"),"25%","")))))) -> 25% | U33: Documentado | V33: Aleatoria | W33: Con Registro | X33: Denuncias sobre materialización de conflictos de intereses. Expedientes de procesos disciplinarios. | Y33: =IFERROR(IF(AND(Q32="Probabilidad",Q33="Probabilidad"),(AA32-(+AA32*T33)),IF(AND(Q32="Impacto",Q33="Probabilidad"),(AA31-(+AA31*T33)),IF(Q33="Impacto",AA32,""))),"") -> 0.0279936 | Z33: =IFERROR(IF(Y33="","",IF(Y33<=0.2,"Muy Baja",IF(Y33<=0.4,"Baja",IF(Y33<=0.6,"Media",IF(Y33<=0.8,"Alta","Muy Alta"))))),"") -> Muy Baja | AA33: =+Y33 -> 0.0279936 | AB33: =IFERROR(IF(AC33="","",IF(AC33<=0.2,"Leve",IF(AC33<=0.4,"Menor",IF(AC33<=0.6,"Moderado",IF(AC33<=0.8,"Mayor","Catastrófico"))))),"") -> Mayor | AC33: =IFERROR(IF(AND(Q32="Impacto",Q33="Impacto"),(AC32-(+AC32*T33)),IF(AND(Q32="Probabilidad",Q33="Impacto"),(AC31-(+AC31*T33)),IF(Q33="Probabilidad",AC32,""))),"") -> 0.75
A34: GH12 | B34: Garantizar que el 100% de los pagos de nomina, prestaciones sociales y seguridad social cumplan los términos pactados y la normatividad aplicable. | C34: Pagos de obligaciones laborales Riesgo Fiscal | D34: Posibilidad de efecto dañoso sobre recursos publicos | E34: por pago de Intereses moratorios y sanciones por parte del Ministerio del Trabajo. | F34: debido a incumplimientos y/o retrasos en el pago de obligaciones laborales tales como prestaciones sociales y económicas de los vinculados, asi como el pago extemporáneo de arl contratistas riesgo 4 y 5. | G34: Posibilidad de efecto dañoso sobre recursos publicos por pago de Intereses moratorios y sanciones por parte del Ministerio del Trabajo, debido a incumplimientos y/o retrasos en el pago de obligaciones laborales tales como prestaciones sociales y económicas de los vinculados, asi como el pago extemporáneo de arl contratistas riesgo 4 y 5. | H34: Falta de control de terminos para el pago de ogligaciones laborales (prestaciones sociales y eoconómicas de vinculados) | I34: Fiscal | J34: Alta | K34: =IF(J34="","",IF(J34="Muy Baja",0.2,IF(J34="Baja",0.4,IF(J34="Media",0.6,IF(J34="Alta",0.8,IF(J34="Muy Alta",1,)))))) -> 0.8 | L34: Mayor | M34: =IF(L34="","",IF(L34="Leve",0.2,IF(L34="Menor",0.4,IF(L34="Moderado",0.6,IF(L34="Mayor",0.8,IF(L34="Catastrófico",1,)))))) -> 0.8 | N34: =IF(OR(AND(J34="Muy Baja",L34="Leve"),AND(J34="Muy Baja",L34="Menor"),AND(J34="Baja",L34="Leve")),"Bajo",IF(OR(AND(J34="Muy baja",L34="Moderado"),AND(J34="Baja",L34="Menor"),AND(J34="Baja",L34="Moderado"),AND(J34="Media",L34="Leve"),AND(J34="Media",L34="Menor"),AND(J34="Media",L34="Moderado"),AND(J34="Alta",L34="Leve"),AND(J34="Alta",L34="Menor")),"Moderado",IF(OR(AND(J34="Muy Baja",L34="Mayor"),AND(J34="Baja",L34="Mayor"),AND(J34="Media",L34="Mayor"),AND(J34="Alta",L34="Moderado"),AND(J34="Alta",L34="Mayor"),AND(J34="Muy Alta",L34="Leve"),AND(J34="Muy Alta",L34="Menor"),AND(J34="Muy Alta",L34="Moderado"),AND(J34="Muy Alta",L34="Mayor")),"Alto",IF(OR(AND(J34="Muy Baja",L34="Catastrófico"),AND(J34="Baja",L34="Catastrófico"),AND(J34="Media",L34="Catastrófico"),AND(J34="Alta",L34="Catastrófico"),AND(J34="Muy Alta",L34="Catastrófico")),"Extremo","")))) -> Alto | O34: 1 | P34: El lider de Talento Humano al inicio de cada vigencia, incluye en el calendario financiero elo pago de las obligaciones laborales . El lider de Talento Humano realiza seguimiento al cumplimiento del pago de las obligaciones laborales de acuerdo a calendario financiero. Para efectos de realizar el pago, se debe expedir el respectivo acto administrativo. | Q34: =IF(OR(R34="Preventivo",R34="Detectivo"),"Probabilidad",IF(R34="Correctivo","Impacto","")) -> Probabilidad | R34: Preventivo | S34: Manual | T34: =IF(AND(R34="Preventivo",S34="Automático"),"50%",IF(AND(R34="Preventivo",S34="Manual"),"40%",IF(AND(R34="Detectivo",S34="Automático"),"40%",IF(AND(R34="Detectivo",S34="Manual"),"30%",IF(AND(R34="Correctivo",S34="Automático"),"35%",IF(AND(R34="Correctivo",S34="Manual"),"25%","")))))) -> 40% | U34: Sin Documentar | V34: Aleatoria | W34: Con Registro | X34: Calendario Financiero Actos administrativos para el pago de obligaciones laborales Egresos | Y34: =IFERROR(IF(Q34="Probabilidad",(K34-(+K34*T34)),IF(Q34="Impacto",K34,"")),"") -> 0.48 | Z34: =IFERROR(IF(Y34="","",IF(Y34<=0.2,"Muy Baja",IF(Y34<=0.4,"Baja",IF(Y34<=0.6,"Media",IF(Y34<=0.8,"Alta","Muy Alta"))))),"") -> Media | AA34: =+Y34 -> 0.48 | AB34: =IFERROR(IF(AC34="","",IF(AC34<=0.2,"Leve",IF(AC34<=0.4,"Menor",IF(AC34<=0.6,"Moderado",IF(AC34<=0.8,"Mayor","Catastrófico"))))),"") -> Mayor | AC34: =IFERROR(IF(Q34="Impacto",(M34-(+M34*T34)),IF(Q34="Probabilidad",M34,"")),"") -> 0.8 | AD34: =IFERROR(IF(AE34=0,"",IF(AND(AE34>0,AE34<=0.2),"Muy Baja",IF(AE34<=0.4,"Baja",IF(AE34<=0.6,"Media",IF(AE34<=0.8,"Alta","Muy Alta"))))),"") -> Muy Baja | AE34: =MIN(Y34:Y37) -> 0.1728 | AF34: =IFERROR(IF(AG34=0,"",IF(AND(AG34>0,AG34<=0.2),"Leve",IF(AG34<=0.4,"Menor",IF(AG34<=0.6,"Moderado",IF(AG34<=0.8,"Mayor","Catastrófico"))))),"") -> Moderado | AG34: =MIN(AC34:AC37) -> 0.6 | AH34: =IFERROR(IF(OR(AND(AD34="Muy Baja",AF34="Leve"),AND(AD34="Muy Baja",AF34="Menor"),AND(AD34="Baja",AF34="Leve")),"Bajo",IF(OR(AND(AD34="Muy Baja",AF34="Moderado"),AND(AD34="Baja",AF34="Menor"),AND(AD34="Baja",AF34="Moderado"),AND(AD34="Media",AF34="Leve"),AND(AD34="Media",AF34="Menor"),AND(AD34="Media",AF34="Moderado"),AND(AD34="Alta",AF34="Leve"),AND(AD34="Alta",AF34="Menor")),"Moderado",IF(OR(AND(AD34="Muy Baja",AF34="Mayor"),AND(AD34="Baja",AF34="Mayor"),AND(AD34="Media",AF34="Mayor"),AND(AD34="Alta",AF34="Moderado"),AND(AD34="Alta",AF34="Mayor"),AND(AD34="Muy Alta",AF34="Leve"),AND(AD34="Muy Alta",AF34="Menor"),AND(AD34="Muy Alta",AF34="Moderado"),AND(AD34="Muy Alta",AF34="Mayor")),"Alto",IF(OR(AND(AD34="Muy Baja",AF34="Catastrófico"),AND(AD34="Baja",AF34="Catastrófico"),AND(AD34="Media",AF34="Catastrófico"),AND(AD34="Alta",AF34="Catastrófico"),AND(AD34="Muy Alta",AF34="Catastrófico")),"Extremo","")))),"") -> Moderado | AJ34: Incluir en el procedimiento de desvinculación los térrminos para el pago de la liquidación final de prestaciones sociales. Fecha: 31 de marzo de 2025. | AK34: El riesgo y sus causas continuan vigentes de acuerdo al contexto? (Ver Columnas F y H): El riesgo y las causas continúan vigentes de acuerdo al contexto interno y externo Se materializó el Riesgo? (Evento Potencial Principal. Columna F): No se ha materializado. Posibilidad de efecto dañoso sobre recursos publicos por pago de Intereses moratorios y sanciones por parte del Ministerio del Trabajo, debido a incumplimientos y/o retrasos en el pago de obligaciones laborales tales como prestaciones sociales y económicas de los vinculados, asi como el pago extemporáneo de arl contratistas riesgo 4 y 5. Se materializaron las causas? (Eventos Potenciales Intermedios. Columna H): Causa 1: Riesgo no materializado, en cabeza del líder de Talento Humano se coordina la liquidación y en trabajo con el área financiera el pago de las obligaciones en los tiempos establecidos por la ley para las obligaciones laborales. Causa 2: Riesgo no materializado, Se hace entrega oportuna de las liquidaciones de Seguridad Social de los vinculados desde el Talento Humano a Tesorería, teniendo en cuenta que dicha entrega se hace antes del vencimiento. Causa 3: Riesgo no materializado, el líder de Talento Humano direcciona las necesidades relevantes a la Subdirección para su estudio y aprobación. Causa 4: Riesgo no materializado, este es un riesgo que no se ha materializado, cuando se presentan novedades se solicita el proveedor de ERP de nómina su solución. Los Controles están bien diseñados, se aplican conforme al diseño y son efectivos? (Ver controles en la columna P / Concluir frente a cada control) Estos controles están bien diseñados, los controles 1,2,3,4 cuentan con una mitigación que se relaciona directamente con el pago oportuno de las obligaciones laborales de vinculados, una revisión interna articulada con profesionales y líderes, y una aprobación que alcanza en todos los casos visto bueno por parte de la Subdirección. Acciones derivadas de materialización de eventos / fortalecimiento de controles: ver acciones en Subtítulos anteriores. Que acciones propones o se están llevando a cabo para gestionar los riesgos y las causas que se materializaron? (Si no aplica colocar NA): N/A Que acciones propones o se están llevando a cabo para fortalecer los controles? En caso de que tengas acciones por ejecutar en la columna AJ también concluir frente a su estado): N/A | AL34: Actos Administrativos para el pago de Obligaciones Laborales: Plataforma de nomina SICOF https://portales.adacsc.co/ventanas/?ADA=21FB39D40AF05F Planillas pagadas de seguridad social Ruta de One drive, carpeta compartida de Admin y Financiera estan cargadas las nominas de los meses que se han pagado del año 2026: https://isvimedgovco.sharepoint.com/sites/Admin_Y_Financiera-09.TalentoHumano/Documentos%20compartidos/Forms/AllItems.aspx?id=%2Fsites%2FAdmin%5FY%5FFinanciera%2D09%2ETalentoHumano%2FDocumentos%20compartidos%2F09%2ETalento%20Humano%2FNOVEDADES%5FNOMINA%2F2026%2FNOMINA&viewid=2dd00e51%2Dd816%2D465c%2Db07a%2Dac38ca92939f&p=true | AM34: Se materializó el Riesgo? (Evento Potencial Principal. Columna F): No se ha materializado. Posibilidad de efecto dañoso sobre recursos publicos por pago de Intereses moratorios y sanciones por parte del Ministerio del Trabajo, debido a incumplimientos y/o retrasos en el pago de obligaciones laborales tales como prestaciones sociales y económicas de los vinculados, asi como el pago extemporáneo de arl contratistas riesgo 4 y 5. Los Controles están bien diseñados, se aplican conforme al diseño y son efectivos? (Ver controles en la columna P / Concluir frente a cada control) Estos controles están bien diseñados, los controles 1,2,3,4 cuentan con una mitigación que se relaciona directamente con el pago oportuno de las obligaciones laborales de vinculados, una revisión interna articulada con profesionales y líderes, y una aprobación que alcanza en todos los casos visto bueno por parte de la Subdirección. Acciones derivadas de materialización de eventos / fortalecimiento de controles: ver acciones en Subtítulos anteriores. Que acciones propones o se están llevando a cabo para gestionar los riesgos y las causas que se materializaron? (Si no aplica colocar NA): N/A Que acciones propones o se están llevando a cabo para fortalecer los controles? En caso de que tengas acciones por ejecutar en la columna AJ también concluir frente a su estado): N/A | AN34: Actos Administrativos para el pago de Obligaciones Laborales: Plataforma de nomina SICOF https://portales.adacsc.co/ventanas/?ADA=21FB39D40AF05F Planillas pagadas de seguridad social Ruta de One drive, carpeta compartida de Admin y Financiera estan cargadas las nominas de los meses que se han pagado del año 2026: https://isvimedgovco.sharepoint.com/sites/Admin_Y_Financiera-09.TalentoHumano/Documentos%20compartidos/Forms/AllItems.aspx?id=%2Fsites%2FAdmin%5FY%5FFinanciera%2D09%2ETalentoHumano%2FDocumentos%20compartidos%2F09%2ETalento%20Humano%2FNOVEDADES%5FNOMINA%2F2026%2FNOMINA&viewid=2dd00e51%2Dd816%2D465c%2Db07a%2Dac38ca92939f&p=true | AO34: Se materializó el Riesgo? (Ver evento potencial principal en Columna F. Relacionar detalles de la materialización - que, como, cuando, donde): Los Controles están bien diseñados, se aplican de acuerdo al diseño y son efectivos? (Ver controles en la columna P / Concluir frente a cada control) Que acciones propones o se están llevando a cabo para gestionar el riesgo que se materializó? (Si no aplica colocar N/A) Que acciones propones o se están llevando a cabo para fortalecer los controles? (En el caso de que tener Acciones de mejora / Acciones correctivas en proceso, relacionar el avance. Si tienes acciones específicas a desarrollar en la columna AJ, también relacionar el avance) | AQ34: Se materializó el Riesgo? (Ver evento potencial principal en Columna F. Relacionar detalles de la materialización - que, como, cuando, donde): Los Controles están bien diseñados, se aplican de acuerdo al diseño y son efectivos? (Ver controles en la columna P / Concluir frente a cada control) Que acciones propones o se están llevando a cabo para gestionar el riesgo que se materializó? (Si no aplica colocar N/A) Que acciones propones o se están llevando a cabo para fortalecer los controles? (En el caso de que tener Acciones de mejora / Acciones correctivas en proceso, relacionar el avance. Si tienes acciones específicas a desarrollar en la columna AJ, también relacionar el avance)
H35: Fallas en la disponbilidad de las plataformas utilizadas para el pago de obligacones laborales | O35: 2 | P35: Se ha establecido como política, entregar desde Talento Humano la liquidación de la seguridad social de vinculados y contratitas riesgos 4 y 5, a Tesorería como máximo de 3 días previos a su vencimiento. El líder de Talento Humano verifica el cumplimiento de esta política. | Q35: =IF(OR(R35="Preventivo",R35="Detectivo"),"Probabilidad",IF(R35="Correctivo","Impacto","")) -> Probabilidad | R35: Preventivo | S35: Manual | T35: =IF(AND(R35="Preventivo",S35="Automático"),"50%",IF(AND(R35="Preventivo",S35="Manual"),"40%",IF(AND(R35="Detectivo",S35="Automático"),"40%",IF(AND(R35="Detectivo",S35="Manual"),"30%",IF(AND(R35="Correctivo",S35="Automático"),"35%",IF(AND(R35="Correctivo",S35="Manual"),"25%","")))))) -> 40% | U35: Sin Documentar | V35: Aleatoria | W35: Con Registro | X35: Correos electrónicos remisorios con liquidación de prestaciones sociales. Egresos pago de seguridad social planillas pagadas de seguridad social | Y35: =IFERROR(IF(AND(Q34="Probabilidad",Q35="Probabilidad"),(AA34-(+AA34*T35)),IF(Q35="Probabilidad",(K34-(+K34*T35)),IF(Q35="Impacto",AA34,""))),"") -> 0.288 | Z35: =IFERROR(IF(Y35="","",IF(Y35<=0.2,"Muy Baja",IF(Y35<=0.4,"Baja",IF(Y35<=0.6,"Media",IF(Y35<=0.8,"Alta","Muy Alta"))))),"") -> Baja | AA35: =+Y35 -> 0.288 | AB35: =IFERROR(IF(AC35="","",IF(AC35<=0.2,"Leve",IF(AC35<=0.4,"Menor",IF(AC35<=0.6,"Moderado",IF(AC35<=0.8,"Mayor","Catastrófico"))))),"") -> Mayor | AC35: =IFERROR(IF(AND(Q34="Impacto",Q35="Impacto"),(AC34-(+AC34*T35)),IF(Q35="Impacto",(#REF!-(+#REF!*T35)),IF(Q35="Probabilidad",AC34,""))),"") -> 0.8 | AJ35: Estructurar un calendario para el pago de obligaciones laborales que incluya los términos para entregar a tesorería con el fin de garantizar el pago oportuno. Fecha: Febrero 28 de 2025.
H36: Falta de personal para la ejecución de actividades relacionadas con el pago de obligaciones laborales | O36: 3 | P36: El lider de Talento Humano identifica las necesidades de personal y las informa a la Subdirección Administrativa y Financiero para su aprobación e inclusión en el proyecto de prespuesto de la siguiente vigencia y en el Plan Anual de Adquisiciones. | Q36: =IF(OR(R36="Preventivo",R36="Detectivo"),"Probabilidad",IF(R36="Correctivo","Impacto","")) -> Probabilidad | R36: Preventivo | S36: Manual | T36: =IF(AND(R36="Preventivo",S36="Automático"),"50%",IF(AND(R36="Preventivo",S36="Manual"),"40%",IF(AND(R36="Detectivo",S36="Automático"),"40%",IF(AND(R36="Detectivo",S36="Manual"),"30%",IF(AND(R36="Correctivo",S36="Automático"),"35%",IF(AND(R36="Correctivo",S36="Manual"),"25%","")))))) -> 40% | U36: Documentado | V36: Aleatoria | W36: Con Registro | X36: Resolución de aprobación del presupuesto Plan Anual de Adquisiciones | Y36: =IFERROR(IF(AND(Q35="Probabilidad",Q36="Probabilidad"),(AA35-(+AA35*T36)),IF(AND(Q35="Impacto",Q36="Probabilidad"),(AA34-(+AA34*T36)),IF(Q36="Impacto",AA35,""))),"") -> 0.1728 | Z36: =IFERROR(IF(Y36="","",IF(Y36<=0.2,"Muy Baja",IF(Y36<=0.4,"Baja",IF(Y36<=0.6,"Media",IF(Y36<=0.8,"Alta","Muy Alta"))))),"") -> Muy Baja | AA36: =+Y36 -> 0.1728 | AB36: =IFERROR(IF(AC36="","",IF(AC36<=0.2,"Leve",IF(AC36<=0.4,"Menor",IF(AC36<=0.6,"Moderado",IF(AC36<=0.8,"Mayor","Catastrófico"))))),"") -> Mayor | AC36: =IFERROR(IF(AND(Q35="Impacto",Q36="Impacto"),(AC35-(+AC35*T36)),IF(AND(Q35="Probabilidad",Q36="Impacto"),(AC34-(+AC34*T36)),IF(Q36="Probabilidad",AC35,""))),"") -> 0.8
H37: Deficiencias en la configuración y parametrización del software para la liquidación y pago de las obligaciones laborales. | O37: 4 | P37: En el caso errores de parametrización de liquidación de obligaciones laborales, se diligencia un ticket de mesa de ayuda del proveedor del software Sicof para el módulo de nómina. El líder de Talento Humano realiza seguimiento a la atención y solución del requerimiento. | Q37: =IF(OR(R37="Preventivo",R37="Detectivo"),"Probabilidad",IF(R37="Correctivo","Impacto","")) -> Impacto | R37: Correctivo | S37: Manual | T37: =IF(AND(R37="Preventivo",S37="Automático"),"50%",IF(AND(R37="Preventivo",S37="Manual"),"40%",IF(AND(R37="Detectivo",S37="Automático"),"40%",IF(AND(R37="Detectivo",S37="Manual"),"30%",IF(AND(R37="Correctivo",S37="Automático"),"35%",IF(AND(R37="Correctivo",S37="Manual"),"25%","")))))) -> 25% | U37: Documentado | V37: Aleatoria | W37: Con Registro | X37: ticket de mesa de ayuda Sicof | Y37: =IFERROR(IF(AND(Q36="Probabilidad",Q37="Probabilidad"),(AA36-(+AA36*T37)),IF(AND(Q36="Impacto",Q37="Probabilidad"),(AA35-(+AA35*T37)),IF(Q37="Impacto",AA36,""))),"") -> 0.1728 | Z37: =IFERROR(IF(Y37="","",IF(Y37<=0.2,"Muy Baja",IF(Y37<=0.4,"Baja",IF(Y37<=0.6,"Media",IF(Y37<=0.8,"Alta","Muy Alta"))))),"") -> Muy Baja | AA37: =+Y37 -> 0.1728 | AB37: =IFERROR(IF(AC37="","",IF(AC37<=0.2,"Leve",IF(AC37<=0.4,"Menor",IF(AC37<=0.6,"Moderado",IF(AC37<=0.8,"Mayor","Catastrófico"))))),"") -> Moderado | AC37: =IFERROR(IF(AND(Q36="Impacto",Q37="Impacto"),(AC36-(+AC36*T37)),IF(AND(Q36="Probabilidad",Q37="Impacto"),(AC35-(+AC35*T37)),IF(Q37="Probabilidad",AC36,""))),"") -> 0.6
A38: GH13 | B38: NA | C38: Contratación de bienes y servicios Riesgo Fiscal | D38: Posibilidad de efecto dañoso sobre recursos publicos | E38: por sobrecostos derivados de la ejecución de los contratos | F38: debido a bienes, servicios u obras inconclusos, infuncionales y/o que no brindan utilidad o beneficio y/o por autorización de facturas que no corresponden a las condiciones pactadas en los contratos. | G38: Posibilidad de efecto dañoso sobre recursos publicos por sobrecostos derivados de la ejecución de los contratos, debido a bienes, servicios u obras inconclusos, infuncionales y/o que no brindan utilidad o beneficio y/o por autorización de facturas que no corresponden a las condiciones pactadas en los contratos. | H38: 1. Descripción de especificaciones técnicas insuficientes durante la etapa precontractual | I38: Fiscal | J38: Baja | K38: =IF(J38="","",IF(J38="Muy Baja",0.2,IF(J38="Baja",0.4,IF(J38="Media",0.6,IF(J38="Alta",0.8,IF(J38="Muy Alta",1,)))))) -> 0.4 | L38: Mayor | M38: =IF(L38="","",IF(L38="Leve",0.2,IF(L38="Menor",0.4,IF(L38="Moderado",0.6,IF(L38="Mayor",0.8,IF(L38="Catastrófico",1,)))))) -> 0.8 | N38: =IF(OR(AND(J38="Muy Baja",L38="Leve"),AND(J38="Muy Baja",L38="Menor"),AND(J38="Baja",L38="Leve")),"Bajo",IF(OR(AND(J38="Muy baja",L38="Moderado"),AND(J38="Baja",L38="Menor"),AND(J38="Baja",L38="Moderado"),AND(J38="Media",L38="Leve"),AND(J38="Media",L38="Menor"),AND(J38="Media",L38="Moderado"),AND(J38="Alta",L38="Leve"),AND(J38="Alta",L38="Menor")),"Moderado",IF(OR(AND(J38="Muy Baja",L38="Mayor"),AND(J38="Baja",L38="Mayor"),AND(J38="Media",L38="Mayor"),AND(J38="Alta",L38="Moderado"),AND(J38="Alta",L38="Mayor"),AND(J38="Muy Alta",L38="Leve"),AND(J38="Muy Alta",L38="Menor"),AND(J38="Muy Alta",L38="Moderado"),AND(J38="Muy Alta",L38="Mayor")),"Alto",IF(OR(AND(J38="Muy Baja",L38="Catastrófico"),AND(J38="Baja",L38="Catastrófico"),AND(J38="Media",L38="Catastrófico"),AND(J38="Alta",L38="Catastrófico"),AND(J38="Muy Alta",L38="Catastrófico")),"Extremo","")))) -> Alto | O38: 1 | P38: El Lider de Talento Humano indentifica las necesidades relacionadss con los roles del proceso y realiza estudio de mercado para identificar las especificaciones técnicas de los bienes y servicios que satisface tales necesidades. | Q38: =IF(OR(R38="Preventivo",R38="Detectivo"),"Probabilidad",IF(R38="Correctivo","Impacto","")) -> Probabilidad | R38: Preventivo | S38: Manual | T38: =IF(AND(R38="Preventivo",S38="Automático"),"50%",IF(AND(R38="Preventivo",S38="Manual"),"40%",IF(AND(R38="Detectivo",S38="Automático"),"40%",IF(AND(R38="Detectivo",S38="Manual"),"30%",IF(AND(R38="Correctivo",S38="Automático"),"35%",IF(AND(R38="Correctivo",S38="Manual"),"25%","")))))) -> 40% | U38: Documentado | V38: Aleatoria | W38: Con Registro | X38: Estudio Previo Estudio de Mercado Minuta del Contarto Suscrito | Y38: =IFERROR(IF(Q38="Probabilidad",(K38-(+K38*T38)),IF(Q38="Impacto",K38,"")),"") -> 0.24 | Z38: =IFERROR(IF(Y38="","",IF(Y38<=0.2,"Muy Baja",IF(Y38<=0.4,"Baja",IF(Y38<=0.6,"Media",IF(Y38<=0.8,"Alta","Muy Alta"))))),"") -> Baja | AA38: =+Y38 -> 0.24 | AB38: =IFERROR(IF(AC38="","",IF(AC38<=0.2,"Leve",IF(AC38<=0.4,"Menor",IF(AC38<=0.6,"Moderado",IF(AC38<=0.8,"Mayor","Catastrófico"))))),"") -> Mayor | AC38: =IFERROR(IF(Q38="Impacto",(M38-(+M38*T38)),IF(Q38="Probabilidad",M38,"")),"") -> 0.8 | AD38: =IFERROR(IF(AE38=0,"",IF(AND(AE38>0,AE38<=0.2),"Muy Baja",IF(AE38<=0.4,"Baja",IF(AE38<=0.6,"Media",IF(AE38<=0.8,"Alta","Muy Alta"))))),"") -> Muy Baja | AE38: =MIN(Y38:Y40) -> 0.144 | AF38: =IFERROR(IF(AG38=0,"",IF(AND(AG38>0,AG38<=0.2),"Leve",IF(AG38<=0.4,"Menor",IF(AG38<=0.6,"Moderado",IF(AG38<=0.8,"Mayor","Catastrófico"))))),"") -> Moderado | AG38: =MIN(AC38:AC40) -> 0.45 | AH38: =IFERROR(IF(OR(AND(AD38="Muy Baja",AF38="Leve"),AND(AD38="Muy Baja",AF38="Menor"),AND(AD38="Baja",AF38="Leve")),"Bajo",IF(OR(AND(AD38="Muy Baja",AF38="Moderado"),AND(AD38="Baja",AF38="Menor"),AND(AD38="Baja",AF38="Moderado"),AND(AD38="Media",AF38="Leve"),AND(AD38="Media",AF38="Menor"),AND(AD38="Media",AF38="Moderado"),AND(AD38="Alta",AF38="Leve"),AND(AD38="Alta",AF38="Menor")),"Moderado",IF(OR(AND(AD38="Muy Baja",AF38="Mayor"),AND(AD38="Baja",AF38="Mayor"),AND(AD38="Media",AF38="Mayor"),AND(AD38="Alta",AF38="Moderado"),AND(AD38="Alta",AF38="Mayor"),AND(AD38="Muy Alta",AF38="Leve"),AND(AD38="Muy Alta",AF38="Menor"),AND(AD38="Muy Alta",AF38="Moderado"),AND(AD38="Muy Alta",AF38="Mayor")),"Alto",IF(OR(AND(AD38="Muy Baja",AF38="Catastrófico"),AND(AD38="Baja",AF38="Catastrófico"),AND(AD38="Media",AF38="Catastrófico"),AND(AD38="Alta",AF38="Catastrófico"),AND(AD38="Muy Alta",AF38="Catastrófico")),"Extremo","")))),"") -> Moderado | AK38: El riesgo y sus causas continuan vigentes de acuerdo al contexto? (Ver Columnas F y H): El riesgo y las causas continúan vigentes de acuerdo al contexto interno y externó Se materializó el Riesgo? (Evento Potencial Principal. Columna F): No se ha materializado , no se han presentado novedades relacionadas con la facturacion inadecuada de bienes y/o servicios de los contratos a cargo de Talento Humano. Se materializaron las causas? (Eventos Potenciales Intermedios. Columna H): Causa 1: No se ha materializado por falta de especificaciones técnicas insuficientes durante la etapa precontractual . Causa 2 : No se ha materializado, no han habido incumplimientos en los contratos suscrito por Talento Humano. Causa 3 : No se han materializado, todos los bienes y servicios se han recibido a satisfacción por parte de Talento Humano. Los Controles están bien diseñados, se aplican conforme al diseño y son efectivos? (Ver controles en la columna P / Concluir frente a cada control) Control 1: Este control está diseñado de la manera correcta ya que el riesgo no se ha materializado gracias a que se han realizado estudios previos y estudios de mercado confirme a la necesidad y además se ha dejado todas las especificaciones técnicas plasmadas. Control 2: Control debidamente diseñado porque de acuerdo a su descripción no ha habido incumplimientos en los contratos suscrito por Talento Humano. En los informes de supervisión no se han evidenciado incumplimientos en los contratos. Control 3: Esta bien diseñado gracias a que todos los bienes y servicios se han recibido a satisfacción por parte de Talento Humano. Acciones derivadas de materialización de eventos / fortalecimiento de controles; en las actas de recibo a satisfacción. Que acciones propones o se están llevando a cabo para gestionar los riesgos y las causas que se materializaron? (Si no aplica colocar NA): N/A Que acciones propones o se están llevando a cabo para fortalecer los controles? En caso de que tengas acciones por ejecutar en la columna AJ también concluir frente a su estado): N/A | AL38: Minuta de Contrato Suscrito Plataforma SECOP, los contratistas deben cargar cuentas de cobro en este portal: https://www.secop.gov.co/CO1ContractsManagement/Tendering/ProcurementContractManagement/Index | AM38: Se materializó el Riesgo? (Evento Potencial Principal. Columna F): No se ha materializado , no se han presentado novedades relacionadas con la facturacion inadecuada de bienes y/o servicios de los contratos a cargo de Talento Humano. Los Controles están bien diseñados, se aplican conforme al diseño y son efectivos? (Ver controles en la columna P / Concluir frente a cada control) Control 1: Este control está diseñado de la manera correcta ya que el riesgo no se ha materializado gracias a que se han realizado estudios previos y estudios de mercado confirme a la necesidad y además se ha dejado todas las especificaciones técnicas plasmadas. Control 2: Control debidamente diseñado porque de acuerdo a su descripción no ha habido incumplimientos en los contratos suscrito por Talento Humano. En los informes de supervisión no se han evidenciado incumplimientos en los contratos. Control 3: Esta bien diseñado gracias a que todos los bienes y servicios se han recibido a satisfacción por parte de Talento Humano. Acciones derivadas de materialización de eventos / fortalecimiento de controles; en las actas de recibo a satisfacción. Que acciones propones o se están llevando a cabo para gestionar los riesgos y las causas que se materializaron? (Si no aplica colocar NA): N/A Que acciones propones o se están llevando a cabo para fortalecer los controles? En caso de que tengas acciones por ejecutar en la columna AJ también concluir frente a su estado): N/A | AN38: Minuta de Contrato Suscrito Plataforma SECOP, los contratistas deben cargar cuentas de cobro en este portal: https://www.secop.gov.co/CO1ContractsManagement/Tendering/ProcurementContractManagement/Index | AO38: Se materializó el Riesgo? (Ver evento potencial principal en Columna F. Relacionar detalles de la materialización - que, como, cuando, donde): Los Controles están bien diseñados, se aplican de acuerdo al diseño y son efectivos? (Ver controles en la columna P / Concluir frente a cada control) Que acciones propones o se están llevando a cabo para gestionar el riesgo que se materializó? (Si no aplica colocar N/A) Que acciones propones o se están llevando a cabo para fortalecer los controles? (En el caso de que tener Acciones de mejora / Acciones correctivas en proceso, relacionar el avance. Si tienes acciones específicas a desarrollar en la columna AJ, también relacionar el avance) | AQ38: Se materializó el Riesgo? (Ver evento potencial principal en Columna F. Relacionar detalles de la materialización - que, como, cuando, donde): Los Controles están bien diseñados, se aplican de acuerdo al diseño y son efectivos? (Ver controles en la columna P / Concluir frente a cada control) Que acciones propones o se están llevando a cabo para gestionar el riesgo que se materializó? (Si no aplica colocar N/A) Que acciones propones o se están llevando a cabo para fortalecer los controles? (En el caso de que tener Acciones de mejora / Acciones correctivas en proceso, relacionar el avance. Si tienes acciones específicas a desarrollar en la columna AJ, también relacionar el avance)
H39: 2. Incumplimiento del contrato por causales imputables al contratista | O39: 2 | P39: El supervisor asignado de infraestructura realiza reclamación al contratista sobre los bienes y servicios con incumplimientos. En caso de que no se subsanen los incumplimientos se remite el caso a la Subdirección Jurídica para que active el procedimiento administrativo sancionatorio. | Q39: =IF(OR(R39="Preventivo",R39="Detectivo"),"Probabilidad",IF(R39="Correctivo","Impacto","")) -> Impacto | R39: Correctivo | S39: Manual | T39: =IF(AND(R39="Preventivo",S39="Automático"),"50%",IF(AND(R39="Preventivo",S39="Manual"),"40%",IF(AND(R39="Detectivo",S39="Automático"),"40%",IF(AND(R39="Detectivo",S39="Manual"),"30%",IF(AND(R39="Correctivo",S39="Automático"),"35%",IF(AND(R39="Correctivo",S39="Manual"),"25%","")))))) -> 25% | U39: Documentado | V39: Aleatoria | W39: Con Registro | X39: Estudio Previo Estudio de Mercado Minuta del Contarto Suscrito | Y39: =IFERROR(IF(AND(Q38="Probabilidad",Q39="Probabilidad"),(AA38-(+AA38*T39)),IF(Q39="Probabilidad",(K38-(+K38*T39)),IF(Q39="Impacto",AA38,""))),"") -> 0.24 | Z39: =IFERROR(IF(Y39="","",IF(Y39<=0.2,"Muy Baja",IF(Y39<=0.4,"Baja",IF(Y39<=0.6,"Media",IF(Y39<=0.8,"Alta","Muy Alta"))))),"") -> Baja | AA39: =+Y39 -> 0.24 | AB39: =IFERROR(IF(AC39="","",IF(AC39<=0.2,"Leve",IF(AC39<=0.4,"Menor",IF(AC39<=0.6,"Moderado",IF(AC39<=0.8,"Mayor","Catastrófico"))))),"") -> Moderado | AC39: =IFERROR(IF(AND(Q38="Impacto",Q39="Impacto"),(AC38-(+AC38*T39)),IF(AND(Q38="Probabilidad",Q39="Impacto"),(AC37-(+AC37*T39)),IF(Q39="Probabilidad",AC38,""))),"") -> 0.45
H40: 3. Falta de validación de los bienes o servicios entregados versus las especificaciones tecnicas del contrato | O40: 3 | P40: El supervisor asignado verifca los bienes o servicios recibidos/prestados versus especificaciones tecnicas de cada contrato para emitir el respectivo recibo de satistfacción y autorización de pago. En el caso de bienes o servicios adquiridos bajo acuerdo marco de la Tienda virtiual del Estado Colombiano/TVEC se aplican los protocolo establecidos dentro del acuerdo. | Q40: =IF(OR(R40="Preventivo",R40="Detectivo"),"Probabilidad",IF(R40="Correctivo","Impacto","")) -> Probabilidad | R40: Preventivo | S40: Manual | T40: =IF(AND(R40="Preventivo",S40="Automático"),"50%",IF(AND(R40="Preventivo",S40="Manual"),"40%",IF(AND(R40="Detectivo",S40="Automático"),"40%",IF(AND(R40="Detectivo",S40="Manual"),"30%",IF(AND(R40="Correctivo",S40="Automático"),"35%",IF(AND(R40="Correctivo",S40="Manual"),"25%","")))))) -> 40% | U40: Documentado | V40: Aleatoria | W40: Con Registro | X40: El informe de supervición y anexos. Soportes de recepción de acuerdos marco | Y40: =IFERROR(IF(AND(Q39="Probabilidad",Q40="Probabilidad"),(AA39-(+AA39*T40)),IF(AND(Q39="Impacto",Q40="Probabilidad"),(AA38-(+AA38*T40)),IF(Q40="Impacto",AA39,""))),"") -> 0.144 | Z40: =IFERROR(IF(Y40="","",IF(Y40<=0.2,"Muy Baja",IF(Y40<=0.4,"Baja",IF(Y40<=0.6,"Media",IF(Y40<=0.8,"Alta","Muy Alta"))))),"") -> Muy Baja | AA40: =+Y40 -> 0.144 | AB40: =IFERROR(IF(AC40="","",IF(AC40<=0.2,"Leve",IF(AC40<=0.4,"Menor",IF(AC40<=0.6,"Moderado",IF(AC40<=0.8,"Mayor","Catastrófico"))))),"") -> Moderado | AC40: =IFERROR(IF(AND(Q39="Impacto",Q40="Impacto"),(AC39-(+AC39*T40)),IF(AND(Q39="Probabilidad",Q40="Impacto"),(AC38-(+AC38*T40)),IF(Q40="Probabilidad",AC39,""))),"") -> 0.45
A41: *Nota: La columna referencia se sugiere para mantener el consecutivo de riesgos, así el riesgo salga del mapa no existirá otro riesgo con el mismo número. Una entidad puede ir en el riesgo 150 pero tener 70 riesgos, lo que permite llevar una traza de los riesgos. Esta información la debe administrar la Oficina Asesora de Planeación o Gerencia de Riesgos.
A43: Fuente: Adaptado de Curso Riesgo Operativo Universidad del Rosario por Dirección de Gestión y Desempeño Institucional de Función Pública, 2020.
C45: CONTROL DE CAMBIOS
C47: Riesgo No. | D47: Fecha Cambio | E47: Descripción del cambio
C48: GH8 | D48: 44826 | E48: Se elimina evento potencial Intermedio 2 toda vez que la Contratación de Servicios Profesionales y de apoyo a la gestión es gestionada por la Subdirección Jurídica y por lo tanto se debe realizar seguimiento desde la matriz respectiva. Así mismo se eliminaron los controles relacionados.
C49: GH8 | D49: 44826 | E49: Se incluye el control 7 de tipo correctivo para reducir el impacto residual
C50: GH8 | D50: 44826 | E50: Se incluye el registro F-GH-74 verificación de cumplimiento de requisitos, como evidencia adicional de ejecución del control 1.
C51: GH8 | D51: 44826 | E51: Se adiciona al control 3 la siguiente medida: "La Subdirección Administrativa y financiera definen el plan de entrenamiento por nivel jerárquico en observancia de lo establecido en el procedimiento P-GH-10. El profesional de gestión de talento humano verifica que los funcionarios en entrenamiento, realicen todas las formaciones establecidas en el registro de Plan de entrenamiento. Este registro debe contar con la firma de los responsables de los entrenamientos, el jefe respectivo, el líder de programa o líder de proceso y la suya"
C52: GH9 | D52: 44826 | E52: Se incluye control 3 de tipo preventivo relacionado con el COLA (Calendari o de Obligaciones Laborales y Administrativas).
C53: GH10 | D53: 44826 | E53: Se incluyen los controles 4 y 5 de tipo correctivo, para disminuir el impacto residual
C54: GH10 | D54: 44895 | E54: Se incluye el evento potencial intermedio (de causa) No. 4: "Posibilidad de modificar la información de las bases de datos cuando se ingresa la información para el pago de nómina y prestaciones sociales por parte de personal con perfil de registro y edición." Se incluye el control 4 de tipo detectivo: "El profesional Líder de Talento Humano revisa la liquidación de nómina y prestaciones sociales realizada por el personal asignado a esta actividad, la cual es generada del software SICOF. En caso de identificar errores los notifica para realizar los ajustes pertinentes, de otro modo proporciona Visto Bueno, para que se proceda a realizar el pago correspondiente."
C55: GH11 | D55: 45076 | E55: Se incluye el riesgo GH11 relacionado con la posibilidad de que los servidores públicos del Instituto no declaren sus conflictos de intereses.
C56: GH11 | D56: 45194 | E56: Se incluye el control 5 con la siguiente redacción: "La Declaración de Situaciones de Conflictos de Intereses es un documento requerido para dar inicio al trámite de vinculación de la entidad de un servidor Publico. Esta declaración debe ser realizada en el formato F-GH-82 de la entidad. El profesional lider de talento humano verifica que se haya aportado la declaración y coloca marca de verificación en el formato Lista de Chequeo de Vinculación, F-GH-03".
C57: GH8 | D57: 45279 | E57: Se elimina el control 6. Decisiones tomadas por parte del personal que entran en contraposición con los intereses del Instituto. (Conflicto de Intereses), toda vez que se crea el riesgo GH11 en esta temática
C58: GH10 | D58: 45279 | E58: Se incluye el control 2 realcionado con la segregación de funciones para las actividad de nómina y prestaciones sociales se realiza de la siguiente manera: El contratista de gestión de talento humano registra las novedades de nómina. La profesional universitaria de talento humano revisa la liquidación de la nómina. El subdirector administrativo y financiero aprueba la liquidación de la nómina.
C59: Todos los riesgos | D59: 45471 | E59: Se incluyen los objetivos de Gestión Humana en la columna respectiva. A partir de estos objetivos se validaron los riesgos.
C60: GH12 , GH13 | D60: 45622 | E60: Se incluyen estos riesgos de tipo fiscal en cumplimiento de la versión 6 de la Guía de Administración de Riesgos de la Función Pública

Sheet MAPA CALOR INHERENTE
A1: MAPA DE CALOR INHERENTE (ANTES DE CONTROLES)
A3: PROCESO: | B3: ='2. MATRIZ DE RIESGOS'!D6 -> Gestión del Talento Humano
G4: MAPA DE CALOR RIESGO INHERENTE | R4: Impacto
C5: CALIFICACIÓN RIESGO INHERENTE | I5: Impacto | R5: 0.2 | S5: 0.4 | T5: 0.6 | U5: 0.8 | V5: 1
A6: No. DEL RIESGO | B6: RIESGO | C6: PROBABILIDAD | D6: IMPACTO | E6: SEVERIDAD (NIVEL DE RIESGO) | I6: Leve | J6: Menor | K6: Moderado | L6: Mayor | M6: Catastrófico | R6: Leve | S6: Menor | T6: Moderado | U6: Mayor | V6: Catastrófico
A7: ='2. MATRIZ DE RIESGOS'!A15 -> GH8 | B7: ='2. MATRIZ DE RIESGOS'!G15 -> Posibilidad de afectación económica y reputacional del Instituto por mal desempeño institucional derivado del incumplimiento de objetivos y metas relacionados con el Plan de Desarrollo Municipal a cargo del Instituto y con la planeación estratégica institucional. Lo anterior, debido a un deficiente desempeño del personal que desarrolla los procesos de la entidad. | C7: ='2. MATRIZ DE RIESGOS'!J15 -> Media | D7: ='2. MATRIZ DE RIESGOS'!L15 -> Mayor | E7: =+IF(C7=$Q$7,IF(D7=$R$6,$R$7,IF(D7=$S$6,$S$7,IF(D7=$T$6,$T$7,IF(D7=$U$6,$U$7,IF(D7=$V$6,$V$7))))),IF(C7=$Q$8,IF(D7=$R$6,$R$8,IF(D7=$S$6,$S$8,IF(D7=$T$6,$T$8,IF(D7=$U$6,$U$8,IF(D7=$V$6,$V$8))))),IF(C7=$Q$9,IF(D7=$R$6,$R$9,IF(D7=$S$6,$S$9,IF(D7=$T$6,$T$9,IF(D7=$U$6,$U$9,IF(D7=$V$6,$V$9))))),IF(C7=$Q$10,IF(D7=$R$6,$R$10,IF(D7=$S$6,$S$10,IF(D7=$T$6,$T$10,IF(D7=$U$6,$U$10,IF(D7=$V$6,$V$10))))),IF(C7=$Q$11,IF(D7=$R$6,$R$11,IF(D7=$S$6,$S$11,IF(D7=$T$6,$T$11,IF(D7=$U$6,$U$11,IF(D7=$V$6,$V$11))))),""))))) -> Alto | G7: Probabilidad | H7: Muy Alta | I7: =+IF(AND(C7=$Q$7,D7=$R$6),A7,"")&" "&IF(AND(C8=$Q$7,D8=$R$6),A8,"")&" "&IF(AND(C9=$Q$7,D9=$R$6),A9,"")&" "&IF(AND(C10=$Q$7,D10=$R$6),A10,"")&" "&IF(AND(C11=$Q$7,D11=$R$6),A11,"")&" "&IF(AND(C12=$Q$7,D12=$R$6),A12,"")&" "&IF(AND(C13=$Q$7,D13=$R$6),A13,"")&" "&IF(AND(C14=$Q$7,D14=$R$6),A14,"")&" "&IF(AND(C15=$Q$7,D15=$R$6),A15,"")&" "&IF(AND(C16=$Q$7,D16=$R$6),A16,"")&" "&IF(AND(C17=$Q$7,D17=$R$6),A17,"")&" "&IF(AND(C18=$Q$7,D18=$R$6),A18,"")&" "&IF(AND(C19=$Q$7,D19=$R$6),A19,"")&" "&IF(AND(C20=$Q$7,D20=$R$6),A20,"")&" "&IF(AND(C21=$Q$7,D21=$R$6),A21,"")&" "&IF(AND(C22=$Q$7,D22=$R$6),A22,"")&" "&IF(AND(C23=$Q$7,D23=$R$6),A23,"")&" "&IF(AND(C24=$Q$7,D24=$R$6),A24,"")&" "&IF(AND(C25=$Q$7,D25=$R$6),A25,"")&" "&IF(AND(C26=$Q$7,D26=$R$6),A26,"") | J7: =+IF(AND(C7=$Q$7,D7=$S$6),A7,"")&" "&IF(AND(C8=$Q$7,D8=$S$6),A8,"")&" "&IF(AND(C9=$Q$7,D9=$S$6),A9,"")&" "&IF(AND(C10=$Q$7,D10=$S$6),A10,"")&" "&IF(AND(C11=$Q$7,D11=$S$6),A11,"")&" "&IF(AND(C12=$Q$7,D12=$S$6),A12,"")&" "&IF(AND(C13=$Q$7,D13=$S$6),A13,"")&" "&IF(AND(C14=$Q$7,D14=$S$6),A14,"")&" "&IF(AND(C15=$Q$7,D15=$S$6),A15,"")&" "&IF(AND(C16=$Q$7,D16=$S$6),A16,"")&" "&IF(AND(C17=$Q$7,D17=$S$6),A17,"")&" "&IF(AND(C18=$Q$7,D18=$S$6),A18,"")&" "&IF(AND(C19=$Q$7,D19=$S$6),A19,"")&" "&IF(AND(C20=$Q$7,D20=$S$6),A20,"")&" "&IF(AND(C21=$Q$7,D21=$S$6),A21,"")&" "&IF(AND(C22=$Q$7,D22=$S$6),A22,"")&" "&IF(AND(C23=$Q$7,D23=$S$6),A23,"")&" "&IF(AND(C24=$Q$7,D24=$S$6),A24,"")&" "&IF(AND(C25=$Q$7,D25=$S$6),A25,"")&" "&IF(AND(C26=$Q$7,D26=$S$6),A26,"") | K7: =+IF(AND(C7=$Q$7,D7=$T$6),A7,"")&" "&IF(AND(C8=$Q$7,D8=$T$6),A8,"")&" "&IF(AND(C9=$Q$7,D9=$T$6),A9,"")&" "&IF(AND(C10=$Q$7,D10=$T$6),A10,"")&" "&IF(AND(C11=$Q$7,D11=$T$6),A11,"")&" "&IF(AND(C12=$Q$7,D12=$T$6),A12,"")&" "&IF(AND(C13=$Q$7,D13=$T$6),A13,"")&" "&IF(AND(C14=$Q$7,D14=$T$6),A14,"")&" "&IF(AND(C15=$Q$7,D15=$T$6),A15,"")&" "&IF(AND(C16=$Q$7,D16=$T$6),A16,"")&" "&IF(AND(C17=$Q$7,D17=$T$6),A17,"")&" "&IF(AND(C18=$Q$7,D18=$T$6),A18,"")&" "&IF(AND(C19=$Q$7,D19=$T$6),A19,"")&" "&IF(AND(C20=$Q$7,D20=$T$6),A20,"")&" "&IF(AND(C21=$Q$7,D21=$T$6),A21,"")&" "&IF(AND(C22=$Q$7,D22=$T$6),A22,"")&" "&IF(AND(C23=$Q$7,D23=$T$6),A23,"")&" "&IF(AND(C24=$Q$7,D24=$T$6),A24,"")&" "&IF(AND(C25=$Q$7,D25=$T$6),A25,"")&" "&IF(AND(C26=$Q$7,D26=$T$6),A26,"") | L7: =+IF(AND(C7=$Q$7,D7=$U$6),A7,"")&" "&IF(AND(C8=$Q$7,D8=$U$6),A8,"")&" "&IF(AND(C9=$Q$7,D9=$U$6),A9,"")&" "&IF(AND(C10=$Q$7,D10=$U$6),A10,"")&" "&IF(AND(C11=$Q$7,D11=$U$6),A11,"")&" "&IF(AND(C12=$Q$7,D12=$U$6),A12,"")&" "&IF(AND(C13=$Q$7,D13=$U$6),A13,"")&" "&IF(AND(C14=$Q$7,D14=$U$6),A14,"")&" "&IF(AND(C15=$Q$7,D15=$U$6),A15,"")&" "&IF(AND(C16=$Q$7,D16=$U$6),A16,"")&" "&IF(AND(C17=$Q$7,D17=$U$6),A17,"")&" "&IF(AND(C18=$Q$7,D18=$U$6),A18,"")&" "&IF(AND(C19=$Q$7,D19=$U$6),A19,"")&" "&IF(AND(C20=$Q$7,D20=$U$6),A20,"")&" "&IF(AND(C21=$Q$7,D21=$U$6),A21,"")&" "&IF(AND(C22=$Q$7,D22=$U$6),A22,"")&" "&IF(AND(C23=$Q$7,D23=$U$6),A23,"")&" "&IF(AND(C24=$Q$7,D24=$U$6),A24,"")&" "&IF(AND(C25=$Q$7,D25=$U$6),A25,"")&" "&IF(AND(C26=$Q$7,D26=$U$6),A26,"") | M7: =+IF(AND(C7=$Q$7,D7=$V$6),A7,"")&" "&IF(AND(C8=$Q$7,D8=$V$6),A8,"")&" "&IF(AND(C9=$Q$7,D9=$V$6),A9,"")&" "&IF(AND(C10=$Q$7,D10=$V$6),A10,"")&" "&IF(AND(C11=$Q$7,D11=$V$6),A11,"")&" "&IF(AND(C12=$Q$7,D12=$V$6),A12,"")&" "&IF(AND(C13=$Q$7,D13=$V$6),A13,"")&" "&IF(AND(C14=$Q$7,D14=$V$6),A14,"")&" "&IF(AND(C15=$Q$7,D15=$V$6),A15,"")&" "&IF(AND(C16=$Q$7,D16=$V$6),A16,"")&" "&IF(AND(C17=$Q$7,D17=$V$6),A17,"")&" "&IF(AND(C18=$Q$7,D18=$V$6),A18,"")&" "&IF(AND(C19=$Q$7,D19=$V$6),A19,"")&" "&IF(AND(C20=$Q$7,D20=$V$6),A20,"")&" "&IF(AND(C21=$Q$7,D21=$V$6),A21,"")&" "&IF(AND(C22=$Q$7,D22=$V$6),A22,"")&" "&IF(AND(C23=$Q$7,D23=$V$6),A23,"")&" "&IF(AND(C24=$Q$7,D24=$V$6),A24,"")&" "&IF(AND(C25=$Q$7,D25=$V$6),A25,"")&" "&IF(AND(C26=$Q$7,D26=$V$6),A26,"") | O7: Probabilidad | P7: 1 | Q7: Muy Alta | R7: Alto | S7: Alto | T7: Alto | U7: Alto | V7: Extremo
A8: ='2. MATRIZ DE RIESGOS'!A19 -> GH9 | B8: ='2. MATRIZ DE RIESGOS'!G19 -> Posibilidad de afectación económica del Instituto por multas y sanciones aplicadas por los entes de control debido al incumplimiento de requerimientos normativos y/o de informes de Ley relacionados con el proceso de gestión humana y con el SG-SST. | C8: ='2. MATRIZ DE RIESGOS'!J19 -> Alta | D8: ='2. MATRIZ DE RIESGOS'!L19 -> Menor | E8: =+IF(C8=$Q$7,IF(D8=$R$6,$R$7,IF(D8=$S$6,$S$7,IF(D8=$T$6,$T$7,IF(D8=$U$6,$U$7,IF(D8=$V$6,$V$7))))),IF(C8=$Q$8,IF(D8=$R$6,$R$8,IF(D8=$S$6,$S$8,IF(D8=$T$6,$T$8,IF(D8=$U$6,$U$8,IF(D8=$V$6,$V$8))))),IF(C8=$Q$9,IF(D8=$R$6,$R$9,IF(D8=$S$6,$S$9,IF(D8=$T$6,$T$9,IF(D8=$U$6,$U$9,IF(D8=$V$6,$V$9))))),IF(C8=$Q$10,IF(D8=$R$6,$R$10,IF(D8=$S$6,$S$10,IF(D8=$T$6,$T$10,IF(D8=$U$6,$U$10,IF(D8=$V$6,$V$10))))),IF(C8=$Q$11,IF(D8=$R$6,$R$11,IF(D8=$S$6,$S$11,IF(D8=$T$6,$T$11,IF(D8=$U$6,$U$11,IF(D8=$V$6,$V$11))))),""))))) -> Moderado | H8: Alta | I8: =+IF(AND(C7=$Q$8,D7=$R$6),A7,"")&" "&IF(AND(C8=$Q$8,D8=$R$6),A8,"")&" "&IF(AND(C9=$Q$8,D9=$R$6),A9,"")&" "&IF(AND(C10=$Q$8,D10=$R$6),A10,"")&" "&IF(AND(C11=$Q$8,D11=$R$6),A11,"")&" "&IF(AND(C12=$Q$8,D12=$R$6),A12,"")&" "&IF(AND(C13=$Q$8,D13=$R$6),A13,"")&" "&IF(AND(C14=$Q$8,D14=$R$6),A14,"")&" "&IF(AND(C15=$Q$8,D15=$R$6),A15,"")&" "&IF(AND(C16=$Q$8,D16=$R$6),A16,"")&" "&IF(AND(C17=$Q$8,D17=$R$6),A17,"")&" "&IF(AND(C18=$Q$8,D18=$R$6),A18,"")&" "&IF(AND(C19=$Q$8,D19=$R$6),A19,"")&" "&IF(AND(C20=$Q$8,D20=$R$6),A20,"")&" "&IF(AND(C21=$Q$8,D21=$R$6),A21,"")&" "&IF(AND(C22=$Q$8,D22=$R$6),A22,"")&" "&IF(AND(C23=$Q$8,D23=$R$6),A23,"")&" "&IF(AND(C24=$Q$8,D24=$R$6),A24,"")&" "&IF(AND(C25=$Q$8,D25=$R$6),A25,"")&" "&IF(AND(C26=$Q$8,D26=$R$6),A26,"") | J8: =+IF(AND(C7=$Q$8,D7=$S$6),A7,"")&" "&IF(AND(C8=$Q$8,D8=$S$6),A8,"")&" "&IF(AND(C9=$Q$8,D9=$S$6),A9,"")&" "&IF(AND(C10=$Q$8,D10=$S$6),A10,"")&" "&IF(AND(C11=$Q$8,D11=$S$6),A11,"")&" "&IF(AND(C12=$Q$8,D12=$S$6),A12,"")&" "&IF(AND(C13=$Q$8,D13=$S$6),A13,"")&" "&IF(AND(C14=$Q$8,D14=$S$6),A14,"")&" "&IF(AND(C15=$Q$8,D15=$S$6),A15,"")&" "&IF(AND(C16=$Q$8,D16=$S$6),A16,"")&" "&IF(AND(C17=$Q$8,D17=$S$6),A17,"")&" "&IF(AND(C18=$Q$8,D18=$S$6),A18,"")&" "&IF(AND(C19=$Q$8,D19=$S$6),A19,"")&" "&IF(AND(C20=$Q$8,D20=$S$6),A20,"")&" "&IF(AND(C21=$Q$8,D21=$S$6),A21,"")&" "&IF(AND(C22=$Q$8,D22=$S$6),A22,"")&" "&IF(AND(C23=$Q$8,D23=$S$6),A23,"")&" "&IF(AND(C24=$Q$8,D24=$S$6),A24,"")&" "&IF(AND(C25=$Q$8,D25=$S$6),A25,"")&" "&IF(AND(C26=$Q$8,D26=$S$6),A26,"") -> GH9 | K8: =+IF(AND(C7=$Q$8,D7=$T$6),A7,"")&" "&IF(AND(C8=$Q$8,D8=$T$6),A8,"")&" "&IF(AND(C9=$Q$8,D9=$T$6),A9,"")&" "&IF(AND(C10=$Q$8,D10=$T$6),A10,"")&" "&IF(AND(C11=$Q$8,D11=$T$6),A11,"")&" "&IF(AND(C12=$Q$8,D12=$T$6),A12,"")&" "&IF(AND(C13=$Q$8,D13=$T$6),A13,"")&" "&IF(AND(C14=$Q$8,D14=$T$6),A14,"")&" "&IF(AND(C15=$Q$8,D15=$T$6),A15,"")&" "&IF(AND(C16=$Q$8,D16=$T$6),A16,"")&" "&IF(AND(C17=$Q$8,D17=$T$6),A17,"")&" "&IF(AND(C18=$Q$8,D18=$T$6),A18,"")&" "&IF(AND(C19=$Q$8,D19=$T$6),A19,"")&" "&IF(AND(C20=$Q$8,D20=$T$6),A20,"")&" "&IF(AND(C21=$Q$8,D21=$T$6),A21,"")&" "&IF(AND(C22=$Q$8,D22=$T$6),A22,"")&" "&IF(AND(C23=$Q$8,D23=$T$6),A23,"")&" "&IF(AND(C24=$Q$8,D24=$T$6),A24,"")&" "&IF(AND(C25=$Q$8,D25=$T$6),A25,"")&" "&IF(AND(C26=$Q$8,D26=$T$6),A26,"") | L8: =+IF(AND(C7=$Q$8,D7=$U$6),A7,"")&" "&IF(AND(C8=$Q$8,D8=$U$6),A8,"")&" "&IF(AND(C9=$Q$8,D9=$U$6),A9,"")&" "&IF(AND(C10=$Q$8,D10=$U$6),A10,"")&" "&IF(AND(C11=$Q$8,D11=$U$6),A11,"")&" "&IF(AND(C12=$Q$8,D12=$U$6),A12,"")&" "&IF(AND(C13=$Q$8,D13=$U$6),A13,"")&" "&IF(AND(C14=$Q$8,D14=$U$6),A14,"")&" "&IF(AND(C15=$Q$8,D15=$U$6),A15,"")&" "&IF(AND(C16=$Q$8,D16=$U$6),A16,"")&" "&IF(AND(C17=$Q$8,D17=$U$6),A17,"")&" "&IF(AND(C18=$Q$8,D18=$U$6),A18,"")&" "&IF(AND(C19=$Q$8,D19=$U$6),A19,"")&" "&IF(AND(C20=$Q$8,D20=$U$6),A20,"")&" "&IF(AND(C21=$Q$8,D21=$U$6),A21,"")&" "&IF(AND(C22=$Q$8,D22=$U$6),A22,"")&" "&IF(AND(C23=$Q$8,D23=$U$6),A23,"")&" "&IF(AND(C24=$Q$8,D24=$U$6),A24,"")&" "&IF(AND(C25=$Q$8,D25=$U$6),A25,"")&" "&IF(AND(C26=$Q$8,D26=$U$6),A26,"") -> GH12 | M8: =+IF(AND(C7=$Q$8,D7=$V$6),A7,"")&" "&IF(AND(C8=$Q$8,D8=$V$6),A8,"")&" "&IF(AND(C9=$Q$8,D9=$V$6),A9,"")&" "&IF(AND(C10=$Q$8,D10=$V$6),A10,"")&" "&IF(AND(C11=$Q$8,D11=$V$6),A11,"")&" "&IF(AND(C12=$Q$8,D12=$V$6),A12,"")&" "&IF(AND(C13=$Q$8,D13=$V$6),A13,"")&" "&IF(AND(C14=$Q$8,D14=$V$6),A14,"")&" "&IF(AND(C15=$Q$8,D15=$V$6),A15,"")&" "&IF(AND(C16=$Q$8,D16=$V$6),A16,"")&" "&IF(AND(C17=$Q$8,D17=$V$6),A17,"")&" "&IF(AND(C18=$Q$8,D18=$V$6),A18,"")&" "&IF(AND(C19=$Q$8,D19=$V$6),A19,"")&" "&IF(AND(C20=$Q$8,D20=$V$6),A20,"")&" "&IF(AND(C21=$Q$8,D21=$V$6),A21,"")&" "&IF(AND(C22=$Q$8,D22=$V$6),A22,"")&" "&IF(AND(C23=$Q$8,D23=$V$6),A23,"")&" "&IF(AND(C24=$Q$8,D24=$V$6),A24,"")&" "&IF(AND(C25=$Q$8,D25=$V$6),A25,"")&" "&IF(AND(C26=$Q$8,D26=$V$6),A26,"") -> GH10 | P8: 0.8 | Q8: Alta | R8: Moderado | S8: Moderado | T8: Alto | U8: Alto | V8: Extremo
A9: ='2. MATRIZ DE RIESGOS'!A22 -> GH10 | B9: ='2. MATRIZ DE RIESGOS'!G22 -> Posibilidad de afectación económica del Instituto por pérdida de recursos debido a que se pague nómina y prestaciones sociales por un mayor valor al establecido en la ley, o que se pague nómina y prestaciones sociales a personal no existente en la planta de cargos de la entidad. Lo anterior para beneficio particular o de un tercero. | C9: ='2. MATRIZ DE RIESGOS'!J22 -> Alta | D9: ='2. MATRIZ DE RIESGOS'!L22 -> Catastrófico | E9: =+IF(C9=$Q$7,IF(D9=$R$6,$R$7,IF(D9=$S$6,$S$7,IF(D9=$T$6,$T$7,IF(D9=$U$6,$U$7,IF(D9=$V$6,$V$7))))),IF(C9=$Q$8,IF(D9=$R$6,$R$8,IF(D9=$S$6,$S$8,IF(D9=$T$6,$T$8,IF(D9=$U$6,$U$8,IF(D9=$V$6,$V$8))))),IF(C9=$Q$9,IF(D9=$R$6,$R$9,IF(D9=$S$6,$S$9,IF(D9=$T$6,$T$9,IF(D9=$U$6,$U$9,IF(D9=$V$6,$V$9))))),IF(C9=$Q$10,IF(D9=$R$6,$R$10,IF(D9=$S$6,$S$10,IF(D9=$T$6,$T$10,IF(D9=$U$6,$U$10,IF(D9=$V$6,$V$10))))),IF(C9=$Q$11,IF(D9=$R$6,$R$11,IF(D9=$S$6,$S$11,IF(D9=$T$6,$T$11,IF(D9=$U$6,$U$11,IF(D9=$V$6,$V$11))))),""))))) -> Extremo | H9: Media | I9: =+IF(AND(C7=$Q$9,D7=$R$6),A7,"")&" "&IF(AND(C8=$Q$9,D8=$R$6),A8,"")&" "&IF(AND(C9=$Q$9,D9=$R$6),A9,"")&" "&IF(AND(C10=$Q$9,D10=$R$6),A10,"")&" "&IF(AND(C11=$Q$9,D11=$R$6),A11,"")&" "&IF(AND(C12=$Q$9,D12=$R$6),A12,"")&" "&IF(AND(C13=$Q$9,D13=$R$6),A13,"")&" "&IF(AND(C14=$Q$9,D14=$R$6),A14,"")&" "&IF(AND(C15=$Q$9,D15=$R$6),A15,"")&" "&IF(AND(C16=$Q$9,D16=$R$6),A16,"")&" "&IF(AND(C17=$Q$9,D17=$R$6),A17,"")&" "&IF(AND(C18=$Q$9,D18=$R$6),A18,"")&" "&IF(AND(C19=$Q$9,D19=$R$6),A19,"")&" "&IF(AND(C20=$Q$9,D20=$R$6),A20,"")&" "&IF(AND(C21=$Q$9,D21=$R$6),A21,"")&" "&IF(AND(C22=$Q$9,D22=$R$6),A22,"")&" "&IF(AND(C23=$Q$9,D23=$R$6),A23,"")&" "&IF(AND(C24=$Q$9,D24=$R$6),A24,"")&" "&IF(AND(C25=$Q$9,D25=$R$6),A25,"")&" "&IF(AND(C26=$Q$9,D26=$R$6),A26,"") | J9: =+IF(AND(C7=$Q$9,D7=$S$6),A7,"")&" "&IF(AND(C8=$Q$9,D8=$S$6),A8,"")&" "&IF(AND(C9=$Q$9,D9=$S$6),A9,"")&" "&IF(AND(C10=$Q$9,D10=$S$6),A10,"")&" "&IF(AND(C11=$Q$9,D11=$S$6),A11,"")&" "&IF(AND(C12=$Q$9,D12=$S$6),A12,"")&" "&IF(AND(C13=$Q$9,D13=$S$6),A13,"")&" "&IF(AND(C14=$Q$9,D14=$S$6),A14,"")&" "&IF(AND(C15=$Q$9,D15=$S$6),A15,"")&" "&IF(AND(C16=$Q$9,D16=$S$6),A16,"")&" "&IF(AND(C17=$Q$9,D17=$S$6),A17,"")&" "&IF(AND(C18=$Q$9,D18=$S$6),A18,"")&" "&IF(AND(C19=$Q$9,D19=$S$6),A19,"")&" "&IF(AND(C20=$Q$9,D20=$S$6),A20,"")&" "&IF(AND(C21=$Q$9,D21=$S$6),A21,"")&" "&IF(AND(C22=$Q$9,D22=$S$6),A22,"")&" "&IF(AND(C23=$Q$9,D23=$S$6),A23,"")&" "&IF(AND(C24=$Q$9,D24=$S$6),A24,"")&" "&IF(AND(C25=$Q$9,D25=$S$6),A25,"")&" "&IF(AND(C26=$Q$9,D26=$S$6),A26,"") | K9: =+IF(AND(C7=$Q$9,D7=$T$6),A7,"")&" "&IF(AND(C8=$Q$9,D8=$T$6),A8,"")&" "&IF(AND(C9=$Q$9,D9=$T$6),A9,"")&" "&IF(AND(C10=$Q$9,D10=$T$6),A10,"")&" "&IF(AND(C11=$Q$9,D11=$T$6),A11,"")&" "&IF(AND(C12=$Q$9,D12=$T$6),A12,"")&" "&IF(AND(C13=$Q$9,D13=$T$6),A13,"")&" "&IF(AND(C14=$Q$9,D14=$T$6),A14,"")&" "&IF(AND(C15=$Q$9,D15=$T$6),A15,"")&" "&IF(AND(C16=$Q$9,D16=$T$6),A16,"")&" "&IF(AND(C17=$Q$9,D17=$T$6),A17,"")&" "&IF(AND(C18=$Q$9,D18=$T$6),A18,"")&" "&IF(AND(C19=$Q$9,D19=$T$6),A19,"")&" "&IF(AND(C20=$Q$9,D20=$T$6),A20,"")&" "&IF(AND(C21=$Q$9,D21=$T$6),A21,"")&" "&IF(AND(C22=$Q$9,D22=$T$6),A22,"")&" "&IF(AND(C23=$Q$9,D23=$T$6),A23,"")&" "&IF(AND(C24=$Q$9,D24=$T$6),A24,"")&" "&IF(AND(C25=$Q$9,D25=$T$6),A25,"")&" "&IF(AND(C26=$Q$9,D26=$T$6),A26,"") | L9: =+IF(AND(C7=$Q$9,D7=$U$6),A7,"")&" "&IF(AND(C8=$Q$9,D8=$U$6),A8,"")&" "&IF(AND(C9=$Q$9,D9=$U$6),A9,"")&" "&IF(AND(C10=$Q$9,D10=$U$6),A10,"")&" "&IF(AND(C11=$Q$9,D11=$U$6),A11,"")&" "&IF(AND(C12=$Q$9,D12=$U$6),A12,"")&" "&IF(AND(C13=$Q$9,D13=$U$6),A13,"")&" "&IF(AND(C14=$Q$9,D14=$U$6),A14,"")&" "&IF(AND(C15=$Q$9,D15=$U$6),A15,"")&" "&IF(AND(C16=$Q$9,D16=$U$6),A16,"")&" "&IF(AND(C17=$Q$9,D17=$U$6),A17,"")&" "&IF(AND(C18=$Q$9,D18=$U$6),A18,"")&" "&IF(AND(C19=$Q$9,D19=$U$6),A19,"")&" "&IF(AND(C20=$Q$9,D20=$U$6),A20,"")&" "&IF(AND(C21=$Q$9,D21=$U$6),A21,"")&" "&IF(AND(C22=$Q$9,D22=$U$6),A22,"")&" "&IF(AND(C23=$Q$9,D23=$U$6),A23,"")&" "&IF(AND(C24=$Q$9,D24=$U$6),A24,"")&" "&IF(AND(C25=$Q$9,D25=$U$6),A25,"")&" "&IF(AND(C26=$Q$9,D26=$U$6),A26,"") -> GH8 | M9: =+IF(AND(C7=$Q$9,D7=$V$6),A7,"")&" "&IF(AND(C8=$Q$9,D8=$V$6),A8,"")&" "&IF(AND(C9=$Q$9,D9=$V$6),A9,"")&" "&IF(AND(C10=$Q$9,D10=$V$6),A10,"")&" "&IF(AND(C11=$Q$9,D11=$V$6),A11,"")&" "&IF(AND(C12=$Q$9,D12=$V$6),A12,"")&" "&IF(AND(C13=$Q$9,D13=$V$6),A13,"")&" "&IF(AND(C14=$Q$9,D14=$V$6),A14,"")&" "&IF(AND(C15=$Q$9,D15=$V$6),A15,"")&" "&IF(AND(C16=$Q$9,D16=$V$6),A16,"")&" "&IF(AND(C17=$Q$9,D17=$V$6),A17,"")&" "&IF(AND(C18=$Q$9,D18=$V$6),A18,"")&" "&IF(AND(C19=$Q$9,D19=$V$6),A19,"")&" "&IF(AND(C20=$Q$9,D20=$V$6),A20,"")&" "&IF(AND(C21=$Q$9,D21=$V$6),A21,"")&" "&IF(AND(C22=$Q$9,D22=$V$6),A22,"")&" "&IF(AND(C23=$Q$9,D23=$V$6),A23,"")&" "&IF(AND(C24=$Q$9,D24=$V$6),A24,"")&" "&IF(AND(C25=$Q$9,D25=$V$6),A25,"")&" "&IF(AND(C26=$Q$9,D26=$V$6),A26,"") -> GH11 | P9: 0.6 | Q9: Media | R9: Moderado | S9: Moderado | T9: Moderado | U9: Alto | V9: Extremo
A10: ='2. MATRIZ DE RIESGOS'!A27 -> GH11 | B10: ='2. MATRIZ DE RIESGOS'!G27 -> Posibilidad de afectación económica o reputacional por materialización de actos de corrupción o disciplinables, asi como por hallazgos fiscales, displinarios por parte de los entes de control, debido a que los servidores públicos del Instituto no declaren sus posibles conflictos de intereses. | C10: ='2. MATRIZ DE RIESGOS'!J27 -> Media | D10: ='2. MATRIZ DE RIESGOS'!L27 -> Catastrófico | E10: =+IF(C10=$Q$7,IF(D10=$R$6,$R$7,IF(D10=$S$6,$S$7,IF(D10=$T$6,$T$7,IF(D10=$U$6,$U$7,IF(D10=$V$6,$V$7))))),IF(C10=$Q$8,IF(D10=$R$6,$R$8,IF(D10=$S$6,$S$8,IF(D10=$T$6,$T$8,IF(D10=$U$6,$U$8,IF(D10=$V$6,$V$8))))),IF(C10=$Q$9,IF(D10=$R$6,$R$9,IF(D10=$S$6,$S$9,IF(D10=$T$6,$T$9,IF(D10=$U$6,$U$9,IF(D10=$V$6,$V$9))))),IF(C10=$Q$10,IF(D10=$R$6,$R$10,IF(D10=$S$6,$S$10,IF(D10=$T$6,$T$10,IF(D10=$U$6,$U$10,IF(D10=$V$6,$V$10))))),IF(C10=$Q$11,IF(D10=$R$6,$R$11,IF(D10=$S$6,$S$11,IF(D10=$T$6,$T$11,IF(D10=$U$6,$U$11,IF(D10=$V$6,$V$11))))),""))))) -> Extremo | H10: Baja | I10: =+IF(AND(C7=$Q$10,D7=$R$6),A7,"")&" "&IF(AND(C8=$Q$10,D8=$R$6),A8,"")&" "&IF(AND(C9=$Q$10,D9=$R$6),A9,"")&" "&IF(AND(C10=$Q$10,D10=$R$6),A10,"")&" "&IF(AND(C11=$Q$10,D11=$R$6),A11,"")&" "&IF(AND(C12=$Q$10,D12=$R$6),A12,"")&" "&IF(AND(C13=$Q$10,D13=$R$6),A13,"")&" "&IF(AND(C14=$Q$10,D14=$R$6),A14,"")&" "&IF(AND(C15=$Q$10,D15=$R$6),A15,"")&" "&IF(AND(C16=$Q$10,D16=$R$6),A16,"")&" "&IF(AND(C17=$Q$10,D17=$R$6),A17,"")&" "&IF(AND(C18=$Q$10,D18=$R$6),A18,"")&" "&IF(AND(C19=$Q$10,D19=$R$6),A19,"")&" "&IF(AND(C20=$Q$10,D20=$R$6),A20,"")&" "&IF(AND(C21=$Q$10,D21=$R$6),A21,"")&" "&IF(AND(C22=$Q$10,D22=$R$6),A22,"")&" "&IF(AND(C23=$Q$10,D23=$R$6),A23,"")&" "&IF(AND(C24=$Q$10,D24=$R$6),A24,"")&" "&IF(AND(C25=$Q$10,D25=$R$6),A25,"")&" "&IF(AND(C26=$Q$10,D26=$R$6),A26,"") | J10: =+IF(AND(C7=$Q$10,D7=$S$6),A7,"")&" "&IF(AND(C8=$Q$10,D8=$S$6),A8,"")&" "&IF(AND(C9=$Q$10,D9=$S$6),A9,"")&" "&IF(AND(C10=$Q$10,D10=$S$6),A10,"")&" "&IF(AND(C11=$Q$10,D11=$S$6),A11,"")&" "&IF(AND(C12=$Q$10,D12=$S$6),A12,"")&" "&IF(AND(C13=$Q$10,D13=$S$6),A13,"")&" "&IF(AND(C14=$Q$10,D14=$S$6),A14,"")&" "&IF(AND(C15=$Q$10,D15=$S$6),A15,"")&" "&IF(AND(C16=$Q$10,D16=$S$6),A16,"")&" "&IF(AND(C17=$Q$10,D17=$S$6),A17,"")&" "&IF(AND(C18=$Q$10,D18=$S$6),A18,"")&" "&IF(AND(C19=$Q$10,D19=$S$6),A19,"")&" "&IF(AND(C20=$Q$10,D20=$S$6),A20,"")&" "&IF(AND(C21=$Q$10,D21=$S$6),A21,"")&" "&IF(AND(C22=$Q$10,D22=$S$6),A22,"")&" "&IF(AND(C23=$Q$10,D23=$S$6),A23,"")&" "&IF(AND(C24=$Q$10,D24=$S$6),A24,"")&" "&IF(AND(C25=$Q$10,D25=$S$6),A25,"")&" "&IF(AND(C26=$Q$10,D26=$S$6),A26,"") | K10: =+IF(AND(C7=$Q$10,D7=$T$6),A7,"")&" "&IF(AND(C8=$Q$10,D8=$T$6),A8,"")&" "&IF(AND(C9=$Q$10,D9=$T$6),A9,"")&" "&IF(AND(C10=$Q$10,D10=$T$6),A10,"")&" "&IF(AND(C11=$Q$10,D11=$T$6),A11,"")&" "&IF(AND(C12=$Q$10,D12=$T$6),A12,"")&" "&IF(AND(C13=$Q$10,D13=$T$6),A13,"")&" "&IF(AND(C14=$Q$10,D14=$T$6),A14,"")&" "&IF(AND(C15=$Q$10,D15=$T$6),A15,"")&" "&IF(AND(C16=$Q$10,D16=$T$6),A16,"")&" "&IF(AND(C17=$Q$10,D17=$T$6),A17,"")&" "&IF(AND(C18=$Q$10,D18=$T$6),A18,"")&" "&IF(AND(C19=$Q$10,D19=$T$6),A19,"")&" "&IF(AND(C20=$Q$10,D20=$T$6),A20,"")&" "&IF(AND(C21=$Q$10,D21=$T$6),A21,"")&" "&IF(AND(C22=$Q$10,D22=$T$6),A22,"")&" "&IF(AND(C23=$Q$10,D23=$T$6),A23,"")&" "&IF(AND(C24=$Q$10,D24=$T$6),A24,"")&" "&IF(AND(C25=$Q$10,D25=$T$6),A25,"")&" "&IF(AND(C26=$Q$10,D26=$T$6),A26,"") | L10: =+IF(AND(C7=$Q$10,D7=$U$6),A7,"")&" "&IF(AND(C8=$Q$10,D8=$U$6),A8,"")&" "&IF(AND(C9=$Q$10,D9=$U$6),A9,"")&" "&IF(AND(C10=$Q$10,D10=$U$6),A10,"")&" "&IF(AND(C11=$Q$10,D11=$U$6),A11,"")&" "&IF(AND(C12=$Q$10,D12=$U$6),A12,"")&" "&IF(AND(C13=$Q$10,D13=$U$6),A13,"")&" "&IF(AND(C14=$Q$10,D14=$U$6),A14,"")&" "&IF(AND(C15=$Q$10,D15=$U$6),A15,"")&" "&IF(AND(C16=$Q$10,D16=$U$6),A16,"")&" "&IF(AND(C17=$Q$10,D17=$U$6),A17,"")&" "&IF(AND(C18=$Q$10,D18=$U$6),A18,"")&" "&IF(AND(C19=$Q$10,D19=$U$6),A19,"")&" "&IF(AND(C20=$Q$10,D20=$U$6),A20,"")&" "&IF(AND(C21=$Q$10,D21=$U$6),A21,"")&" "&IF(AND(C22=$Q$10,D22=$U$6),A22,"")&" "&IF(AND(C23=$Q$10,D23=$U$6),A23,"")&" "&IF(AND(C24=$Q$10,D24=$U$6),A24,"")&" "&IF(AND(C25=$Q$10,D25=$U$6),A25,"")&" "&IF(AND(C26=$Q$10,D26=$U$6),A26,"") -> GH13 | M10: =+IF(AND(C7=$Q$10,D7=$V$6),A7,"")&" "&IF(AND(C8=$Q$10,D8=$V$6),A8,"")&" "&IF(AND(C9=$Q$10,D9=$V$6),A9,"")&" "&IF(AND(C10=$Q$10,D10=$V$6),A10,"")&" "&IF(AND(C11=$Q$10,D11=$V$6),A11,"")&" "&IF(AND(C12=$Q$10,D12=$V$6),A12,"")&" "&IF(AND(C13=$Q$10,D13=$V$6),A13,"")&" "&IF(AND(C14=$Q$10,D14=$V$6),A14,"")&" "&IF(AND(C15=$Q$10,D15=$V$6),A15,"")&" "&IF(AND(C16=$Q$10,D16=$V$6),A16,"")&" "&IF(AND(C17=$Q$10,D17=$V$6),A17,"")&" "&IF(AND(C18=$Q$10,D18=$V$6),A18,"")&" "&IF(AND(C19=$Q$10,D19=$V$6),A19,"")&" "&IF(AND(C20=$Q$10,D20=$V$6),A20,"")&" "&IF(AND(C21=$Q$10,D21=$V$6),A21,"")&" "&IF(AND(C22=$Q$10,D22=$V$6),A22,"")&" "&IF(AND(C23=$Q$10,D23=$V$6),A23,"")&" "&IF(AND(C24=$Q$10,D24=$V$6),A24,"")&" "&IF(AND(C25=$Q$10,D25=$V$6),A25,"")&" "&IF(AND(C26=$Q$10,D26=$V$6),A26,"") | P10: 0.4 | Q10: Baja | R10: Bajo | S10: Moderado | T10: Moderado | U10: Alto | V10: Extremo
A11: ='2. MATRIZ DE RIESGOS'!A34 -> GH12 | B11: ='2. MATRIZ DE RIESGOS'!G34 -> Posibilidad de efecto dañoso sobre recursos publicos por pago de Intereses moratorios y sanciones por parte del Ministerio del Trabajo, debido a incumplimientos y/o retrasos en el pago de obligaciones laborales tales como prestaciones sociales y económicas de los vinculados, asi como el pago extemporáneo de arl contratistas riesgo 4 y 5. | C11: ='2. MATRIZ DE RIESGOS'!J34 -> Alta | D11: ='2. MATRIZ DE RIESGOS'!L34 -> Mayor | E11: =+IF(C11=$Q$7,IF(D11=$R$6,$R$7,IF(D11=$S$6,$S$7,IF(D11=$T$6,$T$7,IF(D11=$U$6,$U$7,IF(D11=$V$6,$V$7))))),IF(C11=$Q$8,IF(D11=$R$6,$R$8,IF(D11=$S$6,$S$8,IF(D11=$T$6,$T$8,IF(D11=$U$6,$U$8,IF(D11=$V$6,$V$8))))),IF(C11=$Q$9,IF(D11=$R$6,$R$9,IF(D11=$S$6,$S$9,IF(D11=$T$6,$T$9,IF(D11=$U$6,$U$9,IF(D11=$V$6,$V$9))))),IF(C11=$Q$10,IF(D11=$R$6,$R$10,IF(D11=$S$6,$S$10,IF(D11=$T$6,$T$10,IF(D11=$U$6,$U$10,IF(D11=$V$6,$V$10))))),IF(C11=$Q$11,IF(D11=$R$6,$R$11,IF(D11=$S$6,$S$11,IF(D11=$T$6,$T$11,IF(D11=$U$6,$U$11,IF(D11=$V$6,$V$11))))),""))))) -> Alto | H11: Muy Baja | I11: =+IF(AND(C7=$Q$11,D7=$R$6),A7,"")&" "&IF(AND(C8=$Q$11,D8=$R$6),A8,"")&" "&IF(AND(C9=$Q$11,D9=$R$6),A9,"")&" "&IF(AND(C10=$Q$11,D10=$R$6),A10,"")&" "&IF(AND(C11=$Q$11,D11=$R$6),A11,"")&" "&IF(AND(C12=$Q$11,D12=$R$6),A12,"")&" "&IF(AND(C13=$Q$11,D13=$R$6),A13,"")&" "&IF(AND(C14=$Q$11,D14=$R$6),A14,"")&" "&IF(AND(C15=$Q$11,D15=$R$6),A15,"")&" "&IF(AND(C16=$Q$11,D16=$R$6),A16,"")&" "&IF(AND(C17=$Q$11,D17=$R$6),A17,"")&" "&IF(AND(C18=$Q$11,D18=$R$6),A18,"")&" "&IF(AND(C19=$Q$11,D19=$R$6),A19,"")&" "&IF(AND(C20=$Q$11,D20=$R$6),A20,"")&" "&IF(AND(C21=$Q$11,D21=$R$6),A21,"")&" "&IF(AND(C22=$Q$11,D22=$R$6),A22,"")&" "&IF(AND(C23=$Q$11,D23=$R$6),A23,"")&" "&IF(AND(C24=$Q$11,D24=$R$6),A24,"")&" "&IF(AND(C25=$Q$11,D25=$R$6),A25,"")&" "&IF(AND(C26=$Q$11,D26=$R$6),A26,"") | J11: =+IF(AND(C7=$Q$11,D7=$S$6),A7,"")&" "&IF(AND(C8=$Q$11,D8=$S$6),A8,"")&" "&IF(AND(C9=$Q$11,D9=$S$6),A9,"")&" "&IF(AND(C10=$Q$11,D10=$S$6),A10,"")&" "&IF(AND(C11=$Q$11,D11=$S$6),A11,"")&" "&IF(AND(C12=$Q$11,D12=$S$6),A12,"")&" "&IF(AND(C13=$Q$11,D13=$S$6),A13,"")&" "&IF(AND(C14=$Q$11,D14=$S$6),A14,"")&" "&IF(AND(C15=$Q$11,D15=$S$6),A15,"")&" "&IF(AND(C16=$Q$11,D16=$S$6),A16,"")&" "&IF(AND(C17=$Q$11,D17=$S$6),A17,"")&" "&IF(AND(C18=$Q$11,D18=$S$6),A18,"")&" "&IF(AND(C19=$Q$11,D19=$S$6),A19,"")&" "&IF(AND(C20=$Q$11,D20=$S$6),A20,"")&" "&IF(AND(C21=$Q$11,D21=$S$6),A21,"")&" "&IF(AND(C22=$Q$11,D22=$S$6),A22,"")&" "&IF(AND(C23=$Q$11,D23=$S$6),A23,"")&" "&IF(AND(C24=$Q$11,D24=$S$6),A24,"")&" "&IF(AND(C25=$Q$11,D25=$S$6),A25,"")&" "&IF(AND(C26=$Q$11,D26=$S$6),A26,"") | K11: =+IF(AND(C7=$Q$11,D7=$T$6),A7,"")&" "&IF(AND(C8=$Q$11,D8=$T$6),A8,"")&" "&IF(AND(C9=$Q$11,D9=$T$6),A9,"")&" "&IF(AND(C10=$Q$11,D10=$T$6),A10,"")&" "&IF(AND(C11=$Q$11,D11=$T$6),A11,"")&" "&IF(AND(C12=$Q$11,D12=$T$6),A12,"")&" "&IF(AND(C13=$Q$11,D13=$T$6),A13,"")&" "&IF(AND(C14=$Q$11,D14=$T$6),A14,"")&" "&IF(AND(C15=$Q$11,D15=$T$6),A15,"")&" "&IF(AND(C16=$Q$11,D16=$T$6),A16,"")&" "&IF(AND(C17=$Q$11,D17=$T$6),A17,"")&" "&IF(AND(C18=$Q$11,D18=$T$6),A18,"")&" "&IF(AND(C19=$Q$11,D19=$T$6),A19,"")&" "&IF(AND(C20=$Q$11,D20=$T$6),A20,"")&" "&IF(AND(C21=$Q$11,D21=$T$6),A21,"")&" "&IF(AND(C22=$Q$11,D22=$T$6),A22,"")&" "&IF(AND(C23=$Q$11,D23=$T$6),A23,"")&" "&IF(AND(C24=$Q$11,D24=$T$6),A24,"")&" "&IF(AND(C25=$Q$11,D25=$T$6),A25,"")&" "&IF(AND(C26=$Q$11,D26=$T$6),A26,"") | L11: =+IF(AND(C7=$Q$11,D7=$U$6),A7,"")&" "&IF(AND(C8=$Q$11,D8=$U$6),A8,"")&" "&IF(AND(C9=$Q$11,D9=$U$6),A9,"")&" "&IF(AND(C10=$Q$11,D10=$U$6),A10,"")&" "&IF(AND(C11=$Q$11,D11=$U$6),A11,"")&" "&IF(AND(C12=$Q$11,D12=$U$6),A12,"")&" "&IF(AND(C13=$Q$11,D13=$U$6),A13,"")&" "&IF(AND(C14=$Q$11,D14=$U$6),A14,"")&" "&IF(AND(C15=$Q$11,D15=$U$6),A15,"")&" "&IF(AND(C16=$Q$11,D16=$U$6),A16,"")&" "&IF(AND(C17=$Q$11,D17=$U$6),A17,"")&" "&IF(AND(C18=$Q$11,D18=$U$6),A18,"")&" "&IF(AND(C19=$Q$11,D19=$U$6),A19,"")&" "&IF(AND(C20=$Q$11,D20=$U$6),A20,"")&" "&IF(AND(C21=$Q$11,D21=$U$6),A21,"")&" "&IF(AND(C22=$Q$11,D22=$U$6),A22,"")&" "&IF(AND(C23=$Q$11,D23=$U$6),A23,"")&" "&IF(AND(C24=$Q$11,D24=$U$6),A24,"")&" "&IF(AND(C25=$Q$11,D25=$U$6),A25,"")&" "&IF(AND(C26=$Q$11,D26=$U$6),A26,"") | M11: =+IF(AND(C7=$Q$11,D7=$V$6),A7,"")&" "&IF(AND(C8=$Q$11,D8=$V$6),A8,"")&" "&IF(AND(C9=$Q$11,D9=$V$6),A9,"")&" "&IF(AND(C10=$Q$11,D10=$V$6),A10,"")&" "&IF(AND(C11=$Q$11,D11=$V$6),A11,"")&" "&IF(AND(C12=$Q$11,D12=$V$6),A12,"")&" "&IF(AND(C13=$Q$11,D13=$V$6),A13,"")&" "&IF(AND(C14=$Q$11,D14=$V$6),A14,"")&" "&IF(AND(C15=$Q$11,D15=$V$6),A15,"")&" "&IF(AND(C16=$Q$11,D16=$V$6),A16,"")&" "&IF(AND(C17=$Q$11,D17=$V$6),A17,"")&" "&IF(AND(C18=$Q$11,D18=$V$6),A18,"")&" "&IF(AND(C19=$Q$11,D19=$V$6),A19,"")&" "&IF(AND(C20=$Q$11,D20=$V$6),A20,"")&" "&IF(AND(C21=$Q$11,D21=$V$6),A21,"")&" "&IF(AND(C22=$Q$11,D22=$V$6),A22,"")&" "&IF(AND(C23=$Q$11,D23=$V$6),A23,"")&" "&IF(AND(C24=$Q$11,D24=$V$6),A24,"")&" "&IF(AND(C25=$Q$11,D25=$V$6),A25,"")&" "&IF(AND(C26=$Q$11,D26=$V$6),A26,"") | P11: 0.2 | Q11: Muy Baja | R11: Bajo | S11: Bajo | T11: Moderado | U11: Alto | V11: Extremo
A12: ='2. MATRIZ DE RIESGOS'!A38 -> GH13 | B12: ='2. MATRIZ DE RIESGOS'!G38 -> Posibilidad de efecto dañoso sobre recursos publicos por sobrecostos derivados de la ejecución de los contratos, debido a bienes, servicios u obras inconclusos, infuncionales y/o que no brindan utilidad o beneficio y/o por autorización de facturas que no corresponden a las condiciones pactadas en los contratos. | C12: ='2. MATRIZ DE RIESGOS'!J38 -> Baja | D12: ='2. MATRIZ DE RIESGOS'!L38 -> Mayor | E12: =+IF(C12=$Q$7,IF(D12=$R$6,$R$7,IF(D12=$S$6,$S$7,IF(D12=$T$6,$T$7,IF(D12=$U$6,$U$7,IF(D12=$V$6,$V$7))))),IF(C12=$Q$8,IF(D12=$R$6,$R$8,IF(D12=$S$6,$S$8,IF(D12=$T$6,$T$8,IF(D12=$U$6,$U$8,IF(D12=$V$6,$V$8))))),IF(C12=$Q$9,IF(D12=$R$6,$R$9,IF(D12=$S$6,$S$9,IF(D12=$T$6,$T$9,IF(D12=$U$6,$U$9,IF(D12=$V$6,$V$9))))),IF(C12=$Q$10,IF(D12=$R$6,$R$10,IF(D12=$S$6,$S$10,IF(D12=$T$6,$T$10,IF(D12=$U$6,$U$10,IF(D12=$V$6,$V$10))))),IF(C12=$Q$11,IF(D12=$R$6,$R$11,IF(D12=$S$6,$S$11,IF(D12=$T$6,$T$11,IF(D12=$U$6,$U$11,IF(D12=$V$6,$V$11))))),""))))) -> Alto
A13: R7 | B13: 0 | E13: =+IF(C13=$Q$7,IF(D13=$R$6,$R$7,IF(D13=$S$6,$S$7,IF(D13=$T$6,$T$7,IF(D13=$U$6,$U$7,IF(D13=$V$6,$V$7))))),IF(C13=$Q$8,IF(D13=$R$6,$R$8,IF(D13=$S$6,$S$8,IF(D13=$T$6,$T$8,IF(D13=$U$6,$U$8,IF(D13=$V$6,$V$8))))),IF(C13=$Q$9,IF(D13=$R$6,$R$9,IF(D13=$S$6,$S$9,IF(D13=$T$6,$T$9,IF(D13=$U$6,$U$9,IF(D13=$V$6,$V$9))))),IF(C13=$Q$10,IF(D13=$R$6,$R$10,IF(D13=$S$6,$S$10,IF(D13=$T$6,$T$10,IF(D13=$U$6,$U$10,IF(D13=$V$6,$V$10))))),IF(C13=$Q$11,IF(D13=$R$6,$R$11,IF(D13=$S$6,$S$11,IF(D13=$T$6,$T$11,IF(D13=$U$6,$U$11,IF(D13=$V$6,$V$11))))),""))))) | R13: NIVELES DE RIESGO
A14: R8 | B14: 0 | E14: =+IF(C14=$Q$7,IF(D14=$R$6,$R$7,IF(D14=$S$6,$S$7,IF(D14=$T$6,$T$7,IF(D14=$U$6,$U$7,IF(D14=$V$6,$V$7))))),IF(C14=$Q$8,IF(D14=$R$6,$R$8,IF(D14=$S$6,$S$8,IF(D14=$T$6,$T$8,IF(D14=$U$6,$U$8,IF(D14=$V$6,$V$8))))),IF(C14=$Q$9,IF(D14=$R$6,$R$9,IF(D14=$S$6,$S$9,IF(D14=$T$6,$T$9,IF(D14=$U$6,$U$9,IF(D14=$V$6,$V$9))))),IF(C14=$Q$10,IF(D14=$R$6,$R$10,IF(D14=$S$6,$S$10,IF(D14=$T$6,$T$10,IF(D14=$U$6,$U$10,IF(D14=$V$6,$V$10))))),IF(C14=$Q$11,IF(D14=$R$6,$R$11,IF(D14=$S$6,$S$11,IF(D14=$T$6,$T$11,IF(D14=$U$6,$U$11,IF(D14=$V$6,$V$11))))),""))))) | R14: Extremo
A15: R9 | B15: 0 | E15: =+IF(C15=$Q$7,IF(D15=$R$6,$R$7,IF(D15=$S$6,$S$7,IF(D15=$T$6,$T$7,IF(D15=$U$6,$U$7,IF(D15=$V$6,$V$7))))),IF(C15=$Q$8,IF(D15=$R$6,$R$8,IF(D15=$S$6,$S$8,IF(D15=$T$6,$T$8,IF(D15=$U$6,$U$8,IF(D15=$V$6,$V$8))))),IF(C15=$Q$9,IF(D15=$R$6,$R$9,IF(D15=$S$6,$S$9,IF(D15=$T$6,$T$9,IF(D15=$U$6,$U$9,IF(D15=$V$6,$V$9))))),IF(C15=$Q$10,IF(D15=$R$6,$R$10,IF(D15=$S$6,$S$10,IF(D15=$T$6,$T$10,IF(D15=$U$6,$U$10,IF(D15=$V$6,$V$10))))),IF(C15=$Q$11,IF(D15=$R$6,$R$11,IF(D15=$S$6,$S$11,IF(D15=$T$6,$T$11,IF(D15=$U$6,$U$11,IF(D15=$V$6,$V$11))))),""))))) | R15: Alto
A16: R10 | B16: 0 | E16: =+IF(C16=$Q$7,IF(D16=$R$6,$R$7,IF(D16=$S$6,$S$7,IF(D16=$T$6,$T$7,IF(D16=$U$6,$U$7,IF(D16=$V$6,$V$7))))),IF(C16=$Q$8,IF(D16=$R$6,$R$8,IF(D16=$S$6,$S$8,IF(D16=$T$6,$T$8,IF(D16=$U$6,$U$8,IF(D16=$V$6,$V$8))))),IF(C16=$Q$9,IF(D16=$R$6,$R$9,IF(D16=$S$6,$S$9,IF(D16=$T$6,$T$9,IF(D16=$U$6,$U$9,IF(D16=$V$6,$V$9))))),IF(C16=$Q$10,IF(D16=$R$6,$R$10,IF(D16=$S$6,$S$10,IF(D16=$T$6,$T$10,IF(D16=$U$6,$U$10,IF(D16=$V$6,$V$10))))),IF(C16=$Q$11,IF(D16=$R$6,$R$11,IF(D16=$S$6,$S$11,IF(D16=$T$6,$T$11,IF(D16=$U$6,$U$11,IF(D16=$V$6,$V$11))))),""))))) | R16: Moderado
A17: R11 | B17: 0 | E17: =+IF(C17=$Q$7,IF(D17=$R$6,$R$7,IF(D17=$S$6,$S$7,IF(D17=$T$6,$T$7,IF(D17=$U$6,$U$7,IF(D17=$V$6,$V$7))))),IF(C17=$Q$8,IF(D17=$R$6,$R$8,IF(D17=$S$6,$S$8,IF(D17=$T$6,$T$8,IF(D17=$U$6,$U$8,IF(D17=$V$6,$V$8))))),IF(C17=$Q$9,IF(D17=$R$6,$R$9,IF(D17=$S$6,$S$9,IF(D17=$T$6,$T$9,IF(D17=$U$6,$U$9,IF(D17=$V$6,$V$9))))),IF(C17=$Q$10,IF(D17=$R$6,$R$10,IF(D17=$S$6,$S$10,IF(D17=$T$6,$T$10,IF(D17=$U$6,$U$10,IF(D17=$V$6,$V$10))))),IF(C17=$Q$11,IF(D17=$R$6,$R$11,IF(D17=$S$6,$S$11,IF(D17=$T$6,$T$11,IF(D17=$U$6,$U$11,IF(D17=$V$6,$V$11))))),""))))) | R17: Bajo
A18: R12 | B18: 0 | E18: =+IF(C18=$Q$7,IF(D18=$R$6,$R$7,IF(D18=$S$6,$S$7,IF(D18=$T$6,$T$7,IF(D18=$U$6,$U$7,IF(D18=$V$6,$V$7))))),IF(C18=$Q$8,IF(D18=$R$6,$R$8,IF(D18=$S$6,$S$8,IF(D18=$T$6,$T$8,IF(D18=$U$6,$U$8,IF(D18=$V$6,$V$8))))),IF(C18=$Q$9,IF(D18=$R$6,$R$9,IF(D18=$S$6,$S$9,IF(D18=$T$6,$T$9,IF(D18=$U$6,$U$9,IF(D18=$V$6,$V$9))))),IF(C18=$Q$10,IF(D18=$R$6,$R$10,IF(D18=$S$6,$S$10,IF(D18=$T$6,$T$10,IF(D18=$U$6,$U$10,IF(D18=$V$6,$V$10))))),IF(C18=$Q$11,IF(D18=$R$6,$R$11,IF(D18=$S$6,$S$11,IF(D18=$T$6,$T$11,IF(D18=$U$6,$U$11,IF(D18=$V$6,$V$11))))),"")))))
A19: R13 | B19: 0 | E19: =+IF(C19=$Q$7,IF(D19=$R$6,$R$7,IF(D19=$S$6,$S$7,IF(D19=$T$6,$T$7,IF(D19=$U$6,$U$7,IF(D19=$V$6,$V$7))))),IF(C19=$Q$8,IF(D19=$R$6,$R$8,IF(D19=$S$6,$S$8,IF(D19=$T$6,$T$8,IF(D19=$U$6,$U$8,IF(D19=$V$6,$V$8))))),IF(C19=$Q$9,IF(D19=$R$6,$R$9,IF(D19=$S$6,$S$9,IF(D19=$T$6,$T$9,IF(D19=$U$6,$U$9,IF(D19=$V$6,$V$9))))),IF(C19=$Q$10,IF(D19=$R$6,$R$10,IF(D19=$S$6,$S$10,IF(D19=$T$6,$T$10,IF(D19=$U$6,$U$10,IF(D19=$V$6,$V$10))))),IF(C19=$Q$11,IF(D19=$R$6,$R$11,IF(D19=$S$6,$S$11,IF(D19=$T$6,$T$11,IF(D19=$U$6,$U$11,IF(D19=$V$6,$V$11))))),"")))))
A20: R14 | B20: 0 | E20: =+IF(C20=$Q$7,IF(D20=$R$6,$R$7,IF(D20=$S$6,$S$7,IF(D20=$T$6,$T$7,IF(D20=$U$6,$U$7,IF(D20=$V$6,$V$7))))),IF(C20=$Q$8,IF(D20=$R$6,$R$8,IF(D20=$S$6,$S$8,IF(D20=$T$6,$T$8,IF(D20=$U$6,$U$8,IF(D20=$V$6,$V$8))))),IF(C20=$Q$9,IF(D20=$R$6,$R$9,IF(D20=$S$6,$S$9,IF(D20=$T$6,$T$9,IF(D20=$U$6,$U$9,IF(D20=$V$6,$V$9))))),IF(C20=$Q$10,IF(D20=$R$6,$R$10,IF(D20=$S$6,$S$10,IF(D20=$T$6,$T$10,IF(D20=$U$6,$U$10,IF(D20=$V$6,$V$10))))),IF(C20=$Q$11,IF(D20=$R$6,$R$11,IF(D20=$S$6,$S$11,IF(D20=$T$6,$T$11,IF(D20=$U$6,$U$11,IF(D20=$V$6,$V$11))))),"")))))
A21: R15 | B21: 0 | E21: =+IF(C21=$Q$7,IF(D21=$R$6,$R$7,IF(D21=$S$6,$S$7,IF(D21=$T$6,$T$7,IF(D21=$U$6,$U$7,IF(D21=$V$6,$V$7))))),IF(C21=$Q$8,IF(D21=$R$6,$R$8,IF(D21=$S$6,$S$8,IF(D21=$T$6,$T$8,IF(D21=$U$6,$U$8,IF(D21=$V$6,$V$8))))),IF(C21=$Q$9,IF(D21=$R$6,$R$9,IF(D21=$S$6,$S$9,IF(D21=$T$6,$T$9,IF(D21=$U$6,$U$9,IF(D21=$V$6,$V$9))))),IF(C21=$Q$10,IF(D21=$R$6,$R$10,IF(D21=$S$6,$S$10,IF(D21=$T$6,$T$10,IF(D21=$U$6,$U$10,IF(D21=$V$6,$V$10))))),IF(C21=$Q$11,IF(D21=$R$6,$R$11,IF(D21=$S$6,$S$11,IF(D21=$T$6,$T$11,IF(D21=$U$6,$U$11,IF(D21=$V$6,$V$11))))),"")))))
A22: R16 | B22: 0 | E22: =+IF(C22=$Q$7,IF(D22=$R$6,$R$7,IF(D22=$S$6,$S$7,IF(D22=$T$6,$T$7,IF(D22=$U$6,$U$7,IF(D22=$V$6,$V$7))))),IF(C22=$Q$8,IF(D22=$R$6,$R$8,IF(D22=$S$6,$S$8,IF(D22=$T$6,$T$8,IF(D22=$U$6,$U$8,IF(D22=$V$6,$V$8))))),IF(C22=$Q$9,IF(D22=$R$6,$R$9,IF(D22=$S$6,$S$9,IF(D22=$T$6,$T$9,IF(D22=$U$6,$U$9,IF(D22=$V$6,$V$9))))),IF(C22=$Q$10,IF(D22=$R$6,$R$10,IF(D22=$S$6,$S$10,IF(D22=$T$6,$T$10,IF(D22=$U$6,$U$10,IF(D22=$V$6,$V$10))))),IF(C22=$Q$11,IF(D22=$R$6,$R$11,IF(D22=$S$6,$S$11,IF(D22=$T$6,$T$11,IF(D22=$U$6,$U$11,IF(D22=$V$6,$V$11))))),"")))))
A23: R17 | B23: 0 | E23: =+IF(C23=$Q$7,IF(D23=$R$6,$R$7,IF(D23=$S$6,$S$7,IF(D23=$T$6,$T$7,IF(D23=$U$6,$U$7,IF(D23=$V$6,$V$7))))),IF(C23=$Q$8,IF(D23=$R$6,$R$8,IF(D23=$S$6,$S$8,IF(D23=$T$6,$T$8,IF(D23=$U$6,$U$8,IF(D23=$V$6,$V$8))))),IF(C23=$Q$9,IF(D23=$R$6,$R$9,IF(D23=$S$6,$S$9,IF(D23=$T$6,$T$9,IF(D23=$U$6,$U$9,IF(D23=$V$6,$V$9))))),IF(C23=$Q$10,IF(D23=$R$6,$R$10,IF(D23=$S$6,$S$10,IF(D23=$T$6,$T$10,IF(D23=$U$6,$U$10,IF(D23=$V$6,$V$10))))),IF(C23=$Q$11,IF(D23=$R$6,$R$11,IF(D23=$S$6,$S$11,IF(D23=$T$6,$T$11,IF(D23=$U$6,$U$11,IF(D23=$V$6,$V$11))))),"")))))
A24: R18 | B24: 0 | E24: =+IF(C24=$Q$7,IF(D24=$R$6,$R$7,IF(D24=$S$6,$S$7,IF(D24=$T$6,$T$7,IF(D24=$U$6,$U$7,IF(D24=$V$6,$V$7))))),IF(C24=$Q$8,IF(D24=$R$6,$R$8,IF(D24=$S$6,$S$8,IF(D24=$T$6,$T$8,IF(D24=$U$6,$U$8,IF(D24=$V$6,$V$8))))),IF(C24=$Q$9,IF(D24=$R$6,$R$9,IF(D24=$S$6,$S$9,IF(D24=$T$6,$T$9,IF(D24=$U$6,$U$9,IF(D24=$V$6,$V$9))))),IF(C24=$Q$10,IF(D24=$R$6,$R$10,IF(D24=$S$6,$S$10,IF(D24=$T$6,$T$10,IF(D24=$U$6,$U$10,IF(D24=$V$6,$V$10))))),IF(C24=$Q$11,IF(D24=$R$6,$R$11,IF(D24=$S$6,$S$11,IF(D24=$T$6,$T$11,IF(D24=$U$6,$U$11,IF(D24=$V$6,$V$11))))),"")))))
A25: R19 | B25: 0 | E25: =+IF(C25=$Q$7,IF(D25=$R$6,$R$7,IF(D25=$S$6,$S$7,IF(D25=$T$6,$T$7,IF(D25=$U$6,$U$7,IF(D25=$V$6,$V$7))))),IF(C25=$Q$8,IF(D25=$R$6,$R$8,IF(D25=$S$6,$S$8,IF(D25=$T$6,$T$8,IF(D25=$U$6,$U$8,IF(D25=$V$6,$V$8))))),IF(C25=$Q$9,IF(D25=$R$6,$R$9,IF(D25=$S$6,$S$9,IF(D25=$T$6,$T$9,IF(D25=$U$6,$U$9,IF(D25=$V$6,$V$9))))),IF(C25=$Q$10,IF(D25=$R$6,$R$10,IF(D25=$S$6,$S$10,IF(D25=$T$6,$T$10,IF(D25=$U$6,$U$10,IF(D25=$V$6,$V$10))))),IF(C25=$Q$11,IF(D25=$R$6,$R$11,IF(D25=$S$6,$S$11,IF(D25=$T$6,$T$11,IF(D25=$U$6,$U$11,IF(D25=$V$6,$V$11))))),"")))))
A26: R20 | B26: 0 | E26: =+IF(C26=$Q$7,IF(D26=$R$6,$R$7,IF(D26=$S$6,$S$7,IF(D26=$T$6,$T$7,IF(D26=$U$6,$U$7,IF(D26=$V$6,$V$7))))),IF(C26=$Q$8,IF(D26=$R$6,$R$8,IF(D26=$S$6,$S$8,IF(D26=$T$6,$T$8,IF(D26=$U$6,$U$8,IF(D26=$V$6,$V$8))))),IF(C26=$Q$9,IF(D26=$R$6,$R$9,IF(D26=$S$6,$S$9,IF(D26=$T$6,$T$9,IF(D26=$U$6,$U$9,IF(D26=$V$6,$V$9))))),IF(C26=$Q$10,IF(D26=$R$6,$R$10,IF(D26=$S$6,$S$10,IF(D26=$T$6,$T$10,IF(D26=$U$6,$U$10,IF(D26=$V$6,$V$10))))),IF(C26=$Q$11,IF(D26=$R$6,$R$11,IF(D26=$S$6,$S$11,IF(D26=$T$6,$T$11,IF(D26=$U$6,$U$11,IF(D26=$V$6,$V$11))))),"")))))

Sheet MAPA CALOR RESIDUAL
A1: MAPA DE CALOR RESIDUAL (DESPUES DE CONTROLES)
A3: PROCESO: | B3: ='2. MATRIZ DE RIESGOS'!D6 -> Gestión del Talento Humano
I4: MAPA DE CALOR RIESGO RESIDUAL | T4: Impacto
E5: CALIFICACIÓN RIESGO RESIDUAL | K5: Impacto | T5: 0.2 | U5: 0.4 | V5: 0.6 | W5: 0.8 | X5: 1
A6: No. Riesgo | B6: RIESGO | C6: Probabilidad Residual | D6: Impacto Residual | E6: Probabilidad | F6: Impacto | G6: Severidad (Nivel de Riesgo) | K6: Leve | L6: Menor | M6: Moderado | N6: Mayor | O6: Catastrófico | T6: Leve | U6: Menor | V6: Moderado | W6: Mayor | X6: Catastrófico
A7: ='2. MATRIZ DE RIESGOS'!A15 -> GH8 | B7: ='2. MATRIZ DE RIESGOS'!G15 -> Posibilidad de afectación económica y reputacional del Instituto por mal desempeño institucional derivado del incumplimiento de objetivos y metas relacionados con el Plan de Desarrollo Municipal a cargo del Instituto y con la planeación estratégica institucional. Lo anterior, debido a un deficiente desempeño del personal que desarrolla los procesos de la entidad. | C7: ='2. MATRIZ DE RIESGOS'!AE15 -> 0.216 | D7: ='2. MATRIZ DE RIESGOS'!AG15 -> 0.6 | E7: =+IF(C7=0,"",IF(C7<=$R$11,$S$11,IF(C7<=$R$10,$S$10,IF(C7<=$R$9,$S$9,IF(C7<=$R$8,$S$8,IF(C7<=$R$7,$S$7,"")))))) -> Baja | F7: =+IF(D7=0,"",IF(D7<=$T$5,$T$6,IF(D7<=$U$5,$U$6,IF(D7<=$V$5,$V$6,IF(D7<=$W$5,$W$6,IF(D7<=$X$5,$X$6,"")))))) -> Moderado | G7: =+IF(E7=$S$7,IF(F7=$T$6,$T$7,IF(F7=$U$6,$U$7,IF(F7=$V$6,$V$7,IF(F7=$W$6,$W$7,IF(F7=$X$6,$X$7))))),IF(E7=$S$8,IF(F7=$T$6,$T$8,IF(F7=$U$6,$U$8,IF(F7=$V$6,$V$8,IF(F7=$W$6,$W$8,IF(F7=$X$6,$X$8))))),IF(E7=$S$9,IF(F7=$T$6,$T$9,IF(F7=$U$6,$U$9,IF(F7=$V$6,$V$9,IF(F7=$W$6,$W$9,IF(F7=$X$6,$X$9))))),IF(E7=$S$10,IF(F7=$T$6,$T$10,IF(F7=$U$6,$U$10,IF(F7=$V$6,$V$10,IF(F7=$W$6,$W$10,IF(F7=$X$6,$X$10))))),IF(E7=$S$11,IF(F7=$T$6,$T$11,IF(F7=$U$6,$U$11,IF(F7=$V$6,$V$11,IF(F7=$W$6,$W$11,IF(F7=$X$6,$X$11))))),""))))) -> Moderado | I7: Probabilidad | J7: Muy Alta | K7: =+IF(AND(E7=$S$7,F7=$T$6),A7,"")&" "&IF(AND(E8=$S$7,F8=$T$6),A8,"")&" "&IF(AND(E9=$S$7,F9=$T$6),A9,"")&" "&IF(AND(E10=$S$7,F10=$T$6),A10,"")&" "&IF(AND(E11=$S$7,F11=$T$6),A11,"")&" "&IF(AND(E12=$S$7,F12=$T$6),A12,"")&" "&IF(AND(E13=$S$7,F13=$T$6),A13,"")&" "&IF(AND(E14=$S$7,F14=$T$6),A14,"")&" "&IF(AND(E15=$S$7,F15=$T$6),A15,"")&" "&IF(AND(E16=$S$7,F16=$T$6),A16,"")&" "&IF(AND(E17=$S$7,F17=$T$6),A17,"")&" "&IF(AND(E18=$S$7,F18=$T$6),A18,"")&" "&IF(AND(E19=$S$7,F19=$T$6),A19,"")&" "&IF(AND(E20=$S$7,F20=$T$6),A20,"")&" "&IF(AND(E21=$S$7,F21=$T$6),A21,"")&" "&IF(AND(E22=$S$7,F22=$T$6),A22,"")&" "&IF(AND(E23=$S$7,F23=$T$6),A23,"")&" "&IF(AND(E24=$S$7,F24=$T$6),A24,"")&" "&IF(AND(E25=$S$7,F25=$T$6),A25,"")&" "&IF(AND(E26=$S$7,F26=$T$6),A26,"") | L7: =+IF(AND(E7=$S$7,F7=$U$6),A7,"")&" "&IF(AND(E8=$S$7,F8=$U$6),A8,"")&" "&IF(AND(E9=$S$7,F9=$U$6),A9,"")&" "&IF(AND(E10=$S$7,F10=$U$6),A10,"")&" "&IF(AND(E11=$S$7,F11=$U$6),A11,"")&" "&IF(AND(E12=$S$7,F12=$U$6),A12,"")&" "&IF(AND(E13=$S$7,F13=$U$6),A13,"")&" "&IF(AND(E14=$S$7,F14=$U$6),A14,"")&" "&IF(AND(E15=$S$7,F15=$U$6),A15,"")&" "&IF(AND(E16=$S$7,F16=$U$6),A16,"")&" "&IF(AND(E17=$S$7,F17=$U$6),A17,"")&" "&IF(AND(E18=$S$7,F18=$U$6),A18,"")&" "&IF(AND(E19=$S$7,F19=$U$6),A19,"")&" "&IF(AND(E20=$S$7,F20=$U$6),A20,"")&" "&IF(AND(E21=$S$7,F21=$U$6),A21,"")&" "&IF(AND(E22=$S$7,F22=$U$6),A22,"")&" "&IF(AND(E23=$S$7,F23=$U$6),A23,"")&" "&IF(AND(E24=$S$7,F24=$U$6),A24,"")&" "&IF(AND(E25=$S$7,F25=$U$6),A25,"")&" "&IF(AND(E26=$S$7,F26=$U$6),A26,"") | M7: =+IF(AND(E7=$S$7,F7=$V$6),A7,"")&" "&IF(AND(E8=$S$7,F8=$V$6),A8,"")&" "&IF(AND(E9=$S$7,F9=$V$6),A9,"")&" "&IF(AND(E10=$S$7,F10=$V$6),A10,"")&" "&IF(AND(E11=$S$7,F11=$V$6),A11,"")&" "&IF(AND(E12=$S$7,F12=$V$6),A12,"")&" "&IF(AND(E13=$S$7,F13=$V$6),A13,"")&" "&IF(AND(E14=$S$7,F14=$V$6),A14,"")&" "&IF(AND(E15=$S$7,F15=$V$6),A15,"")&" "&IF(AND(E16=$S$7,F16=$V$6),A16,"")&" "&IF(AND(E17=$S$7,F17=$V$6),A17,"")&" "&IF(AND(E18=$S$7,F18=$V$6),A18,"")&" "&IF(AND(E19=$S$7,F19=$V$6),A19,"")&" "&IF(AND(E20=$S$7,F20=$V$6),A20,"")&" "&IF(AND(E21=$S$7,F21=$V$6),A21,"")&" "&IF(AND(E22=$S$7,F22=$V$6),A22,"")&" "&IF(AND(E23=$S$7,F23=$V$6),A23,"")&" "&IF(AND(E24=$S$7,F24=$V$6),A24,"")&" "&IF(AND(E25=$S$7,F25=$V$6),A25,"")&" "&IF(AND(E26=$S$7,F26=$V$6),A26,"") | N7: =+IF(AND(E7=$S$7,F7=$W$6),A7,"")&" "&IF(AND(E8=$S$7,F8=$W$6),A8,"")&" "&IF(AND(E9=$S$7,F9=$W$6),A9,"")&" "&IF(AND(E10=$S$7,F10=$W$6),A10,"")&" "&IF(AND(E11=$S$7,F11=$W$6),A11,"")&" "&IF(AND(E12=$S$7,F12=$W$6),A12,"")&" "&IF(AND(E13=$S$7,F13=$W$6),A13,"")&" "&IF(AND(E14=$S$7,F14=$W$6),A14,"")&" "&IF(AND(E15=$S$7,F15=$W$6),A15,"")&" "&IF(AND(E16=$S$7,F16=$W$6),A16,"")&" "&IF(AND(E17=$S$7,F17=$W$6),A17,"")&" "&IF(AND(E18=$S$7,F18=$W$6),A18,"")&" "&IF(AND(E19=$S$7,F19=$W$6),A19,"")&" "&IF(AND(E20=$S$7,F20=$W$6),A20,"")&" "&IF(AND(E21=$S$7,F21=$W$6),A21,"")&" "&IF(AND(E22=$S$7,F22=$W$6),A22,"")&" "&IF(AND(E23=$S$7,F23=$W$6),A23,"")&" "&IF(AND(E24=$S$7,F24=$W$6),A24,"")&" "&IF(AND(E25=$S$7,F25=$W$6),A25,"")&" "&IF(AND(E26=$S$7,F26=$W$6),A26,"") | O7: =+IF(AND(E7=$S$7,F7=$X$6),A7,"")&" "&IF(AND(E8=$S$7,F8=$X$6),A8,"")&" "&IF(AND(E9=$S$7,F9=$X$6),A9,"")&" "&IF(AND(E10=$S$7,F10=$X$6),A10,"")&" "&IF(AND(E11=$S$7,F11=$X$6),A11,"")&" "&IF(AND(E12=$S$7,F12=$X$6),A12,"")&" "&IF(AND(E13=$S$7,F13=$X$6),A13,"")&" "&IF(AND(E14=$S$7,F14=$X$6),A14,"")&" "&IF(AND(E15=$S$7,F15=$X$6),A15,"")&" "&IF(AND(E16=$S$7,F16=$X$6),A16,"")&" "&IF(AND(E17=$S$7,F17=$X$6),A17,"")&" "&IF(AND(E18=$S$7,F18=$X$6),A18,"")&" "&IF(AND(E19=$S$7,F19=$X$6),A19,"")&" "&IF(AND(E20=$S$7,F20=$X$6),A20,"")&" "&IF(AND(E21=$S$7,F21=$X$6),A21,"")&" "&IF(AND(E22=$S$7,F22=$X$6),A22,"")&" "&IF(AND(E23=$S$7,F23=$X$6),A23,"")&" "&IF(AND(E24=$S$7,F24=$X$6),A24,"")&" "&IF(AND(E25=$S$7,F25=$X$6),A25,"")&" "&IF(AND(E26=$S$7,F26=$X$6),A26,"") | Q7: Probabilidad | R7: 1 | S7: Muy Alta | T7: Alto | U7: Alto | V7: Alto | W7: Alto | X7: Extremo
A8: ='2. MATRIZ DE RIESGOS'!A19 -> GH9 | B8: ='2. MATRIZ DE RIESGOS'!G19 -> Posibilidad de afectación económica del Instituto por multas y sanciones aplicadas por los entes de control debido al incumplimiento de requerimientos normativos y/o de informes de Ley relacionados con el proceso de gestión humana y con el SG-SST. | C8: ='2. MATRIZ DE RIESGOS'!AE19 -> 0.1728 | D8: ='2. MATRIZ DE RIESGOS'!AG19 -> 0.4 | E8: =+IF(C8=0,"",IF(C8<=$R$11,$S$11,IF(C8<=$R$10,$S$10,IF(C8<=$R$9,$S$9,IF(C8<=$R$8,$S$8,IF(C8<=$R$7,$S$7,"")))))) -> Muy Baja | F8: =+IF(D8=0,"",IF(D8<=$T$5,$T$6,IF(D8<=$U$5,$U$6,IF(D8<=$V$5,$V$6,IF(D8<=$W$5,$W$6,IF(D8<=$X$5,$X$6,"")))))) -> Menor | G8: =+IF(E8=$S$7,IF(F8=$T$6,$T$7,IF(F8=$U$6,$U$7,IF(F8=$V$6,$V$7,IF(F8=$W$6,$W$7,IF(F8=$X$6,$X$7))))),IF(E8=$S$8,IF(F8=$T$6,$T$8,IF(F8=$U$6,$U$8,IF(F8=$V$6,$V$8,IF(F8=$W$6,$W$8,IF(F8=$X$6,$X$8))))),IF(E8=$S$9,IF(F8=$T$6,$T$9,IF(F8=$U$6,$U$9,IF(F8=$V$6,$V$9,IF(F8=$W$6,$W$9,IF(F8=$X$6,$X$9))))),IF(E8=$S$10,IF(F8=$T$6,$T$10,IF(F8=$U$6,$U$10,IF(F8=$V$6,$V$10,IF(F8=$W$6,$W$10,IF(F8=$X$6,$X$10))))),IF(E8=$S$11,IF(F8=$T$6,$T$11,IF(F8=$U$6,$U$11,IF(F8=$V$6,$V$11,IF(F8=$W$6,$W$11,IF(F8=$X$6,$X$11))))),""))))) -> Bajo | J8: Alta | K8: =+IF(AND(E7=$S$8,F7=$T$6),A7,"")&" "&IF(AND(E8=$S$8,F8=$T$6),A8,"")&" "&IF(AND(E9=$S$8,F9=$T$6),A9,"")&" "&IF(AND(E10=$S$8,F10=$T$6),A10,"")&" "&IF(AND(E11=$S$8,F11=$T$6),A11,"")&" "&IF(AND(E12=$S$8,F12=$T$6),A12,"")&" "&IF(AND(E13=$S$8,F13=$T$6),A13,"")&" "&IF(AND(E14=$S$8,F14=$T$6),A14,"")&" "&IF(AND(E15=$S$8,F15=$T$6),A15,"")&" "&IF(AND(E16=$S$8,F16=$T$6),A16,"")&" "&IF(AND(E17=$S$8,F17=$T$6),A17,"")&" "&IF(AND(E18=$S$8,F18=$T$6),A18,"")&" "&IF(AND(E19=$S$8,F19=$T$6),A19,"")&" "&IF(AND(E20=$S$8,F20=$T$6),A20,"")&" "&IF(AND(E21=$S$8,F21=$T$6),A21,"")&" "&IF(AND(E22=$S$8,F22=$T$6),A22,"")&" "&IF(AND(E23=$S$8,F23=$T$6),A23,"")&" "&IF(AND(E24=$S$8,F24=$T$6),A24,"")&" "&IF(AND(E25=$S$8,F25=$T$6),A25,"")&" "&IF(AND(E26=$S$8,F26=$T$6),A26,"") | L8: =+IF(AND(E7=$S$8,F7=$U$6),A7,"")&" "&IF(AND(E8=$S$8,F8=$U$6),A8,"")&" "&IF(AND(E9=$S$8,F9=$U$6),A9,"")&" "&IF(AND(E10=$S$8,F10=$U$6),A10,"")&" "&IF(AND(E11=$S$8,F11=$U$6),A11,"")&" "&IF(AND(E12=$S$8,F12=$U$6),A12,"")&" "&IF(AND(E13=$S$8,F13=$U$6),A13,"")&" "&IF(AND(E14=$S$8,F14=$U$6),A14,"")&" "&IF(AND(E15=$S$8,F15=$U$6),A15,"")&" "&IF(AND(E16=$S$8,F16=$U$6),A16,"")&" "&IF(AND(E17=$S$8,F17=$U$6),A17,"")&" "&IF(AND(E18=$S$8,F18=$U$6),A18,"")&" "&IF(AND(E19=$S$8,F19=$U$6),A19,"")&" "&IF(AND(E20=$S$8,F20=$U$6),A20,"")&" "&IF(AND(E21=$S$8,F21=$U$6),A21,"")&" "&IF(AND(E22=$S$8,F22=$U$6),A22,"")&" "&IF(AND(E23=$S$8,F23=$U$6),A23,"")&" "&IF(AND(E24=$S$8,F24=$U$6),A24,"")&" "&IF(AND(E25=$S$8,F25=$U$6),A25,"")&" "&IF(AND(E26=$S$8,F26=$U$6),A26,"") | M8: =+IF(AND(E7=$S$8,F7=$V$6),A7,"")&" "&IF(AND(E8=$S$8,F8=$V$6),A8,"")&" "&IF(AND(E9=$S$8,F9=$V$6),A9,"")&" "&IF(AND(E10=$S$8,F10=$V$6),A10,"")&" "&IF(AND(E11=$S$8,F11=$V$6),A11,"")&" "&IF(AND(E12=$S$8,F12=$V$6),A12,"")&" "&IF(AND(E13=$S$8,F13=$V$6),A13,"")&" "&IF(AND(E14=$S$8,F14=$V$6),A14,"")&" "&IF(AND(E15=$S$8,F15=$V$6),A15,"")&" "&IF(AND(E16=$S$8,F16=$V$6),A16,"")&" "&IF(AND(E17=$S$8,F17=$V$6),A17,"")&" "&IF(AND(E18=$S$8,F18=$V$6),A18,"")&" "&IF(AND(E19=$S$8,F19=$V$6),A19,"")&" "&IF(AND(E20=$S$8,F20=$V$6),A20,"")&" "&IF(AND(E21=$S$8,F21=$V$6),A21,"")&" "&IF(AND(E22=$S$8,F22=$V$6),A22,"")&" "&IF(AND(E23=$S$8,F23=$V$6),A23,"")&" "&IF(AND(E24=$S$8,F24=$V$6),A24,"")&" "&IF(AND(E25=$S$8,F25=$V$6),A25,"")&" "&IF(AND(E26=$S$8,F26=$V$6),A26,"") | N8: =+IF(AND(E7=$S$8,F7=$W$6),A7,"")&" "&IF(AND(E8=$S$8,F8=$W$6),A8,"")&" "&IF(AND(E9=$S$8,F9=$W$6),A9,"")&" "&IF(AND(E10=$S$8,F10=$W$6),A10,"")&" "&IF(AND(E11=$S$8,F11=$W$6),A11,"")&" "&IF(AND(E12=$S$8,F12=$W$6),A12,"")&" "&IF(AND(E13=$S$8,F13=$W$6),A13,"")&" "&IF(AND(E14=$S$8,F14=$W$6),A14,"")&" "&IF(AND(E15=$S$8,F15=$W$6),A15,"")&" "&IF(AND(E16=$S$8,F16=$W$6),A16,"")&" "&IF(AND(E17=$S$8,F17=$W$6),A17,"")&" "&IF(AND(E18=$S$8,F18=$W$6),A18,"")&" "&IF(AND(E19=$S$8,F19=$W$6),A19,"")&" "&IF(AND(E20=$S$8,F20=$W$6),A20,"")&" "&IF(AND(E21=$S$8,F21=$W$6),A21,"")&" "&IF(AND(E22=$S$8,F22=$W$6),A22,"")&" "&IF(AND(E23=$S$8,F23=$W$6),A23,"")&" "&IF(AND(E24=$S$8,F24=$W$6),A24,"")&" "&IF(AND(E25=$S$8,F25=$W$6),A25,"")&" "&IF(AND(E26=$S$8,F26=$W$6),A26,"") | O8: =+IF(AND(E7=$S$8,F7=$X$6),A7,"")&" "&IF(AND(E8=$S$8,F8=$X$6),A8,"")&" "&IF(AND(E9=$S$8,F9=$X$6),A9,"")&" "&IF(AND(E10=$S$8,F10=$X$6),A10,"")&" "&IF(AND(E11=$S$8,F11=$X$6),A11,"")&" "&IF(AND(E12=$S$8,F12=$X$6),A12,"")&" "&IF(AND(E13=$S$8,F13=$X$6),A13,"")&" "&IF(AND(E14=$S$8,F14=$X$6),A14,"")&" "&IF(AND(E15=$S$8,F15=$X$6),A15,"")&" "&IF(AND(E16=$S$8,F16=$X$6),A16,"")&" "&IF(AND(E17=$S$8,F17=$X$6),A17,"")&" "&IF(AND(E18=$S$8,F18=$X$6),A18,"")&" "&IF(AND(E19=$S$8,F19=$X$6),A19,"")&" "&IF(AND(E20=$S$8,F20=$X$6),A20,"")&" "&IF(AND(E21=$S$8,F21=$X$6),A21,"")&" "&IF(AND(E22=$S$8,F22=$X$6),A22,"")&" "&IF(AND(E23=$S$8,F23=$X$6),A23,"")&" "&IF(AND(E24=$S$8,F24=$X$6),A24,"")&" "&IF(AND(E25=$S$8,F25=$X$6),A25,"")&" "&IF(AND(E26=$S$8,F26=$X$6),A26,"") | R8: 0.8 | S8: Alta | T8: Moderado | U8: Moderado | V8: Alto | W8: Alto | X8: Extremo
A9: ='2. MATRIZ DE RIESGOS'!A22 -> GH10 | B9: ='2. MATRIZ DE RIESGOS'!G22 -> Posibilidad de afectación económica del Instituto por pérdida de recursos debido a que se pague nómina y prestaciones sociales por un mayor valor al establecido en la ley, o que se pague nómina y prestaciones sociales a personal no existente en la planta de cargos de la entidad. Lo anterior para beneficio particular o de un tercero. | C9: ='2. MATRIZ DE RIESGOS'!AE22 -> 0.168 | D9: ='2. MATRIZ DE RIESGOS'!AG22 -> 0.5625 | E9: =+IF(C9=0,"",IF(C9<=$R$11,$S$11,IF(C9<=$R$10,$S$10,IF(C9<=$R$9,$S$9,IF(C9<=$R$8,$S$8,IF(C9<=$R$7,$S$7,"")))))) -> Muy Baja | F9: =+IF(D9=0,"",IF(D9<=$T$5,$T$6,IF(D9<=$U$5,$U$6,IF(D9<=$V$5,$V$6,IF(D9<=$W$5,$W$6,IF(D9<=$X$5,$X$6,"")))))) -> Moderado | G9: =+IF(E9=$S$7,IF(F9=$T$6,$T$7,IF(F9=$U$6,$U$7,IF(F9=$V$6,$V$7,IF(F9=$W$6,$W$7,IF(F9=$X$6,$X$7))))),IF(E9=$S$8,IF(F9=$T$6,$T$8,IF(F9=$U$6,$U$8,IF(F9=$V$6,$V$8,IF(F9=$W$6,$W$8,IF(F9=$X$6,$X$8))))),IF(E9=$S$9,IF(F9=$T$6,$T$9,IF(F9=$U$6,$U$9,IF(F9=$V$6,$V$9,IF(F9=$W$6,$W$9,IF(F9=$X$6,$X$9))))),IF(E9=$S$10,IF(F9=$T$6,$T$10,IF(F9=$U$6,$U$10,IF(F9=$V$6,$V$10,IF(F9=$W$6,$W$10,IF(F9=$X$6,$X$10))))),IF(E9=$S$11,IF(F9=$T$6,$T$11,IF(F9=$U$6,$U$11,IF(F9=$V$6,$V$11,IF(F9=$W$6,$W$11,IF(F9=$X$6,$X$11))))),""))))) -> Moderado | J9: Media | K9: =+IF(AND(E7=$S$9,F7=$T$6),A7,"")&" "&IF(AND(E8=$S$9,F8=$T$6),A8,"")&" "&IF(AND(E9=$S$9,F9=$T$6),A9,"")&" "&IF(AND(E10=$S$9,F10=$T$6),A10,"")&" "&IF(AND(E11=$S$9,F11=$T$6),A11,"")&" "&IF(AND(E12=$S$9,F12=$T$6),A12,"")&" "&IF(AND(E13=$S$9,F13=$T$6),A13,"")&" "&IF(AND(E14=$S$9,F14=$T$6),A14,"")&" "&IF(AND(E15=$S$9,F15=$T$6),A15,"")&" "&IF(AND(E16=$S$9,F16=$T$6),A16,"")&" "&IF(AND(E17=$S$9,F17=$T$6),A17,"")&" "&IF(AND(E18=$S$9,F18=$T$6),A18,"")&" "&IF(AND(E19=$S$9,F19=$T$6),A19,"")&" "&IF(AND(E20=$S$9,F20=$T$6),A20,"")&" "&IF(AND(E21=$S$9,F21=$T$6),A21,"")&" "&IF(AND(E22=$S$9,F22=$T$6),A22,"")&" "&IF(AND(E23=$S$9,F23=$T$6),A23,"")&" "&IF(AND(E24=$S$9,F24=$T$6),A24,"")&" "&IF(AND(E25=$S$9,F25=$T$6),A25,"")&" "&IF(AND(E26=$S$9,F26=$T$6),A26,"") | L9: =+IF(AND(E7=$S$9,F7=$U$6),A7,"")&" "&IF(AND(E8=$S$9,F8=$U$6),A8,"")&" "&IF(AND(E9=$S$9,F9=$U$6),A9,"")&" "&IF(AND(E10=$S$9,F10=$U$6),A10,"")&" "&IF(AND(E11=$S$9,F11=$U$6),A11,"")&" "&IF(AND(E12=$S$9,F12=$U$6),A12,"")&" "&IF(AND(E13=$S$9,F13=$U$6),A13,"")&" "&IF(AND(E14=$S$9,F14=$U$6),A14,"")&" "&IF(AND(E15=$S$9,F15=$U$6),A15,"")&" "&IF(AND(E16=$S$9,F16=$U$6),A16,"")&" "&IF(AND(E17=$S$9,F17=$U$6),A17,"")&" "&IF(AND(E18=$S$9,F18=$U$6),A18,"")&" "&IF(AND(E19=$S$9,F19=$U$6),A19,"")&" "&IF(AND(E20=$S$9,F20=$U$6),A20,"")&" "&IF(AND(E21=$S$9,F21=$U$6),A21,"")&" "&IF(AND(E22=$S$9,F22=$U$6),A22,"")&" "&IF(AND(E23=$S$9,F23=$U$6),A23,"")&" "&IF(AND(E24=$S$9,F24=$U$6),A24,"")&" "&IF(AND(E25=$S$9,F25=$U$6),A25,"")&" "&IF(AND(E26=$S$9,F26=$U$6),A26,"") | M9: =+IF(AND(E7=$S$9,F7=$V$6),A7,"")&" "&IF(AND(E8=$S$9,F8=$V$6),A8,"")&" "&IF(AND(E9=$S$9,F9=$V$6),A9,"")&" "&IF(AND(E10=$S$9,F10=$V$6),A10,"")&" "&IF(AND(E11=$S$9,F11=$V$6),A11,"")&" "&IF(AND(E12=$S$9,F12=$V$6),A12,"")&" "&IF(AND(E13=$S$9,F13=$V$6),A13,"")&" "&IF(AND(E14=$S$9,F14=$V$6),A14,"")&" "&IF(AND(E15=$S$9,F15=$V$6),A15,"")&" "&IF(AND(E16=$S$9,F16=$V$6),A16,"")&" "&IF(AND(E17=$S$9,F17=$V$6),A17,"")&" "&IF(AND(E18=$S$9,F18=$V$6),A18,"")&" "&IF(AND(E19=$S$9,F19=$V$6),A19,"")&" "&IF(AND(E20=$S$9,F20=$V$6),A20,"")&" "&IF(AND(E21=$S$9,F21=$V$6),A21,"")&" "&IF(AND(E22=$S$9,F22=$V$6),A22,"")&" "&IF(AND(E23=$S$9,F23=$V$6),A23,"")&" "&IF(AND(E24=$S$9,F24=$V$6),A24,"")&" "&IF(AND(E25=$S$9,F25=$V$6),A25,"")&" "&IF(AND(E26=$S$9,F26=$V$6),A26,"") | N9: =+IF(AND(E7=$S$9,F7=$W$6),A7,"")&" "&IF(AND(E8=$S$9,F8=$W$6),A8,"")&" "&IF(AND(E9=$S$9,F9=$W$6),A9,"")&" "&IF(AND(E10=$S$9,F10=$W$6),A10,"")&" "&IF(AND(E11=$S$9,F11=$W$6),A11,"")&" "&IF(AND(E12=$S$9,F12=$W$6),A12,"")&" "&IF(AND(E13=$S$9,F13=$W$6),A13,"")&" "&IF(AND(E14=$S$9,F14=$W$6),A14,"")&" "&IF(AND(E15=$S$9,F15=$W$6),A15,"")&" "&IF(AND(E16=$S$9,F16=$W$6),A16,"")&" "&IF(AND(E17=$S$9,F17=$W$6),A17,"")&" "&IF(AND(E18=$S$9,F18=$W$6),A18,"")&" "&IF(AND(E19=$S$9,F19=$W$6),A19,"")&" "&IF(AND(E20=$S$9,F20=$W$6),A20,"")&" "&IF(AND(E21=$S$9,F21=$W$6),A21,"")&" "&IF(AND(E22=$S$9,F22=$W$6),A22,"")&" "&IF(AND(E23=$S$9,F23=$W$6),A23,"")&" "&IF(AND(E24=$S$9,F24=$W$6),A24,"")&" "&IF(AND(E25=$S$9,F25=$W$6),A25,"")&" "&IF(AND(E26=$S$9,F26=$W$6),A26,"") | O9: =+IF(AND(E7=$S$9,F7=$X$6),A7,"")&" "&IF(AND(E8=$S$9,F8=$X$6),A8,"")&" "&IF(AND(E9=$S$9,F9=$X$6),A9,"")&" "&IF(AND(E10=$S$9,F10=$X$6),A10,"")&" "&IF(AND(E11=$S$9,F11=$X$6),A11,"")&" "&IF(AND(E12=$S$9,F12=$X$6),A12,"")&" "&IF(AND(E13=$S$9,F13=$X$6),A13,"")&" "&IF(AND(E14=$S$9,F14=$X$6),A14,"")&" "&IF(AND(E15=$S$9,F15=$X$6),A15,"")&" "&IF(AND(E16=$S$9,F16=$X$6),A16,"")&" "&IF(AND(E17=$S$9,F17=$X$6),A17,"")&" "&IF(AND(E18=$S$9,F18=$X$6),A18,"")&" "&IF(AND(E19=$S$9,F19=$X$6),A19,"")&" "&IF(AND(E20=$S$9,F20=$X$6),A20,"")&" "&IF(AND(E21=$S$9,F21=$X$6),A21,"")&" "&IF(AND(E22=$S$9,F22=$X$6),A22,"")&" "&IF(AND(E23=$S$9,F23=$X$6),A23,"")&" "&IF(AND(E24=$S$9,F24=$X$6),A24,"")&" "&IF(AND(E25=$S$9,F25=$X$6),A25,"")&" "&IF(AND(E26=$S$9,F26=$X$6),A26,"") | R9: 0.6 | S9: Media | T9: Moderado | U9: Moderado | V9: Moderado | W9: Alto | X9: Extremo
A10: ='2. MATRIZ DE RIESGOS'!A27 -> GH11 | B10: ='2. MATRIZ DE RIESGOS'!G27 -> Posibilidad de afectación económica o reputacional por materialización de actos de corrupción o disciplinables, asi como por hallazgos fiscales, displinarios por parte de los entes de control, debido a que los servidores públicos del Instituto no declaren sus posibles conflictos de intereses. | C10: ='2. MATRIZ DE RIESGOS'!AE27 -> 0.0279936 | D10: ='2. MATRIZ DE RIESGOS'!AG27 -> 0.75 | E10: =+IF(C10=0,"",IF(C10<=$R$11,$S$11,IF(C10<=$R$10,$S$10,IF(C10<=$R$9,$S$9,IF(C10<=$R$8,$S$8,IF(C10<=$R$7,$S$7,"")))))) -> Muy Baja | F10: =+IF(D10=0,"",IF(D10<=$T$5,$T$6,IF(D10<=$U$5,$U$6,IF(D10<=$V$5,$V$6,IF(D10<=$W$5,$W$6,IF(D10<=$X$5,$X$6,"")))))) -> Mayor | G10: =+IF(E10=$S$7,IF(F10=$T$6,$T$7,IF(F10=$U$6,$U$7,IF(F10=$V$6,$V$7,IF(F10=$W$6,$W$7,IF(F10=$X$6,$X$7))))),IF(E10=$S$8,IF(F10=$T$6,$T$8,IF(F10=$U$6,$U$8,IF(F10=$V$6,$V$8,IF(F10=$W$6,$W$8,IF(F10=$X$6,$X$8))))),IF(E10=$S$9,IF(F10=$T$6,$T$9,IF(F10=$U$6,$U$9,IF(F10=$V$6,$V$9,IF(F10=$W$6,$W$9,IF(F10=$X$6,$X$9))))),IF(E10=$S$10,IF(F10=$T$6,$T$10,IF(F10=$U$6,$U$10,IF(F10=$V$6,$V$10,IF(F10=$W$6,$W$10,IF(F10=$X$6,$X$10))))),IF(E10=$S$11,IF(F10=$T$6,$T$11,IF(F10=$U$6,$U$11,IF(F10=$V$6,$V$11,IF(F10=$W$6,$W$11,IF(F10=$X$6,$X$11))))),""))))) -> Alto | J10: Baja | K10: =+IF(AND(E7=$S$10,F7=$T$6),A7,"")&" "&IF(AND(E8=$S$10,F8=$T$6),A8,"")&" "&IF(AND(E9=$S$10,F9=$T$6),A9,"")&" "&IF(AND(E10=$S$10,F10=$T$6),A10,"")&" "&IF(AND(E11=$S$10,F11=$T$6),A11,"")&" "&IF(AND(E12=$S$10,F12=$T$6),A12,"")&" "&IF(AND(E13=$S$10,F13=$T$6),A13,"")&" "&IF(AND(E14=$S$10,F14=$T$6),A14,"")&" "&IF(AND(E15=$S$10,F15=$T$6),A15,"")&" "&IF(AND(E16=$S$10,F16=$T$6),A16,"")&" "&IF(AND(E17=$S$10,F17=$T$6),A17,"")&" "&IF(AND(E18=$S$10,F18=$T$6),A18,"")&" "&IF(AND(E19=$S$10,F19=$T$6),A19,"")&" "&IF(AND(E20=$S$10,F20=$T$6),A20,"")&" "&IF(AND(E21=$S$10,F21=$T$6),A21,"")&" "&IF(AND(E22=$S$10,F22=$T$6),A22,"")&" "&IF(AND(E23=$S$10,F23=$T$6),A23,"")&" "&IF(AND(E24=$S$10,F24=$T$6),A24,"")&" "&IF(AND(E25=$S$10,F25=$T$6),A25,"")&" "&IF(AND(E26=$S$10,F26=$T$6),A26,"") | L10: =+IF(AND(E7=$S$10,F7=$U$6),A7,"")&" "&IF(AND(E8=$S$10,F8=$U$6),A8,"")&" "&IF(AND(E9=$S$10,F9=$U$6),A9,"")&" "&IF(AND(E10=$S$10,F10=$U$6),A10,"")&" "&IF(AND(E11=$S$10,F11=$U$6),A11,"")&" "&IF(AND(E12=$S$10,F12=$U$6),A12,"")&" "&IF(AND(E13=$S$10,F13=$U$6),A13,"")&" "&IF(AND(E14=$S$10,F14=$U$6),A14,"")&" "&IF(AND(E15=$S$10,F15=$U$6),A15,"")&" "&IF(AND(E16=$S$10,F16=$U$6),A16,"")&" "&IF(AND(E17=$S$10,F17=$U$6),A17,"")&" "&IF(AND(E18=$S$10,F18=$U$6),A18,"")&" "&IF(AND(E19=$S$10,F19=$U$6),A19,"")&" "&IF(AND(E20=$S$10,F20=$U$6),A20,"")&" "&IF(AND(E21=$S$10,F21=$U$6),A21,"")&" "&IF(AND(E22=$S$10,F22=$U$6),A22,"")&" "&IF(AND(E23=$S$10,F23=$U$6),A23,"")&" "&IF(AND(E24=$S$10,F24=$U$6),A24,"")&" "&IF(AND(E25=$S$10,F25=$U$6),A25,"")&" "&IF(AND(E26=$S$10,F26=$U$6),A26,"") | M10: =+IF(AND(E7=$S$10,F7=$V$6),A7,"")&" "&IF(AND(E8=$S$10,F8=$V$6),A8,"")&" "&IF(AND(E9=$S$10,F9=$V$6),A9,"")&" "&IF(AND(E10=$S$10,F10=$V$6),A10,"")&" "&IF(AND(E11=$S$10,F11=$V$6),A11,"")&" "&IF(AND(E12=$S$10,F12=$V$6),A12,"")&" "&IF(AND(E13=$S$10,F13=$V$6),A13,"")&" "&IF(AND(E14=$S$10,F14=$V$6),A14,"")&" "&IF(AND(E15=$S$10,F15=$V$6),A15,"")&" "&IF(AND(E16=$S$10,F16=$V$6),A16,"")&" "&IF(AND(E17=$S$10,F17=$V$6),A17,"")&" "&IF(AND(E18=$S$10,F18=$V$6),A18,"")&" "&IF(AND(E19=$S$10,F19=$V$6),A19,"")&" "&IF(AND(E20=$S$10,F20=$V$6),A20,"")&" "&IF(AND(E21=$S$10,F21=$V$6),A21,"")&" "&IF(AND(E22=$S$10,F22=$V$6),A22,"")&" "&IF(AND(E23=$S$10,F23=$V$6),A23,"")&" "&IF(AND(E24=$S$10,F24=$V$6),A24,"")&" "&IF(AND(E25=$S$10,F25=$V$6),A25,"")&" "&IF(AND(E26=$S$10,F26=$V$6),A26,"") -> GH8 | N10: =+IF(AND(E7=$S$10,F7=$W$6),A7,"")&" "&IF(AND(E8=$S$10,F8=$W$6),A8,"")&" "&IF(AND(E9=$S$10,F9=$W$6),A9,"")&" "&IF(AND(E10=$S$10,F10=$W$6),A10,"")&" "&IF(AND(E11=$S$10,F11=$W$6),A11,"")&" "&IF(AND(E12=$S$10,F12=$W$6),A12,"")&" "&IF(AND(E13=$S$10,F13=$W$6),A13,"")&" "&IF(AND(E14=$S$10,F14=$W$6),A14,"")&" "&IF(AND(E15=$S$10,F15=$W$6),A15,"")&" "&IF(AND(E16=$S$10,F16=$W$6),A16,"")&" "&IF(AND(E17=$S$10,F17=$W$6),A17,"")&" "&IF(AND(E18=$S$10,F18=$W$6),A18,"")&" "&IF(AND(E19=$S$10,F19=$W$6),A19,"")&" "&IF(AND(E20=$S$10,F20=$W$6),A20,"")&" "&IF(AND(E21=$S$10,F21=$W$6),A21,"")&" "&IF(AND(E22=$S$10,F22=$W$6),A22,"")&" "&IF(AND(E23=$S$10,F23=$W$6),A23,"")&" "&IF(AND(E24=$S$10,F24=$W$6),A24,"")&" "&IF(AND(E25=$S$10,F25=$W$6),A25,"")&" "&IF(AND(E26=$S$10,F26=$W$6),A26,"") | O10: =+IF(AND(E7=$S$10,F7=$X$6),A7,"")&" "&IF(AND(E8=$S$10,F8=$X$6),A8,"")&" "&IF(AND(E9=$S$10,F9=$X$6),A9,"")&" "&IF(AND(E10=$S$10,F10=$X$6),A10,"")&" "&IF(AND(E11=$S$10,F11=$X$6),A11,"")&" "&IF(AND(E12=$S$10,F12=$X$6),A12,"")&" "&IF(AND(E13=$S$10,F13=$X$6),A13,"")&" "&IF(AND(E14=$S$10,F14=$X$6),A14,"")&" "&IF(AND(E15=$S$10,F15=$X$6),A15,"")&" "&IF(AND(E16=$S$10,F16=$X$6),A16,"")&" "&IF(AND(E17=$S$10,F17=$X$6),A17,"")&" "&IF(AND(E18=$S$10,F18=$X$6),A18,"")&" "&IF(AND(E19=$S$10,F19=$X$6),A19,"")&" "&IF(AND(E20=$S$10,F20=$X$6),A20,"")&" "&IF(AND(E21=$S$10,F21=$X$6),A21,"")&" "&IF(AND(E22=$S$10,F22=$X$6),A22,"")&" "&IF(AND(E23=$S$10,F23=$X$6),A23,"")&" "&IF(AND(E24=$S$10,F24=$X$6),A24,"")&" "&IF(AND(E25=$S$10,F25=$X$6),A25,"")&" "&IF(AND(E26=$S$10,F26=$X$6),A26,"") | R10: 0.4 | S10: Baja | T10: Bajo | U10: Moderado | V10: Moderado | W10: Alto | X10: Extremo
A11: ='2. MATRIZ DE RIESGOS'!A34 -> GH12 | B11: ='2. MATRIZ DE RIESGOS'!G34 -> Posibilidad de efecto dañoso sobre recursos publicos por pago de Intereses moratorios y sanciones por parte del Ministerio del Trabajo, debido a incumplimientos y/o retrasos en el pago de obligaciones laborales tales como prestaciones sociales y económicas de los vinculados, asi como el pago extemporáneo de arl contratistas riesgo 4 y 5. | C11: ='2. MATRIZ DE RIESGOS'!AE34 -> 0.1728 | D11: ='2. MATRIZ DE RIESGOS'!AG34 -> 0.6 | E11: =+IF(C11=0,"",IF(C11<=$R$11,$S$11,IF(C11<=$R$10,$S$10,IF(C11<=$R$9,$S$9,IF(C11<=$R$8,$S$8,IF(C11<=$R$7,$S$7,"")))))) -> Muy Baja | F11: =+IF(D11=0,"",IF(D11<=$T$5,$T$6,IF(D11<=$U$5,$U$6,IF(D11<=$V$5,$V$6,IF(D11<=$W$5,$W$6,IF(D11<=$X$5,$X$6,"")))))) -> Moderado | G11: =+IF(E11=$S$7,IF(F11=$T$6,$T$7,IF(F11=$U$6,$U$7,IF(F11=$V$6,$V$7,IF(F11=$W$6,$W$7,IF(F11=$X$6,$X$7))))),IF(E11=$S$8,IF(F11=$T$6,$T$8,IF(F11=$U$6,$U$8,IF(F11=$V$6,$V$8,IF(F11=$W$6,$W$8,IF(F11=$X$6,$X$8))))),IF(E11=$S$9,IF(F11=$T$6,$T$9,IF(F11=$U$6,$U$9,IF(F11=$V$6,$V$9,IF(F11=$W$6,$W$9,IF(F11=$X$6,$X$9))))),IF(E11=$S$10,IF(F11=$T$6,$T$10,IF(F11=$U$6,$U$10,IF(F11=$V$6,$V$10,IF(F11=$W$6,$W$10,IF(F11=$X$6,$X$10))))),IF(E11=$S$11,IF(F11=$T$6,$T$11,IF(F11=$U$6,$U$11,IF(F11=$V$6,$V$11,IF(F11=$W$6,$W$11,IF(F11=$X$6,$X$11))))),""))))) -> Moderado | J11: Muy Baja | K11: =+IF(AND(E7=$S$11,F7=$T$6),A7,"")&" "&IF(AND(E8=$S$11,F8=$T$6),A8,"")&" "&IF(AND(E9=$S$11,F9=$T$6),A9,"")&" "&IF(AND(E10=$S$11,F10=$T$6),A10,"")&" "&IF(AND(E11=$S$11,F11=$T$6),A11,"")&" "&IF(AND(E12=$S$11,F12=$T$6),A12,"")&" "&IF(AND(E13=$S$11,F13=$T$6),A13,"")&" "&IF(AND(E14=$S$11,F14=$T$6),A14,"")&" "&IF(AND(E15=$S$11,F15=$T$6),A15,"")&" "&IF(AND(E16=$S$11,F16=$T$6),A16,"")&" "&IF(AND(E17=$S$11,F17=$T$6),A17,"")&" "&IF(AND(E18=$S$11,F18=$T$6),A18,"")&" "&IF(AND(E19=$S$11,F19=$T$6),A19,"")&" "&IF(AND(E20=$S$11,F20=$T$6),A20,"")&" "&IF(AND(E21=$S$11,F21=$T$6),A21,"")&" "&IF(AND(E22=$S$11,F22=$T$6),A22,"")&" "&IF(AND(E23=$S$11,F23=$T$6),A23,"")&" "&IF(AND(E24=$S$11,F24=$T$6),A24,"")&" "&IF(AND(E25=$S$11,F25=$T$6),A25,"")&" "&IF(AND(E26=$S$11,F26=$T$6),A26,"") | L11: =+IF(AND(E7=$S$11,F7=$U$6),A7,"")&" "&IF(AND(E8=$S$11,F8=$U$6),A8,"")&" "&IF(AND(E9=$S$11,F9=$U$6),A9,"")&" "&IF(AND(E10=$S$11,F10=$U$6),A10,"")&" "&IF(AND(E11=$S$11,F11=$U$6),A11,"")&" "&IF(AND(E12=$S$11,F12=$U$6),A12,"")&" "&IF(AND(E13=$S$11,F13=$U$6),A13,"")&" "&IF(AND(E14=$S$11,F14=$U$6),A14,"")&" "&IF(AND(E15=$S$11,F15=$U$6),A15,"")&" "&IF(AND(E16=$S$11,F16=$U$6),A16,"")&" "&IF(AND(E17=$S$11,F17=$U$6),A17,"")&" "&IF(AND(E18=$S$11,F18=$U$6),A18,"")&" "&IF(AND(E19=$S$11,F19=$U$6),A19,"")&" "&IF(AND(E20=$S$11,F20=$U$6),A20,"")&" "&IF(AND(E21=$S$11,F21=$U$6),A21,"")&" "&IF(AND(E22=$S$11,F22=$U$6),A22,"")&" "&IF(AND(E23=$S$11,F23=$U$6),A23,"")&" "&IF(AND(E24=$S$11,F24=$U$6),A24,"")&" "&IF(AND(E25=$S$11,F25=$U$6),A25,"")&" "&IF(AND(E26=$S$11,F26=$U$6),A26,"") -> GH9 | M11: =+IF(AND(E7=$S$11,F7=$V$6),A7,"")&" "&IF(AND(E8=$S$11,F8=$V$6),A8,"")&" "&IF(AND(E9=$S$11,F9=$V$6),A9,"")&" "&IF(AND(E10=$S$11,F10=$V$6),A10,"")&" "&IF(AND(E11=$S$11,F11=$V$6),A11,"")&" "&IF(AND(E12=$S$11,F12=$V$6),A12,"")&" "&IF(AND(E13=$S$11,F13=$V$6),A13,"")&" "&IF(AND(E14=$S$11,F14=$V$6),A14,"")&" "&IF(AND(E15=$S$11,F15=$V$6),A15,"")&" "&IF(AND(E16=$S$11,F16=$V$6),A16,"")&" "&IF(AND(E17=$S$11,F17=$V$6),A17,"")&" "&IF(AND(E18=$S$11,F18=$V$6),A18,"")&" "&IF(AND(E19=$S$11,F19=$V$6),A19,"")&" "&IF(AND(E20=$S$11,F20=$V$6),A20,"")&" "&IF(AND(E21=$S$11,F21=$V$6),A21,"")&" "&IF(AND(E22=$S$11,F22=$V$6),A22,"")&" "&IF(AND(E23=$S$11,F23=$V$6),A23,"")&" "&IF(AND(E24=$S$11,F24=$V$6),A24,"")&" "&IF(AND(E25=$S$11,F25=$V$6),A25,"")&" "&IF(AND(E26=$S$11,F26=$V$6),A26,"") -> GH10 GH12 GH13 | N11: =+IF(AND(E7=$S$11,F7=$W$6),A7,"")&" "&IF(AND(E8=$S$11,F8=$W$6),A8,"")&" "&IF(AND(E9=$S$11,F9=$W$6),A9,"")&" "&IF(AND(E10=$S$11,F10=$W$6),A10,"")&" "&IF(AND(E11=$S$11,F11=$W$6),A11,"")&" "&IF(AND(E12=$S$11,F12=$W$6),A12,"")&" "&IF(AND(E13=$S$11,F13=$W$6),A13,"")&" "&IF(AND(E14=$S$11,F14=$W$6),A14,"")&" "&IF(AND(E15=$S$11,F15=$W$6),A15,"")&" "&IF(AND(E16=$S$11,F16=$W$6),A16,"")&" "&IF(AND(E17=$S$11,F17=$W$6),A17,"")&" "&IF(AND(E18=$S$11,F18=$W$6),A18,"")&" "&IF(AND(E19=$S$11,F19=$W$6),A19,"")&" "&IF(AND(E20=$S$11,F20=$W$6),A20,"")&" "&IF(AND(E21=$S$11,F21=$W$6),A21,"")&" "&IF(AND(E22=$S$11,F22=$W$6),A22,"")&" "&IF(AND(E23=$S$11,F23=$W$6),A23,"")&" "&IF(AND(E24=$S$11,F24=$W$6),A24,"")&" "&IF(AND(E25=$S$11,F25=$W$6),A25,"")&" "&IF(AND(E26=$S$11,F26=$W$6),A26,"") -> GH11 | O11: =+IF(AND(E7=$S$11,F7=$X$6),A7,"")&" "&IF(AND(E8=$S$11,F8=$X$6),A8,"")&" "&IF(AND(E9=$S$11,F9=$X$6),A9,"")&" "&IF(AND(E10=$S$11,F10=$X$6),A10,"")&" "&IF(AND(E11=$S$11,F11=$X$6),A11,"")&" "&IF(AND(E12=$S$11,F12=$X$6),A12,"")&" "&IF(AND(E13=$S$11,F13=$X$6),A13,"")&" "&IF(AND(E14=$S$11,F14=$X$6),A14,"")&" "&IF(AND(E15=$S$11,F15=$X$6),A15,"")&" "&IF(AND(E16=$S$11,F16=$X$6),A16,"")&" "&IF(AND(E17=$S$11,F17=$X$6),A17,"")&" "&IF(AND(E18=$S$11,F18=$X$6),A18,"")&" "&IF(AND(E19=$S$11,F19=$X$6),A19,"")&" "&IF(AND(E20=$S$11,F20=$X$6),A20,"")&" "&IF(AND(E21=$S$11,F21=$X$6),A21,"")&" "&IF(AND(E22=$S$11,F22=$X$6),A22,"")&" "&IF(AND(E23=$S$11,F23=$X$6),A23,"")&" "&IF(AND(E24=$S$11,F24=$X$6),A24,"")&" "&IF(AND(E25=$S$11,F25=$X$6),A25,"")&" "&IF(AND(E26=$S$11,F26=$X$6),A26,"") | R11: 0.2 | S11: Muy Baja | T11: Bajo | U11: Bajo | V11: Moderado | W11: Alto | X11: Extremo
A12: ='2. MATRIZ DE RIESGOS'!A38 -> GH13 | B12: ='2. MATRIZ DE RIESGOS'!G38 -> Posibilidad de efecto dañoso sobre recursos publicos por sobrecostos derivados de la ejecución de los contratos, debido a bienes, servicios u obras inconclusos, infuncionales y/o que no brindan utilidad o beneficio y/o por autorización de facturas que no corresponden a las condiciones pactadas en los contratos. | C12: ='2. MATRIZ DE RIESGOS'!AE38 -> 0.144 | D12: ='2. MATRIZ DE RIESGOS'!AG38 -> 0.45 | E12: =+IF(C12=0,"",IF(C12<=$R$11,$S$11,IF(C12<=$R$10,$S$10,IF(C12<=$R$9,$S$9,IF(C12<=$R$8,$S$8,IF(C12<=$R$7,$S$7,"")))))) -> Muy Baja | F12: =+IF(D12=0,"",IF(D12<=$T$5,$T$6,IF(D12<=$U$5,$U$6,IF(D12<=$V$5,$V$6,IF(D12<=$W$5,$W$6,IF(D12<=$X$5,$X$6,"")))))) -> Moderado | G12: =+IF(E12=$S$7,IF(F12=$T$6,$T$7,IF(F12=$U$6,$U$7,IF(F12=$V$6,$V$7,IF(F12=$W$6,$W$7,IF(F12=$X$6,$X$7))))),IF(E12=$S$8,IF(F12=$T$6,$T$8,IF(F12=$U$6,$U$8,IF(F12=$V$6,$V$8,IF(F12=$W$6,$W$8,IF(F12=$X$6,$X$8))))),IF(E12=$S$9,IF(F12=$T$6,$T$9,IF(F12=$U$6,$U$9,IF(F12=$V$6,$V$9,IF(F12=$W$6,$W$9,IF(F12=$X$6,$X$9))))),IF(E12=$S$10,IF(F12=$T$6,$T$10,IF(F12=$U$6,$U$10,IF(F12=$V$6,$V$10,IF(F12=$W$6,$W$10,IF(F12=$X$6,$X$10))))),IF(E12=$S$11,IF(F12=$T$6,$T$11,IF(F12=$U$6,$U$11,IF(F12=$V$6,$V$11,IF(F12=$W$6,$W$11,IF(F12=$X$6,$X$11))))),""))))) -> Moderado
A13: R7 | B13: 0 | D13: 0 | E13: =+IF(C13=0,"",IF(C13<=$R$11,$S$11,IF(C13<=$R$10,$S$10,IF(C13<=$R$9,$S$9,IF(C13<=$R$8,$S$8,IF(C13<=$R$7,$S$7,"")))))) | F13: =+IF(D13=0,"",IF(D13<=$T$5,$T$6,IF(D13<=$U$5,$U$6,IF(D13<=$V$5,$V$6,IF(D13<=$W$5,$W$6,IF(D13<=$X$5,$X$6,"")))))) | G13: =+IF(E13=$S$7,IF(F13=$T$6,$T$7,IF(F13=$U$6,$U$7,IF(F13=$V$6,$V$7,IF(F13=$W$6,$W$7,IF(F13=$X$6,$X$7))))),IF(E13=$S$8,IF(F13=$T$6,$T$8,IF(F13=$U$6,$U$8,IF(F13=$V$6,$V$8,IF(F13=$W$6,$W$8,IF(F13=$X$6,$X$8))))),IF(E13=$S$9,IF(F13=$T$6,$T$9,IF(F13=$U$6,$U$9,IF(F13=$V$6,$V$9,IF(F13=$W$6,$W$9,IF(F13=$X$6,$X$9))))),IF(E13=$S$10,IF(F13=$T$6,$T$10,IF(F13=$U$6,$U$10,IF(F13=$V$6,$V$10,IF(F13=$W$6,$W$10,IF(F13=$X$6,$X$10))))),IF(E13=$S$11,IF(F13=$T$6,$T$11,IF(F13=$U$6,$U$11,IF(F13=$V$6,$V$11,IF(F13=$W$6,$W$11,IF(F13=$X$6,$X$11))))),""))))) | J13: NIVELES DE RIESGO
A14: R8 | B14: 0 | D14: 0 | E14: =+IF(C14=0,"",IF(C14<=$R$11,$S$11,IF(C14<=$R$10,$S$10,IF(C14<=$R$9,$S$9,IF(C14<=$R$8,$S$8,IF(C14<=$R$7,$S$7,"")))))) | F14: =+IF(D14=0,"",IF(D14<=$T$5,$T$6,IF(D14<=$U$5,$U$6,IF(D14<=$V$5,$V$6,IF(D14<=$W$5,$W$6,IF(D14<=$X$5,$X$6,"")))))) | G14: =+IF(E14=$S$7,IF(F14=$T$6,$T$7,IF(F14=$U$6,$U$7,IF(F14=$V$6,$V$7,IF(F14=$W$6,$W$7,IF(F14=$X$6,$X$7))))),IF(E14=$S$8,IF(F14=$T$6,$T$8,IF(F14=$U$6,$U$8,IF(F14=$V$6,$V$8,IF(F14=$W$6,$W$8,IF(F14=$X$6,$X$8))))),IF(E14=$S$9,IF(F14=$T$6,$T$9,IF(F14=$U$6,$U$9,IF(F14=$V$6,$V$9,IF(F14=$W$6,$W$9,IF(F14=$X$6,$X$9))))),IF(E14=$S$10,IF(F14=$T$6,$T$10,IF(F14=$U$6,$U$10,IF(F14=$V$6,$V$10,IF(F14=$W$6,$W$10,IF(F14=$X$6,$X$10))))),IF(E14=$S$11,IF(F14=$T$6,$T$11,IF(F14=$U$6,$U$11,IF(F14=$V$6,$V$11,IF(F14=$W$6,$W$11,IF(F14=$X$6,$X$11))))),""))))) | J14: Extremo
A15: R9 | B15: 0 | D15: 0 | E15: =+IF(C15=0,"",IF(C15<=$R$11,$S$11,IF(C15<=$R$10,$S$10,IF(C15<=$R$9,$S$9,IF(C15<=$R$8,$S$8,IF(C15<=$R$7,$S$7,"")))))) | F15: =+IF(D15=0,"",IF(D15<=$T$5,$T$6,IF(D15<=$U$5,$U$6,IF(D15<=$V$5,$V$6,IF(D15<=$W$5,$W$6,IF(D15<=$X$5,$X$6,"")))))) | G15: =+IF(E15=$S$7,IF(F15=$T$6,$T$7,IF(F15=$U$6,$U$7,IF(F15=$V$6,$V$7,IF(F15=$W$6,$W$7,IF(F15=$X$6,$X$7))))),IF(E15=$S$8,IF(F15=$T$6,$T$8,IF(F15=$U$6,$U$8,IF(F15=$V$6,$V$8,IF(F15=$W$6,$W$8,IF(F15=$X$6,$X$8))))),IF(E15=$S$9,IF(F15=$T$6,$T$9,IF(F15=$U$6,$U$9,IF(F15=$V$6,$V$9,IF(F15=$W$6,$W$9,IF(F15=$X$6,$X$9))))),IF(E15=$S$10,IF(F15=$T$6,$T$10,IF(F15=$U$6,$U$10,IF(F15=$V$6,$V$10,IF(F15=$W$6,$W$10,IF(F15=$X$6,$X$10))))),IF(E15=$S$11,IF(F15=$T$6,$T$11,IF(F15=$U$6,$U$11,IF(F15=$V$6,$V$11,IF(F15=$W$6,$W$11,IF(F15=$X$6,$X$11))))),""))))) | J15: Alto
A16: R10 | B16: 0 | D16: 0 | E16: =+IF(C16=0,"",IF(C16<=$R$11,$S$11,IF(C16<=$R$10,$S$10,IF(C16<=$R$9,$S$9,IF(C16<=$R$8,$S$8,IF(C16<=$R$7,$S$7,"")))))) | F16: =+IF(D16=0,"",IF(D16<=$T$5,$T$6,IF(D16<=$U$5,$U$6,IF(D16<=$V$5,$V$6,IF(D16<=$W$5,$W$6,IF(D16<=$X$5,$X$6,"")))))) | G16: =+IF(E16=$S$7,IF(F16=$T$6,$T$7,IF(F16=$U$6,$U$7,IF(F16=$V$6,$V$7,IF(F16=$W$6,$W$7,IF(F16=$X$6,$X$7))))),IF(E16=$S$8,IF(F16=$T$6,$T$8,IF(F16=$U$6,$U$8,IF(F16=$V$6,$V$8,IF(F16=$W$6,$W$8,IF(F16=$X$6,$X$8))))),IF(E16=$S$9,IF(F16=$T$6,$T$9,IF(F16=$U$6,$U$9,IF(F16=$V$6,$V$9,IF(F16=$W$6,$W$9,IF(F16=$X$6,$X$9))))),IF(E16=$S$10,IF(F16=$T$6,$T$10,IF(F16=$U$6,$U$10,IF(F16=$V$6,$V$10,IF(F16=$W$6,$W$10,IF(F16=$X$6,$X$10))))),IF(E16=$S$11,IF(F16=$T$6,$T$11,IF(F16=$U$6,$U$11,IF(F16=$V$6,$V$11,IF(F16=$W$6,$W$11,IF(F16=$X$6,$X$11))))),""))))) | J16: Moderado
A17: R11 | B17: 0 | D17: 0 | E17: =+IF(C17=0,"",IF(C17<=$R$11,$S$11,IF(C17<=$R$10,$S$10,IF(C17<=$R$9,$S$9,IF(C17<=$R$8,$S$8,IF(C17<=$R$7,$S$7,"")))))) | F17: =+IF(D17=0,"",IF(D17<=$T$5,$T$6,IF(D17<=$U$5,$U$6,IF(D17<=$V$5,$V$6,IF(D17<=$W$5,$W$6,IF(D17<=$X$5,$X$6,"")))))) | G17: =+IF(E17=$S$7,IF(F17=$T$6,$T$7,IF(F17=$U$6,$U$7,IF(F17=$V$6,$V$7,IF(F17=$W$6,$W$7,IF(F17=$X$6,$X$7))))),IF(E17=$S$8,IF(F17=$T$6,$T$8,IF(F17=$U$6,$U$8,IF(F17=$V$6,$V$8,IF(F17=$W$6,$W$8,IF(F17=$X$6,$X$8))))),IF(E17=$S$9,IF(F17=$T$6,$T$9,IF(F17=$U$6,$U$9,IF(F17=$V$6,$V$9,IF(F17=$W$6,$W$9,IF(F17=$X$6,$X$9))))),IF(E17=$S$10,IF(F17=$T$6,$T$10,IF(F17=$U$6,$U$10,IF(F17=$V$6,$V$10,IF(F17=$W$6,$W$10,IF(F17=$X$6,$X$10))))),IF(E17=$S$11,IF(F17=$T$6,$T$11,IF(F17=$U$6,$U$11,IF(F17=$V$6,$V$11,IF(F17=$W$6,$W$11,IF(F17=$X$6,$X$11))))),""))))) | J17: Bajo
A18: R12 | B18: 0 | D18: 0 | E18: =+IF(C18=0,"",IF(C18<=$R$11,$S$11,IF(C18<=$R$10,$S$10,IF(C18<=$R$9,$S$9,IF(C18<=$R$8,$S$8,IF(C18<=$R$7,$S$7,"")))))) | F18: =+IF(D18=0,"",IF(D18<=$T$5,$T$6,IF(D18<=$U$5,$U$6,IF(D18<=$V$5,$V$6,IF(D18<=$W$5,$W$6,IF(D18<=$X$5,$X$6,"")))))) | G18: =+IF(E18=$S$7,IF(F18=$T$6,$T$7,IF(F18=$U$6,$U$7,IF(F18=$V$6,$V$7,IF(F18=$W$6,$W$7,IF(F18=$X$6,$X$7))))),IF(E18=$S$8,IF(F18=$T$6,$T$8,IF(F18=$U$6,$U$8,IF(F18=$V$6,$V$8,IF(F18=$W$6,$W$8,IF(F18=$X$6,$X$8))))),IF(E18=$S$9,IF(F18=$T$6,$T$9,IF(F18=$U$6,$U$9,IF(F18=$V$6,$V$9,IF(F18=$W$6,$W$9,IF(F18=$X$6,$X$9))))),IF(E18=$S$10,IF(F18=$T$6,$T$10,IF(F18=$U$6,$U$10,IF(F18=$V$6,$V$10,IF(F18=$W$6,$W$10,IF(F18=$X$6,$X$10))))),IF(E18=$S$11,IF(F18=$T$6,$T$11,IF(F18=$U$6,$U$11,IF(F18=$V$6,$V$11,IF(F18=$W$6,$W$11,IF(F18=$X$6,$X$11))))),"")))))
A19: R13 | B19: 0 | D19: 0 | E19: =+IF(C19=0,"",IF(C19<=$R$11,$S$11,IF(C19<=$R$10,$S$10,IF(C19<=$R$9,$S$9,IF(C19<=$R$8,$S$8,IF(C19<=$R$7,$S$7,"")))))) | F19: =+IF(D19=0,"",IF(D19<=$T$5,$T$6,IF(D19<=$U$5,$U$6,IF(D19<=$V$5,$V$6,IF(D19<=$W$5,$W$6,IF(D19<=$X$5,$X$6,"")))))) | G19: =+IF(E19=$S$7,IF(F19=$T$6,$T$7,IF(F19=$U$6,$U$7,IF(F19=$V$6,$V$7,IF(F19=$W$6,$W$7,IF(F19=$X$6,$X$7))))),IF(E19=$S$8,IF(F19=$T$6,$T$8,IF(F19=$U$6,$U$8,IF(F19=$V$6,$V$8,IF(F19=$W$6,$W$8,IF(F19=$X$6,$X$8))))),IF(E19=$S$9,IF(F19=$T$6,$T$9,IF(F19=$U$6,$U$9,IF(F19=$V$6,$V$9,IF(F19=$W$6,$W$9,IF(F19=$X$6,$X$9))))),IF(E19=$S$10,IF(F19=$T$6,$T$10,IF(F19=$U$6,$U$10,IF(F19=$V$6,$V$10,IF(F19=$W$6,$W$10,IF(F19=$X$6,$X$10))))),IF(E19=$S$11,IF(F19=$T$6,$T$11,IF(F19=$U$6,$U$11,IF(F19=$V$6,$V$11,IF(F19=$W$6,$W$11,IF(F19=$X$6,$X$11))))),"")))))
A20: R14 | B20: 0 | D20: 0 | E20: =+IF(C20=0,"",IF(C20<=$R$11,$S$11,IF(C20<=$R$10,$S$10,IF(C20<=$R$9,$S$9,IF(C20<=$R$8,$S$8,IF(C20<=$R$7,$S$7,"")))))) | F20: =+IF(D20=0,"",IF(D20<=$T$5,$T$6,IF(D20<=$U$5,$U$6,IF(D20<=$V$5,$V$6,IF(D20<=$W$5,$W$6,IF(D20<=$X$5,$X$6,"")))))) | G20: =+IF(E20=$S$7,IF(F20=$T$6,$T$7,IF(F20=$U$6,$U$7,IF(F20=$V$6,$V$7,IF(F20=$W$6,$W$7,IF(F20=$X$6,$X$7))))),IF(E20=$S$8,IF(F20=$T$6,$T$8,IF(F20=$U$6,$U$8,IF(F20=$V$6,$V$8,IF(F20=$W$6,$W$8,IF(F20=$X$6,$X$8))))),IF(E20=$S$9,IF(F20=$T$6,$T$9,IF(F20=$U$6,$U$9,IF(F20=$V$6,$V$9,IF(F20=$W$6,$W$9,IF(F20=$X$6,$X$9))))),IF(E20=$S$10,IF(F20=$T$6,$T$10,IF(F20=$U$6,$U$10,IF(F20=$V$6,$V$10,IF(F20=$W$6,$W$10,IF(F20=$X$6,$X$10))))),IF(E20=$S$11,IF(F20=$T$6,$T$11,IF(F20=$U$6,$U$11,IF(F20=$V$6,$V$11,IF(F20=$W$6,$W$11,IF(F20=$X$6,$X$11))))),"")))))
A21: R15 | B21: 0 | D21: 0 | E21: =+IF(C21=0,"",IF(C21<=$R$11,$S$11,IF(C21<=$R$10,$S$10,IF(C21<=$R$9,$S$9,IF(C21<=$R$8,$S$8,IF(C21<=$R$7,$S$7,"")))))) | F21: =+IF(D21=0,"",IF(D21<=$T$5,$T$6,IF(D21<=$U$5,$U$6,IF(D21<=$V$5,$V$6,IF(D21<=$W$5,$W$6,IF(D21<=$X$5,$X$6,"")))))) | G21: =+IF(E21=$S$7,IF(F21=$T$6,$T$7,IF(F21=$U$6,$U$7,IF(F21=$V$6,$V$7,IF(F21=$W$6,$W$7,IF(F21=$X$6,$X$7))))),IF(E21=$S$8,IF(F21=$T$6,$T$8,IF(F21=$U$6,$U$8,IF(F21=$V$6,$V$8,IF(F21=$W$6,$W$8,IF(F21=$X$6,$X$8))))),IF(E21=$S$9,IF(F21=$T$6,$T$9,IF(F21=$U$6,$U$9,IF(F21=$V$6,$V$9,IF(F21=$W$6,$W$9,IF(F21=$X$6,$X$9))))),IF(E21=$S$10,IF(F21=$T$6,$T$10,IF(F21=$U$6,$U$10,IF(F21=$V$6,$V$10,IF(F21=$W$6,$W$10,IF(F21=$X$6,$X$10))))),IF(E21=$S$11,IF(F21=$T$6,$T$11,IF(F21=$U$6,$U$11,IF(F21=$V$6,$V$11,IF(F21=$W$6,$W$11,IF(F21=$X$6,$X$11))))),"")))))
A22: R16 | B22: 0 | D22: 0 | E22: =+IF(C22=0,"",IF(C22<=$R$11,$S$11,IF(C22<=$R$10,$S$10,IF(C22<=$R$9,$S$9,IF(C22<=$R$8,$S$8,IF(C22<=$R$7,$S$7,"")))))) | F22: =+IF(D22=0,"",IF(D22<=$T$5,$T$6,IF(D22<=$U$5,$U$6,IF(D22<=$V$5,$V$6,IF(D22<=$W$5,$W$6,IF(D22<=$X$5,$X$6,"")))))) | G22: =+IF(E22=$S$7,IF(F22=$T$6,$T$7,IF(F22=$U$6,$U$7,IF(F22=$V$6,$V$7,IF(F22=$W$6,$W$7,IF(F22=$X$6,$X$7))))),IF(E22=$S$8,IF(F22=$T$6,$T$8,IF(F22=$U$6,$U$8,IF(F22=$V$6,$V$8,IF(F22=$W$6,$W$8,IF(F22=$X$6,$X$8))))),IF(E22=$S$9,IF(F22=$T$6,$T$9,IF(F22=$U$6,$U$9,IF(F22=$V$6,$V$9,IF(F22=$W$6,$W$9,IF(F22=$X$6,$X$9))))),IF(E22=$S$10,IF(F22=$T$6,$T$10,IF(F22=$U$6,$U$10,IF(F22=$V$6,$V$10,IF(F22=$W$6,$W$10,IF(F22=$X$6,$X$10))))),IF(E22=$S$11,IF(F22=$T$6,$T$11,IF(F22=$U$6,$U$11,IF(F22=$V$6,$V$11,IF(F22=$W$6,$W$11,IF(F22=$X$6,$X$11))))),"")))))
A23: R17 | B23: 0 | D23: 0 | E23: =+IF(C23=0,"",IF(C23<=$R$11,$S$11,IF(C23<=$R$10,$S$10,IF(C23<=$R$9,$S$9,IF(C23<=$R$8,$S$8,IF(C23<=$R$7,$S$7,"")))))) | F23: =+IF(D23=0,"",IF(D23<=$T$5,$T$6,IF(D23<=$U$5,$U$6,IF(D23<=$V$5,$V$6,IF(D23<=$W$5,$W$6,IF(D23<=$X$5,$X$6,"")))))) | G23: =+IF(E23=$S$7,IF(F23=$T$6,$T$7,IF(F23=$U$6,$U$7,IF(F23=$V$6,$V$7,IF(F23=$W$6,$W$7,IF(F23=$X$6,$X$7))))),IF(E23=$S$8,IF(F23=$T$6,$T$8,IF(F23=$U$6,$U$8,IF(F23=$V$6,$V$8,IF(F23=$W$6,$W$8,IF(F23=$X$6,$X$8))))),IF(E23=$S$9,IF(F23=$T$6,$T$9,IF(F23=$U$6,$U$9,IF(F23=$V$6,$V$9,IF(F23=$W$6,$W$9,IF(F23=$X$6,$X$9))))),IF(E23=$S$10,IF(F23=$T$6,$T$10,IF(F23=$U$6,$U$10,IF(F23=$V$6,$V$10,IF(F23=$W$6,$W$10,IF(F23=$X$6,$X$10))))),IF(E23=$S$11,IF(F23=$T$6,$T$11,IF(F23=$U$6,$U$11,IF(F23=$V$6,$V$11,IF(F23=$W$6,$W$11,IF(F23=$X$6,$X$11))))),"")))))
A24: R18 | B24: 0 | D24: 0 | E24: =+IF(C24=0,"",IF(C24<=$R$11,$S$11,IF(C24<=$R$10,$S$10,IF(C24<=$R$9,$S$9,IF(C24<=$R$8,$S$8,IF(C24<=$R$7,$S$7,"")))))) | F24: =+IF(D24=0,"",IF(D24<=$T$5,$T$6,IF(D24<=$U$5,$U$6,IF(D24<=$V$5,$V$6,IF(D24<=$W$5,$W$6,IF(D24<=$X$5,$X$6,"")))))) | G24: =+IF(E24=$S$7,IF(F24=$T$6,$T$7,IF(F24=$U$6,$U$7,IF(F24=$V$6,$V$7,IF(F24=$W$6,$W$7,IF(F24=$X$6,$X$7))))),IF(E24=$S$8,IF(F24=$T$6,$T$8,IF(F24=$U$6,$U$8,IF(F24=$V$6,$V$8,IF(F24=$W$6,$W$8,IF(F24=$X$6,$X$8))))),IF(E24=$S$9,IF(F24=$T$6,$T$9,IF(F24=$U$6,$U$9,IF(F24=$V$6,$V$9,IF(F24=$W$6,$W$9,IF(F24=$X$6,$X$9))))),IF(E24=$S$10,IF(F24=$T$6,$T$10,IF(F24=$U$6,$U$10,IF(F24=$V$6,$V$10,IF(F24=$W$6,$W$10,IF(F24=$X$6,$X$10))))),IF(E24=$S$11,IF(F24=$T$6,$T$11,IF(F24=$U$6,$U$11,IF(F24=$V$6,$V$11,IF(F24=$W$6,$W$11,IF(F24=$X$6,$X$11))))),"")))))
A25: R19 | B25: 0 | D25: 0 | E25: =+IF(C25=0,"",IF(C25<=$R$11,$S$11,IF(C25<=$R$10,$S$10,IF(C25<=$R$9,$S$9,IF(C25<=$R$8,$S$8,IF(C25<=$R$7,$S$7,"")))))) | F25: =+IF(D25=0,"",IF(D25<=$T$5,$T$6,IF(D25<=$U$5,$U$6,IF(D25<=$V$5,$V$6,IF(D25<=$W$5,$W$6,IF(D25<=$X$5,$X$6,"")))))) | G25: =+IF(E25=$S$7,IF(F25=$T$6,$T$7,IF(F25=$U$6,$U$7,IF(F25=$V$6,$V$7,IF(F25=$W$6,$W$7,IF(F25=$X$6,$X$7))))),IF(E25=$S$8,IF(F25=$T$6,$T$8,IF(F25=$U$6,$U$8,IF(F25=$V$6,$V$8,IF(F25=$W$6,$W$8,IF(F25=$X$6,$X$8))))),IF(E25=$S$9,IF(F25=$T$6,$T$9,IF(F25=$U$6,$U$9,IF(F25=$V$6,$V$9,IF(F25=$W$6,$W$9,IF(F25=$X$6,$X$9))))),IF(E25=$S$10,IF(F25=$T$6,$T$10,IF(F25=$U$6,$U$10,IF(F25=$V$6,$V$10,IF(F25=$W$6,$W$10,IF(F25=$X$6,$X$10))))),IF(E25=$S$11,IF(F25=$T$6,$T$11,IF(F25=$U$6,$U$11,IF(F25=$V$6,$V$11,IF(F25=$W$6,$W$11,IF(F25=$X$6,$X$11))))),"")))))
A26: R20 | B26: 0 | D26: 0 | E26: =+IF(C26=0,"",IF(C26<=$R$11,$S$11,IF(C26<=$R$10,$S$10,IF(C26<=$R$9,$S$9,IF(C26<=$R$8,$S$8,IF(C26<=$R$7,$S$7,"")))))) | F26: =+IF(D26=0,"",IF(D26<=$T$5,$T$6,IF(D26<=$U$5,$U$6,IF(D26<=$V$5,$V$6,IF(D26<=$W$5,$W$6,IF(D26<=$X$5,$X$6,"")))))) | G26: =+IF(E26=$S$7,IF(F26=$T$6,$T$7,IF(F26=$U$6,$U$7,IF(F26=$V$6,$V$7,IF(F26=$W$6,$W$7,IF(F26=$X$6,$X$7))))),IF(E26=$S$8,IF(F26=$T$6,$T$8,IF(F26=$U$6,$U$8,IF(F26=$V$6,$V$8,IF(F26=$W$6,$W$8,IF(F26=$X$6,$X$8))))),IF(E26=$S$9,IF(F26=$T$6,$T$9,IF(F26=$U$6,$U$9,IF(F26=$V$6,$V$9,IF(F26=$W$6,$W$9,IF(F26=$X$6,$X$9))))),IF(E26=$S$10,IF(F26=$T$6,$T$10,IF(F26=$U$6,$U$10,IF(F26=$V$6,$V$10,IF(F26=$W$6,$W$10,IF(F26=$X$6,$X$10))))),IF(E26=$S$11,IF(F26=$T$6,$T$11,IF(F26=$U$6,$U$11,IF(F26=$V$6,$V$11,IF(F26=$W$6,$W$11,IF(F26=$X$6,$X$11))))),"")))))

Sheet 3.MAPA CALOR INHEREN Y RESIDUAL
A2: MAPA DE CALOR INHERENTE Y RESIDUAL
A3: PROCESO: | B3: ='2. MATRIZ DE RIESGOS'!D6 -> Gestión del Talento Humano
A5: MAPA DE CALOR RIESGO INHERENTE | I5: MAPA DE CALOR RIESGO RESIDUAL | T5: Impacto
C6: Impacto | K6: Impacto | T6: 0.2 | U6: 0.4 | V6: 0.6 | W6: 0.8 | X6: 1
C7: Leve | D7: Menor | E7: Moderado | F7: Mayor | G7: Catastrófico | K7: Leve | L7: Menor | M7: Moderado | N7: Mayor | O7: Catastrófico | T7: Leve | U7: Menor | V7: Moderado | W7: Mayor | X7: Catastrófico
A8: Probabilidad | B8: Muy Alta | C8: =+'MAPA CALOR INHERENTE'!I7 | D8: =+'MAPA CALOR INHERENTE'!J7 | E8: =+'MAPA CALOR INHERENTE'!K7 | F8: =+'MAPA CALOR INHERENTE'!L7 | G8: =+'MAPA CALOR INHERENTE'!M7 | I8: Probabilidad | J8: Muy Alta | K8: =+'MAPA CALOR RESIDUAL'!K7 | L8: =+'MAPA CALOR RESIDUAL'!L7 | M8: =+'MAPA CALOR RESIDUAL'!M7 | N8: =+'MAPA CALOR RESIDUAL'!N7 | O8: =+'MAPA CALOR RESIDUAL'!O7 | Q8: Probabilidad | R8: 1 | S8: Muy Alta | T8: Alto | U8: Alto | V8: Alto | W8: Alto | X8: Extremo
B9: Alta | C9: =+'MAPA CALOR INHERENTE'!I8 | D9: =+'MAPA CALOR INHERENTE'!J8 -> GH9 | E9: =+'MAPA CALOR INHERENTE'!K8 | F9: =+'MAPA CALOR INHERENTE'!L8 -> GH12 | G9: =+'MAPA CALOR INHERENTE'!M8 -> GH10 | J9: Alta | K9: =+'MAPA CALOR RESIDUAL'!K8 | L9: =+'MAPA CALOR RESIDUAL'!L8 | M9: ='MAPA CALOR RESIDUAL'!M8 | N9: =+'MAPA CALOR RESIDUAL'!N8 | O9: =+'MAPA CALOR RESIDUAL'!O8 | R9: 0.8 | S9: Alta | T9: Moderado | U9: Moderado | V9: Alto | W9: Alto | X9: Extremo
B10: Media | C10: =+'MAPA CALOR INHERENTE'!I9 | D10: =+'MAPA CALOR INHERENTE'!J9 | E10: =+'MAPA CALOR INHERENTE'!K9 | F10: =+'MAPA CALOR INHERENTE'!L9 -> GH8 | G10: =+'MAPA CALOR INHERENTE'!M9 -> GH11 | J10: Media | K10: =+'MAPA CALOR RESIDUAL'!K9 | L10: =+'MAPA CALOR RESIDUAL'!L9 | M10: =+'MAPA CALOR RESIDUAL'!M9 | N10: =+'MAPA CALOR RESIDUAL'!N9 | O10: =+'MAPA CALOR RESIDUAL'!O9 | R10: 0.6 | S10: Media | T10: Moderado | U10: Moderado | V10: Moderado | W10: Alto | X10: Extremo
B11: Baja | D11: =+'MAPA CALOR INHERENTE'!J10 | E11: =+'MAPA CALOR INHERENTE'!K10 | F11: =+'MAPA CALOR INHERENTE'!L10 -> GH13 | G11: =+'MAPA CALOR INHERENTE'!M10 | J11: Baja | K11: =+'MAPA CALOR RESIDUAL'!K10 | L11: =+'MAPA CALOR RESIDUAL'!L10 | M11: =+'MAPA CALOR RESIDUAL'!M10 -> GH8 | N11: ='MAPA CALOR RESIDUAL'!N10 | O11: =+'MAPA CALOR RESIDUAL'!O10 | R11: 0.4 | S11: Baja | T11: Bajo | U11: Moderado | V11: Moderado | W11: Alto | X11: Extremo
B12: Muy Baja | C12: =+'MAPA CALOR INHERENTE'!I11 | D12: =+'MAPA CALOR INHERENTE'!J11 | E12: =+'MAPA CALOR INHERENTE'!K11 | F12: =+'MAPA CALOR INHERENTE'!L11 | G12: =+'MAPA CALOR INHERENTE'!M11 | J12: Muy Baja | K12: =+'MAPA CALOR RESIDUAL'!K11 | L12: =+'MAPA CALOR RESIDUAL'!L11 -> GH9 | M12: =+'MAPA CALOR RESIDUAL'!M11 -> GH10 GH12 GH13 | N12: =+'MAPA CALOR RESIDUAL'!N11 -> GH11 | O12: =+'MAPA CALOR RESIDUAL'!O11 | R12: 0.2 | S12: Muy Baja | T12: Bajo | U12: Bajo | V12: Moderado | W12: Alto | X12: Extremo
T14: NIVELES DE RIESGO
T15: Extremo
T16: Alto
T17: Moderado
T18: Bajo

Sheet 4. PEFIL RIESGO DEL PROCESO
A2: PERFIL DE RIESGO DEL PROCESO
A4: PROCESO: | B4: ='2. MATRIZ DE RIESGOS'!D6 -> Gestión del Talento Humano
A5: RIESGO INHERENTE Y RESIDUAL DEL PROCESO
A7: Explicaciones Para realizar la ponderación de Riesgos. 1. Si en la sumatoria de los riesgos los Extremos representan mas o igual al 20% de los Riesgos, la calificación del Proceso será EXTREMO.
A8: 2. Si en la sumatoria de los riesgos Extermos y altos representan mas o igual al 30% de los Riesgos Calificados, y menos del 20% de los Riesgos Extremos la calificación del Proceso será ALTO.
A9: 3. Si en la sumatoria de los riesgos Extremos, altos y moderados representan mas o igual al 40% de los Riesgos Calificados, y menos del 30% de los Riesgos Extremos y Altos, y Menos del 20% de los Riesgos Extremos, la calificación del Proceso será MODERADO.
A10: 4. Si en la sumatoria de los riesgos Extremos, altos, moderados y bajos representan mas o igual al 50% de los Riesgos Calificados, y menos del 40% de los riesgos Extremos, altos y moderados, y menos del 30% de los riesgos calificados en Extremos y Altos, y menos del 20% de los riesgos Extremos, la calificación del proceso sera BAJO. Nota: Adapatado de Instituto de Auditores Internos COSO ERM Agosto 2014
B12: RIESGO INHERENTE DEL PROCESO | D12: RIESGO RESIDUAL DEL PROCESO | G12: NIVELES DE RIESGO
A13: Sumatoria de riesgos Extremos | B13: =+COUNTIF('MAPA CALOR INHERENTE'!$E$6:$E$26,'4. PEFIL RIESGO DEL PROCESO'!G13) -> 2 | C13: =+B13/$B$17 -> 0.33333333 | D13: =+COUNTIF('MAPA CALOR RESIDUAL'!$G$7:$G$26,'4. PEFIL RIESGO DEL PROCESO'!G13) -> 0 | E13: =+D13/$D$17 -> 0 | G13: Extremo
A14: Sumatoria de riesgos altos | B14: =+COUNTIF('MAPA CALOR INHERENTE'!$E$6:$E$26,'4. PEFIL RIESGO DEL PROCESO'!G14) -> 3 | C14: =+B14/$B$17 -> 0.5 | D14: =+COUNTIF('MAPA CALOR RESIDUAL'!$G$7:$G$26,'4. PEFIL RIESGO DEL PROCESO'!G14) -> 1 | E14: =+D14/$D$17 -> 0.16666667 | G14: Alto
